Workbook
Name Dimensión: [1]Datos!$B$11:$B$15
Name Dimensión: [1]Datos!$B$11:$B$15
Name Dimensión: Datos!$B$11:$B$15
Name Iniciativas_Objetivo1: [1]!Tabla6[Iniciativas_Objetivo1]
Name Iniciativas_Objetivo1: [1]!Tabla6[Iniciativas_Objetivo1]
Name Iniciativas_Objetivo1: Tabla6[Iniciativas_Objetivo1]
Name Iniciativas_Objetivo10: Datos!$M$11:$M$11
Name Iniciativas_Objetivo11: Datos!$N$11:$N$11
Name Iniciativas_Objetivo12: Datos!$O$11:$O$12
Name Iniciativas_Objetivo13: Datos!$P$11:$P$11
Name Iniciativas_Objetivo2: [1]!Tabla7[Iniciativas_Objetivo2]
Name Iniciativas_Objetivo2: [1]!Tabla7[Iniciativas_Objetivo2]
Name Iniciativas_Objetivo2: Tabla7[Iniciativas_Objetivo2]
Name Iniciativas_Objetivo3: [1]!Tabla3[Iniciativas_Objetivo3]
Name Iniciativas_Objetivo3: [1]!Tabla3[Iniciativas_Objetivo3]
Name Iniciativas_Objetivo3: Tabla3[Iniciativas_Objetivo3]
Name Iniciativas_Objetivo4: [1]!Tabla4[Iniciativas_Objetivo4]
Name Iniciativas_Objetivo4: [1]!Tabla4[Iniciativas_Objetivo4]
Name Iniciativas_Objetivo4: Tabla4[Iniciativas_Objetivo4]
Name Iniciativas_Objetivo5: [1]!Tabla5[Iniciativas_Objetivo5]
Name Iniciativas_Objetivo5: [1]!Tabla5[Iniciativas_Objetivo5]
Name Iniciativas_Objetivo5: Tabla5[Iniciativas_Objetivo5]
Name Iniciativas_Objetivo6: Datos!$I$11:$I$12
Name Iniciativas_Objetivo7: Datos!$J$11:$J$11
Name Iniciativas_Objetivo8: Datos!$K$11:$K$13
Name Iniciativas_Objetivo9: Datos!$L$11:$L$14
Name Objetivos_Estratégicos: [1]Datos!$C$11:$C$23
Name Objetivos_Estratégicos: [1]Datos!$C$11:$C$23
Name Objetivos_Estratégicos: Datos!$C$11:$C$23

Sheet Instructivo
D1: FORMATO MEDICIÓN DE PLAN DE ACCIÓN INSTITUCIONAL PROCESO GOBIERNO Y GESTIÓN DE LA ESTRATEGIA MACROPROCESO DIRECCIONAMIENTO ESTRATÉGICO | K1: Código: F-DE2-301 Versión No.: 04 Vigencia desde: 06– 10- 2023
A4: INSTRUCTIVO MEDICIÓN DE PLAN DE ACCIÓN INSTITUCIONAL (PAI)
A6: Pestaña "PAI"
A8: Campo | C8: Conceptualización o explicación del campo | K8: Instrucción de diligenciamiento
A9: Dimensión | C9: Las dimensiones del plan de acción corresponden a categorías estratégicas necesarias para el funcionamiento de la estrategia y modelo de operación de SAE para lograr un equilibrio entre los objetivos estratégicos de esta. Estas dimensiones parten de las perspectivas del Balanced Scorecard (BSC) o Cuadro de Mando Integral, herramienta aplicada en entidades públicas, empresas mixtas y privadas para medir su estrategia. Las dimensiones que se contemplan y adoptan en el PAI de la SAE corresponden a: Dimensión productiva, social y ambiental: dimensión creada por la SAE para exaltar sus objetivos estratégicos y compromiso en los ámbitos productivos, sociales y ambientales asociados a su misionalidad y que contribuyen al cumplimiento del Plan Nacional de Desarrollo, al desarrollo territorial de Colombia y a la Paz Total. Esta dimensión favorece a población constitucionalmente protegida, organizaciones sociales y populares (Campesinas y urbanas), cooperativas, asociaciones y organizaciones comunales (ambientales y de mujeres), sujetos de reforma agraria, entre otros grupos de interés priorizados por la SAE. Algunas temáticas que se contemplan en esta dimensión se asocian a la justicia social; la contribución a la reforma agraria; al desarrollo territorial; a la implementación de proyectos estratégicos con enfoque productivo, social y ambiental que permitan la creación de valor; a garantizar la inclusión de comunidades, organizaciones sociales y economías populares en condición de vulnerabilidad en los mecanismos de administración existentes; entre otros. Dimensión financiera: dimensión que contempla todos los objetivos estratégicos relacionados con el comportamiento financiero de SAE y que son objeto de interés de las entidades que reciben transferencias monetarias, la Junta Directiva de SAE, MinHacienda y de SAE como sociedad. Esta dimensión abarca temáticas como son los ingresos, fuentes de financiación, gastos, ahorros, rentabilidad, rendimientos financieros, utilidades, y en general todas los aspectos asociados al aspecto económico, financiero y presupuestal de SAE. Dimensión de grupos de interés: dimensión que considera los objetivos estratégicos que pretenden fortalecer la relación que tiene SAE con sus grupos de interés internos y externos, y satisfacer sus necesidades a partir de los servicios que presta en el marco de su misionalidad. En esta dimensión se contemplan temáticas como cobertura del servicio, accesibilidad, posicionamiento de marca, calidad y oportunidad del servicio, transparencia, valor público, nivel de satisfacción del cliente, entre otros factores que miden el relacionamiento con los grupos de interés. Dimensión de procesos: dimensión que aborda los objetivos estratégicos asociados al adecuado funcionamiento y mejora del modelo operacional por procesos de SAE en su nivel estratégico, misional, de apoyo y/o de seguimiento y evaluación. Abordar esta dimensión contribuye a la productividad de SAE y satisfacer partes interesadas como son la Junta Directiva, proveedores, clientes externos, entes de control y otros grupos de interés que reciben los servicios de SAE. Algunas temáticas que se pueden abordar desde esta dimensión corresponden a la medición de la eficiencia operacional, la automatización de los procesos, el fortalecimiento de procesos, procesos de innovación, desarrollo de nuevos servicios, la implementación de los sistemas integrados de gestión, tecnología, entre otros. Dimensión de aprendizaje y crecimiento: dimensión que incluye los objetivos estratégicos relacionados con el talento humano de SAE y las condiciones que brinda la entidad para su permanencia, crecimiento, desarrollo y bienestar, teniendo en cuenta que son el corazón y la base para ejecutar la estrategia y modelo operacional de SAE. Algunas temáticas que se contemplan en esta dimensión pueden estar asociadas a las competencias del talento humano, al ambiente laboral, la gestión del conocimiento, al desarrollo profesional, a la retención del talento humano, procesos de aprendizaje, entre otros. | K9: Este campo es netamente informativo y se diligencia al momento de la formulación del Plan de Acción Institucional en el formato F-DE2-118 Formato Plan de acción. Este campo no es objeto de modificación al realizar el seguimiento al plan de acción, por lo que si desea modificar su contenido deberá solicitarlo a la Oficina Asesora de Planeación en el campo de observaciones junto con la justificación del cambio.
A11: Objetivos estratégicos | C11: Corresponden a los propósitos o fines que SAE establece en el corto y mediano plazo, en el marco de su visión, misión y estrategia operacional. Estos objetivos se establecen por cada una de las dimensiones estratégicas y deben ser diseñados contemplando que éstos puedan ser medidos, que sean específicos, adecuados, realistas y oportunos de acuerdo con la metodología SMART (George T.Doran). Estos objetivos estratégicos corresponden a los establecidos en el plan estratégico institucional cuatrienal establecido al interior de la entidad. | K11: Este campo es netamente informativo y se diligencia al momento de la formulación del Plan de Acción Institucional en el formato F-DE2-118 Formato Plan de acción. Este campo no es objeto de modificación al realizar el seguimiento al plan de acción, por lo que si desea modificar su contenido deberá solicitarlo a la Oficina Asesora de Planeación en el campo de observaciones junto con la justificación del cambio.
A12: Iniciativas | C12: Corresponden a las tácticas o acciones de nivel táctico que permiten desarrollar y desagregar la estrategia u objetivos estratégicos en metas más pequeñas que permitan su ejecución en el corto plazo. Estas iniciativas o tácticas agrupan una o más actividades de nivel operativo relacionadas, que garantizan el cumplimiento de los objetivos y metas estratégicas de SAE. | K12: Este campo es netamente informativo y se diligencia al momento de la formulación del Plan de Acción Institucional en el formato F-DE2-118 Formato Plan de acción. Este campo no es objeto de modificación al realizar el seguimiento al plan de acción, por lo que si desea modificar su contenido deberá solicitarlo a la Oficina Asesora de Planeación en el campo de observaciones junto con la justificación del cambio.
A13: Acciones | C13: Corresponden a las actividades a realizar en la vigencia por parte de las áreas de SAE a fin de dar cumplimiento a las iniciativas y objetivos estratégicos que conforman la estrategia de SAE para cada periodo de administración. | K13: Este campo es netamente informativo y se diligencia al momento de la formulación del Plan de Acción Institucional en el formato F-DE2-118 Formato Plan de acción. Este campo no es objeto de modificación al realizar el seguimiento al plan de acción, por lo que si desea modificar su contenido deberá solicitarlo a la Oficina Asesora de Planeación en el campo de observaciones junto con la justificación del cambio.
A14: Macroproceso | C14: Es un conjunto de procesos que se relacionan entresí y que contribuyen a un objetivo común en el marco del modelo operacional de SAE. Estos se encuentran determinados dentro de la arquitectura empresarial de SAE y se enlistan en el PAI a fin de asociar las actividades que contribuyen a su objetivo e identificar con mayor facilidad los indicadores que contribuyen a medir el desempeño de dicho macroproceso. | K14: Este campo es netamente informativo y se diligencia al momento de la formulación del Plan de Acción Institucional en el formato F-DE2-118 Formato Plan de acción. Este campo no es objeto de modificación al realizar el seguimiento al plan de acción, por lo que si desea modificar su contenido deberá solicitarlo a la Oficina Asesora de Planeación en el campo de observaciones junto con la justificación del cambio.
A15: Proceso | C15: Responde a un conjunto de actividades de nivel táctico o procedimientos que secuencialmente se interrelacionan para transformar las entradas de un proceso en resultados o salidas, cumplimiendo el objetivo de cada proceso dentro del modelo de operación de procesos de SAE. Estos se encuentran determinados dentro de la arquitectura empresarial de SAE y se enlistan en el PAI a fin de asociar las actividades que contribuyen a su objetivo e identificar con mayor facilidad los indicadores que contribuyen a medir el desempeño de dicho proceso. | K15: Este campo es netamente informativo y se diligencia al momento de la formulación del Plan de Acción Institucional en el formato F-DE2-118 Formato Plan de acción. Este campo no es objeto de modificación al realizar el seguimiento al plan de acción, por lo que si desea modificar su contenido deberá solicitarlo a la Oficina Asesora de Planeación en el campo de observaciones junto con la justificación del cambio.
A16: Área responsable de la ejecución | C16: Pertenece al área que ejecuta cada actividad o acción establecida en el Plan de Acción Institucional. | K16: Este campo es netamente informativo y se diligencia al momento de la formulación del Plan de Acción Institucional en el formato F-DE2-118 Formato Plan de acción. Este campo no es objeto de modificación al realizar el seguimiento al plan de acción, por lo que si desea modificar su contenido deberá solicitarlo a la Oficina Asesora de Planeación en el campo de observaciones junto con la justificación del cambio.
A17: ¿Se toma en cuenta para la evaluación de desempeño? | C17: Es un criterio establecido por SAE para determinar cuáles indicadores se tienen en cuenta para evaluar el desempeño o rendimiento de las áreas en función de las actividades desarrolladas en la vigencia. | K17: Este campo es netamente informativo y se diligencia al momento de la formulación del Plan de Acción Institucional en el formato F-DE2-118 Formato Plan de acción. Este campo no es objeto de modificación al realizar el seguimiento al plan de acción, por lo que si desea modificar su contenido deberá solicitarlo a la Oficina Asesora de Planeación en el campo de observaciones junto con la justificación del cambio.
A18: Nombre del indicador | C18: Es el título o denominación corta y sencilla que permite identificar el objetivo de medición del indicador. Este debe estar correlacionado con la actividad que se realiza en la vigencia y que se desea medir. | K18: Este campo es netamente informativo y se diligencia al momento de la formulación del Plan de Acción Institucional en el formato F-DE2-118 Formato Plan de acción. Este campo no es objeto de modificación al realizar el seguimiento al plan de acción, por lo que si desea modificar su contenido deberá solicitarlo a la Oficina Asesora de Planeación en el campo de observaciones junto con la justificación del cambio.
A19: Clasificación por ubicación en la cadena de valor público | C19: Corresponde a la clasificación de los indicadores dependiendo de su ubicación en la cadena de valor público. Dentro de esta cadena se contemplan los insumos, los procesos, los productos, los resultados y los impactos que se generan de la prestación de un servicio o generación de productos en el sector público. En el marco de esta cadena de valor público y teniendo en cuenta la clasificación adoptada por el DANE y recogida en la metodología de la Guía para la construcción y análisis de Indicadores de Gestión - Versión 4 del DAFP, se tiene que: * Gestión: cuantifica los recursos físicos, humanos y financieros utilizados en el desarrollo de los procesos mientras mide la cantidad de acciones, procesos, procedimientos y/u operaciones realizadas durante la etapa de implementación. Esta clasificación abarca los insumos y los procesos de la cadena de valor público. • Producto: cuantifica los productos y servicios realizados por cada área. Este indicador abarca la etapa de productos de la cadena de valor. • Efecto: mide los cambios obtenidos en el bienestar de la población objetivo como consecuencia de manera directa o indirecta de la entrega de los productos y/o servicios. Esta clasificación contempla las etapas de resultados o efectos, e impactos de la cadena de valor. | K19: Este campo es netamente informativo y se diligencia al momento de la formulación del Plan de Acción Institucional en el formato F-DE2-118 Formato Plan de acción. Este campo no es objeto de modificación al realizar el seguimiento al plan de acción, por lo que si desea modificar su contenido deberá solicitarlo a la Oficina Asesora de Planeación en el campo de observaciones junto con la justificación del cambio.
A20: Tipo de indicador | C20: Corresponde a la categorización de los indicadores de acuerdo con su naturaleza. Para la estructuración del PAI, la SAE emplea las siguientes tipologías o tipos de indicadores: * Indicadores de calidad: indicadores que buscan medir aspectos relacionados con la capacidad de SAE para atender a las necesidades y demandas de sus usuarios bajo preceptos de rápidez e inmediatez a la hora de prestar sus bienes o servicios. La SAE enfoca la medición de estos indicadores hacia aspectos como la oportunidad y la percepción de satisfacción de los usuarios. * Indicadores de economía: indicadores que permiten medir la capacidad de SAE para gestionar los recursos disponibles de la forma más conveniente y adecuada. El enfoque de SAE frente a este tipo de indicadores va asociado a la medición del desempeño presupuestal, los posibles ahorros asociados a las actividades del plan de acción, medición de utilidades, ingresos económicos, rendimientos financieros, valor público y rentabilidad social. * Indicadores de eficacia: indicadores que buscan determinar el cumplimiento de un objetivo o una actividad de acuerdo con la meta establecida. Al interior de SAE los indicadores de eficacia se enfocan principalmente en la medición de factores claves de éxito, puntos críticos, factores de mejora y resultados estratégicos. | K20: Este campo es netamente informativo y se diligencia al momento de la formulación del Plan de Acción Institucional en el formato F-DE2-118 Formato Plan de acción. Este campo no es objeto de modificación al realizar el seguimiento al plan de acción, por lo que si desea modificar su contenido deberá solicitarlo a la Oficina Asesora de Planeación en el campo de observaciones junto con la justificación del cambio.
... A32: Observaciones | C32: Es el espacio contemplado para establecer acciones de mejora en los casos que el cumplimiento del indicador a corte del trimestre evaluado sea inferior al 70%, es decir, su rendimiento de resultados en función del tiempo no es óptimo. También se considera un espacio para realizar solicitudes de modificación o eliminación de indicadores, junto con su justificación y propuesta, en caso de ser necesario. Estos insumos son socializados al Comité Directivo a fin de que conozcan las razones de indicadores con bajo desempeño y validar y aprobar solicitudes de cambios al Plan de Acción Institucional. | K32: Si el indicador a corte del trimestre evaluado (Columna S) presenta un cumplimiento menor al 70% indique las actividades que se realizarán para cumplir la meta establecida y mejorar el desempeño del indicador. Adicionalmente y en caso de identificar necesidades de modificación o eliminación al indicador, por favor registre la solicitud en este espacio, junto con la respectiva justificación y propuesta en caso de ser necesario.
A35: Pestaña "Datos"
A37: Esta pestaña es de uso exclusivo de la Oficina Asesora de Planeación para parametrizar los datos asociados a la medición y seguimiento del Plan de Acción Institucional

Sheet PAI
C1: FORMATO MEDICIÓN PLAN DE ACCIÓN INSTITUCIONAL PROCESO GOBIERNO Y GESTIÓN DE LA ESTRATEGIA MACROPROCESO DIRECCIONAMIENTO ESTRATÉGICO | O1: Código: F-DE2-301 Versión No.: 04 Vigencia desde: 06 – 10- 2023
A4: MEDICIÓN PLAN DE ACCIÓN INSTITUCIONAL (PAI) 2023 SOCIEDAD DE ACTIVOS ESPECIALES S.A.S.
A6: Alineación estratégica y táctica | D6: Alineación Operativa | G6: Información del área que ejecuta la acción | I6: Nombre del indicador | J6: Clasificación de indicadores | M6: Información complementaria del indicador | Q6: Seguimiento cuantitativo del indicador | T6: Alerta de desempeño al corte evaluado | V6: Análisis cualitativo del indicador
A7: Dimensión | B7: Objetivos estratégicos | C7: Iniciativas | D7: Acciones | E7: Macroproceso | F7: Proceso | G7: Área responsable de la ejecución | H7: ¿Se toma en cuenta para la evaluación de desempeño? | I7: Nombre del indicador | J7: Clasificación por ubicación en la cadena de valor público | K7: Tipo de indicador | L7: Comportamiento del indicador | M7: Fórmula para medir el indicador | N7: Descripción del indicador | O7: Meta 2023 | P7: Periodicidad del reporte | Q7: Numerador | R7: Denominador | S7: Cumplimiento del indicador en el año | T7: % Meta T3 | U7: Cumplimiento del indicador a corte del trimestre evaluado | V7: Análisis del indicador | W7: Observaciones
A8: Productiva, social y ambiental | B8: 01. Democratizar los activos administrados por la SAE a través de mecanismos de disposición temporal y definitiva que permitan la creación de valor público, social y ambiental; aporten al desarrollo territorial y productivo y garanticen la función social y ecológica de la propiedad. | C8: Adelantar destinaciones especiales priorizando los procesos productivos, sociales, ambientales, así como la atención ante emergencias y desastres producto de fenómenos de variabilidad climática | D8: Presentar casos de destinación temporal de inmuebles rurales dirigidos a población de especial protección constitucional o entidades públicas que desarrollaran proyectos con esta población | E8: Disposición Temporal | F8: Administración de destinación provisional | G8: Gerencia de Bienes Inmuebles Rurales | H8: SÍ | I8: Destinaciones provisionales de Inmuebles Rurales | J8: Gestión | K8: Eficacia | L8: Demanda | M8: (Número de destinaciones Provisionales de Inmuebles rurales presentados a Comité/ Solicitudes de destinaciones provisionales viables) *100% | N8: Objetivo del indicador: medir la presentación de activos para destinación temporal de inmuebles rurales ante el Comité de Depositarios, Destinatarios, Mandatarios y Liquidadores, para determinar su favorabilidad o no. Numerador: total de destinaciones provisionales presentadas al Comité de Depositarios, Destinatarios, Mandatarios y Liquidadores en ficha técnica de acuerdo con lineamientos técnicos. Denominador: las solicitudes para destinación provisional de inmuebles rurales se consideran viables cuando la documentación se encuentra completa de acuerdo con metodología, cuando el inmueble demuestra baja productividad o comercialización, y cuando el solicitante corresponde a población de especial protección constitucional o entidades públicas que desarrollaran proyectos con esta población. Observación: se hace necesario indicar en el análisis del indicador, las destinaciones temporales aprobadas como insumo para la medición de la macrometa estratégica "Destinaciones de inmuebles al fomento de la economía popular" | O8: 1 | P8: Trimestral | Q8: 32 | R8: 32 | S8: =IFERROR(IF(L8="Programación anual", IF(COUNTIF(O8,"<=1")=1,(Q8/R8)*(100%/O8),Q8/R8), IF(COUNTIF(O8,"<=1")=1,(Q8/R8)*(100%/O8)*(T8/100%),(Q8/R8)*(T8/100%)))," ") -> 1 | T8: 1 | U8: =IFERROR(IF(S8=" "," ",IF(S8>=T8,1,S8/T8))," ") -> 1 | V8: Cuarto trimestre: Durante el cuarto trimestre de 2023 se presentaron 5 inmuebles rurales a Comité de Destinatarios, Depositarios, Mandatarios y Liquidadores (numerador) para destinación provisional que, corresponde al mismo número de solicitudes de destinación con viabilidad para su trámite (denominador), en favor de entidades públicas u organizaciones sin ánimo de lucro. El acumulado del año de este indicador señala que, se han tramitado a la fecha 32 casos ante el Comité de Destinatarios, Depositarios, Mandatarios y Liquidarores viables. Sobre estos casos se cuenta con resolución de destinación emitida. | AF8: =IF(B8=Datos!$C$11, "Iniciativas_Objetivo1", IF(B8=Datos!$C$12, "Iniciativas_Objetivo2", IF(B8=Datos!$C$13, "Iniciativas_Objetivo3", IF(B8=Datos!$C$14, "Iniciativas_Objetivo4", IF(B8=Datos!$C$15, "Iniciativas_Objetivo5", IF(B8=Datos!$C$16, "Iniciativas_Objetivo6", IF(B8=Datos!$C$17, "Iniciativas_Objetivo7", IF(B8=Datos!$C$18, "Iniciativas_Objetivo8", IF(B8=Datos!$C$19, "Iniciativas_Objetivo9", IF(B8=Datos!$C$20, "Iniciativas_Objetivo10", IF(B8=Datos!$C$21, "Iniciativas_Objetivo11", IF(B8=Datos!$C$22, "Iniciativas_Objetivo12",IF(B8=Datos!$C$23, "Iniciativas_Objetivo13", " "))))))))))))) -> Iniciativas_Objetivo1
A9: Productiva, social y ambiental | B9: 01. Democratizar los activos administrados por la SAE a través de mecanismos de disposición temporal y definitiva que permitan la creación de valor público, social y ambiental; aporten al desarrollo territorial y productivo y garanticen la función social y ecológica de la propiedad. | C9: Adelantar destinaciones especiales priorizando los procesos productivos, sociales, ambientales, así como la atención ante emergencias y desastres producto de fenómenos de variabilidad climática | D9: Realizar procesos de destinación definitiva de inmuebles rurales dirigidos a población de especial protección constitucional o entidades públicas que desarrollaran proyectos con esta población | E9: Disposición Final | F9: Otras modalidades de disposición final | G9: Gerencia de Bienes Inmuebles Rurales | H9: SÍ | I9: Destinaciones definitivas de Inmuebles Rurales | J9: Producto | K9: Eficacia | L9: Demanda | M9: (Número de destinaciones definitivas de Inmuebles rurales realizadas/ Solicitudes de destinaciones definitivas viables) *100% | N9: Objetivo del indicador: medir las destinaciones definitivas realizadas con la ANT, ART, URT, entidades adscritas a MinDefensa u otras que determine la Ley. Numerador: total de destinaciones definitivas presentadas a la ANT, ART, URT, entidades adscritas a MinDefensa u otras que determine la Ley. tramite - solicitudes de viabilidades. Denominador: Las solicitudes de destinación definitiva de inmuebles rurales se considera viable cuando el inmueble tenga viabilidad técnica y jurídica para su destinación. Observación: se hace necesario indicar en el análisis del indicador, las destinaciones definitivas aprobadas como insumo para la medición de la macrometa estratégica "Destinaciones de inmuebles al fomento de la economía popular" | O9: 1 | P9: Trimestral | Q9: 85 | R9: 85 | S9: =IFERROR(IF(L9="Programación anual", IF(COUNTIF(O9,"<=1")=1,(Q9/R9)*(100%/O9),Q9/R9), IF(COUNTIF(O9,"<=1")=1,(Q9/R9)*(100%/O9)*(T9/100%),(Q9/R9)*(T9/100%)))," ") -> 1 | T9: 1 | U9: =IFERROR(IF(S9=" "," ",IF(S9>=T9,1,S9/T9))," ") -> 1 | V9: Cuarto Trimestre: Es pertinente indicar, que en el presente trimestre comprendido entre los meses de octubre a diciembre, fueron recibidas un total de 26 solicitudes referente a destinación definitiva, de las cuales en su totalidad se consideran viables (denominador) y fueron tramitadas en igual cantidad ante las áreas correspondientes. (númerdor) Reporte anual: Durante el año 2023, se recibieron un total de 94 solicitudes de transferencia, de las cuales 9 resultaron no viables juridicamente para realizar el proceso. De las 85 solicitudes de asignación definitiva de predios rurales no sociales viables remitidas por la ANT y demás entidades interesadas durante el año 2023, desde la Gerencia de Bienes Inmuebles Rurales se solicitaron todas las viabilidades necesarias para la expedición del acto administrativo, su entrega material y correspondiente, saneamiento de pasivos. De esta forma se da cumplimiento de 100% al indicador. - En 64 folios se tramitó ante la Vicepresidencia Jurídica la elaboración del acto administrativo de transferencia gratuita. Cuarenta y cuatro (44) folios cuentan con acto adminsitrativo de transferencia; veinte (20) folios cuentan con solicitud de elaboración de acto administrativo pendiente de emisión por parte de la Vicepresidencia Juridica; y veintiun (21) casos se ha solicitado la elaboración de viabilidades administrativas que, son el requisito para la emsión del acto adminsitrativo de destinación final gratuita. | AF9: =IF(B9=Datos!$C$11, "Iniciativas_Objetivo1", IF(B9=Datos!$C$12, "Iniciativas_Objetivo2", IF(B9=Datos!$C$13, "Iniciativas_Objetivo3", IF(B9=Datos!$C$14, "Iniciativas_Objetivo4", IF(B9=Datos!$C$15, "Iniciativas_Objetivo5", IF(B9=Datos!$C$16, "Iniciativas_Objetivo6", IF(B9=Datos!$C$17, "Iniciativas_Objetivo7", IF(B9=Datos!$C$18, "Iniciativas_Objetivo8", IF(B9=Datos!$C$19, "Iniciativas_Objetivo9", IF(B9=Datos!$C$20, "Iniciativas_Objetivo10", IF(B9=Datos!$C$21, "Iniciativas_Objetivo11", IF(B9=Datos!$C$22, "Iniciativas_Objetivo12",IF(B9=Datos!$C$23, "Iniciativas_Objetivo13", " "))))))))))))) -> Iniciativas_Objetivo1
A10: Productiva, social y ambiental | B10: 01. Democratizar los activos administrados por la SAE a través de mecanismos de disposición temporal y definitiva que permitan la creación de valor público, social y ambiental; aporten al desarrollo territorial y productivo y garanticen la función social y ecológica de la propiedad. | C10: Adelantar destinaciones especiales priorizando los procesos productivos, sociales, ambientales, así como la atención ante emergencias y desastres producto de fenómenos de variabilidad climática | D10: Realizar diagnóstico técnico de Inmuebles Rurales para procesos de disposición final gratuita con enfoque social y productivo | E10: Diagnóstico y Alistamiento | F10: Diagnóstico de Activos | G10: Gerencia de Bienes Inmuebles Rurales | H10: SÍ | I10: Diagnóstico Técnico de Inmuebles Rurales para procesos de disposición final gratuita con enfoque social y productivo | J10: Gestión | K10: Eficacia | L10: Demanda | M10: (Inmuebles rurales con diagnóstico técnico entregados a la gerencia técnica/ Inmuebles rurales con viabilidad jurídica positiva para transferencia) *100% | N10: Objetivo del indicador: medir el diagnóstico técnico de inmuebles rurales para disponerlos de manera definitiva y gratuita a entidades públicas o a poblaciones priorizadas y constitucionalmente protegidas. Numerador: se considera que un inmueble rural cuenta con diagnostico técnico cuando se ha determinado: Vocación del bien; estado del inmueble; necesidades de saneamiento requeridos y su entrega a la Gerencia Técnica. Denominador: corresponde a las viabilidades jurídicas que la Gerencia de Asuntos Legales determina como viables para la transferencia definitiva gratuita de inmuebles a entidades públicas o a poblaciones priorizadas y constitucionalmente protegidas. | O10: 1 | P10: Trimestral | Q10: 632 | R10: 278 | S10: =IFERROR(IF(IF(L10="Programación anual", IF(COUNTIF(O10,"<=1")=1,(Q10/R10)*(100%/O10),Q10/R10), IF(COUNTIF(O10,"<=1")=1,(Q10/R10)*(100%/O10)*(T10/100%),(Q10/R10)*(T38/100%)))>=1,100%,IF(L10="Programación anual", IF(COUNTIF(O10,"<=1")=1,(Q38/R38)*(100%/O38),Q38/R38), IF(COUNTIF(O38,"<=1")=1,(Q38/R38)*(100%/O38)*(T38/100%),(Q38/R38)*(T38/100%))))," ") -> 1 | T10: 1 | U10: =IFERROR(IF(S10=" "," ",IF(S10>=T10,1,S10/T10))," ") -> 1 | V10: Cuarto Trimestre: Durante el cuarto trimestre del presente año, se entregaron a la Gerencia Técnica 285 fichas de caracterización predial que versan sobre viabilidades jurídicas positivas emitidas durante el segundo, tercero y cuarto trimestre de este año. Durante el mismo periodo, se determinó un total de 26 inmuebles rurales con viabilidad jurídica positiva para transferencia. Por otro lado, el denominador no aumentó durante este periodo en la misma proporción debido a que la Viceprecidencia Jurídica entregó a la Gerencia de Rurales unicamente 26 conceptos jurídicos viables. Es importante tener en cuanta que, las fichas técnicas de caracterización se realizan unicamente sobre los conceptos jurídicos viables, no obstante, el mayor número de fichas elaboradas respecto de las viabilidades jurídicas positivas se debe a que la Gerencia de Asuntos Legales solicita como condición para la elaboración de los actos administrativos que las fichas técnicas se actualicen. | AF10: =IF(B10=Datos!$C$11, "Iniciativas_Objetivo1", IF(B10=Datos!$C$12, "Iniciativas_Objetivo2", IF(B10=Datos!$C$13, "Iniciativas_Objetivo3", IF(B10=Datos!$C$14, "Iniciativas_Objetivo4", IF(B10=Datos!$C$15, "Iniciativas_Objetivo5", IF(B10=Datos!$C$16, "Iniciativas_Objetivo6", IF(B10=Datos!$C$17, "Iniciativas_Objetivo7", IF(B10=Datos!$C$18, "Iniciativas_Objetivo8", IF(B10=Datos!$C$19, "Iniciativas_Objetivo9", IF(B10=Datos!$C$20, "Iniciativas_Objetivo10", IF(B10=Datos!$C$21, "Iniciativas_Objetivo11", IF(B10=Datos!$C$22, "Iniciativas_Objetivo12",IF(B10=Datos!$C$23, "Iniciativas_Objetivo13", " "))))))))))))) -> Iniciativas_Objetivo1
A11: Productiva, social y ambiental | B11: 01. Democratizar los activos administrados por la SAE a través de mecanismos de disposición temporal y definitiva que permitan la creación de valor público, social y ambiental; aporten al desarrollo territorial y productivo y garanticen la función social y ecológica de la propiedad. | C11: Adelantar destinaciones especiales priorizando los procesos productivos, sociales, ambientales, así como la atención ante emergencias y desastres producto de fenómenos de variabilidad climática | D11: Atender las solicitudes de destinación provisional y definitiva de inmuebles urbanos | E11: Disposición Temporal | F11: Administración de Destinación Provisional | G11: Gerencia de Bienes Inmuebles Urbanos | H11: SÍ | I11: Trámite de solicitudes de destinación provisional y definitivas | J11: Gestión | K11: Eficacia | L11: Demanda | M11: (Solicitudes de destinación provisional y definitiva de inmuebles urbanos atendidas/ Solicitudes de destinación provisional y definitiva de inmuebles recibidas)*100% | N11: Objetivo del indicador: medir la atención de las solicitudes recibidas por entidades públicas, privadas y personas naturales de destinación provisional y definitivas de inmuebles urbanos. Numerador: las solicitudes atendidas hacen referencia a la contestación de viabilidad de destinación provisional o definitiva al solicitante. Denominador: corresponde a las solicitudes de destinación provisional o definitiva de inmuebles urbanas allegadas por los canales oficiales de comunicación de SAE. | O11: 1 | P11: Trimestral | Q11: 73 | R11: 98 | S11: =IFERROR(IF(L11="Programación anual", IF(COUNTIF(O11,"<=1")=1,(Q11/R11)*(100%/O11),Q11/R11), IF(COUNTIF(O11,"<=1")=1,(Q11/R11)*(100%/O11)*(T11/100%),(Q11/R11)*(T11/100%)))," ") -> 0.74489796 | T11: 1 | U11: =IFERROR(IF(S11=" "," ",IF(S11>=T11,1,S11/T11))," ") -> 0.74489796 | V11: En cuanto a las solicitudes de destinación provisional, la Gerencia recibió 88 solicitudes con corte al T4, de las cuales se atendieron 63 satisfactoriamente. Contamos con 17 solicitudes que se atendieron de manera desfavorable, por diferentes razones, entre las cuales resaltan: 4 entidades públicas que optaron por el mecanismo de administración de Comodato; 5 desistimiento de las entidades previa a la presentación del caso a Comité; 1 devolución del activo previo presentación del caso a Comité; 2 con calificación de riesgo alto por parte de la GREC; 2 entidades con solicitudes sobre inmuebles sociales y; 4 entidades que pese a requerirlas para la completitud de la información no se recibió respuesta alguna. Así mismo, se cuenta con 7 solicitudes restantes que se gestionaron, pero no tienen contestación de viabilidad por cuanto requieren subsanación por parte de la entidad solicitante (completitud de requisitos y ajustes con el lleno de información en los formatos institucionales). Por lo anterior, la Gerencia se encuentra en el seguimiento y acompañamiento a las entidades para sacar avante las destinaciones. En cuanto a las solicitudes de destinación definitiva, la Gerencia recibió durante el T4, 10 solicitudes de destinación sobre bienes inmuebles urbanos para entidades como Unidad de Búsqueda de Personas Dadas por Desaparecidas- UBPD, Agencia Nacional Inmobiliaria Virgilio Barco, Agencia para la Reincorporación y la Normalización - ARN, Instituto Nacional de Medicina Legal y Ciencias Forenses, Universidad Internacional del Trópico Americano, Gobernación de Boyacá y Agencia para la Reincorporación y la Normalización - ARN (La Roja Cerveza Artesanal-ASOROJA). Adicionalmente, se adelanta 4 trámites de destinación a favor de la Gobernación de San Andrés que, conforme al Art. 91 de la Ley 1708 de 2014, no requiere solicitud de la Entidad. Respecto a estas peticiones, la Gerencia solicitó a las áreas correspondientes de la SAE la viabilidad técnica, jurídica y administrativa en aras de habilitar la destinación definitiva. Actualmente, sólo un inmueble ha sido viabilizado y se solicitó a la Vicepresidencia Jurídica la destinación definitiva, según lo previsto en la ley. En cuanto a los 9 inmuebles restantes, se está a la espera de la respuesta favorable para avanzar con el procedimiento. Finalmente, durante la vigencia de 2023 se emitieron los siguientes actos administrativos de destinación definitiva: Resoluciones No. 340 del 13/07/2023, 387 del 24/08/2023, 550 del 31/10/2023 y 638 del 22/11/2023 que impactan en 5 inmuebles | AF11: =IF(B11=Datos!$C$11, "Iniciativas_Objetivo1", IF(B11=Datos!$C$12, "Iniciativas_Objetivo2", IF(B11=Datos!$C$13, "Iniciativas_Objetivo3", IF(B11=Datos!$C$14, "Iniciativas_Objetivo4", IF(B11=Datos!$C$15, "Iniciativas_Objetivo5", IF(B11=Datos!$C$16, "Iniciativas_Objetivo6", IF(B11=Datos!$C$17, "Iniciativas_Objetivo7", IF(B11=Datos!$C$18, "Iniciativas_Objetivo8", IF(B11=Datos!$C$19, "Iniciativas_Objetivo9", IF(B11=Datos!$C$20, "Iniciativas_Objetivo10", IF(B11=Datos!$C$21, "Iniciativas_Objetivo11", IF(B11=Datos!$C$22, "Iniciativas_Objetivo12",IF(B11=Datos!$C$23, "Iniciativas_Objetivo13", " "))))))))))))) -> Iniciativas_Objetivo1
A12: Productiva, social y ambiental | B12: 01. Democratizar los activos administrados por la SAE a través de mecanismos de disposición temporal y definitiva que permitan la creación de valor público, social y ambiental; aporten al desarrollo territorial y productivo y garanticen la función social y ecológica de la propiedad. | C12: Adelantar destinaciones especiales temporales y definitivas, priorizando los procesos productivos, sociales, ambientales, así como la atención ante emergencias y desastres producto de fenómenos de variabilidad climática | D12: Atender las solicitudes de daciones en pago y cruce de cuentas, diversificando el acceso para el desarrollo territorial y productivo. | E12: Disposición Final | F12: Otras Modalidades de Disposición Final | G12: Gerencia Comercial | H12: SÍ | I12: Daciones en pago o cruce de cuentas | J12: Producto | K12: Eficacia | L12: Demanda | M12: (Daciones en pago o cruce de cuentas atendidas efectivamente/ Solicitudes de daciones en pago o cruce de cuentas)*100% | N12: Objetivo del indicador: medir la efectividad de la dación de pagos o cruce de cuentas respecto a las solicitudes efectuadas. Numerador: la atención efectiva de dación de pagos o cruce de cuentas corresponde al número de negocios cerrados con entidades públicas y privadas. Denominador: corresponde al total de solicitudes acumuladas en la vigencia relacionadas con daciones en pago o cruce de cuentas. | O12: 1 | P12: Trimestral | Q12: 1 | R12: 4 | S12: =IFERROR(IF(L12="Programación anual", IF(COUNTIF(O12,"<=1")=1,(Q12/R12)*(100%/O12),Q12/R12), IF(COUNTIF(O12,"<=1")=1,(Q12/R12)*(100%/O12)*(T12/100%),(Q12/R12)*(T12/100%)))," ") -> 0.25 | T12: 1 | U12: =IFERROR(IF(S12=" "," ",IF(S12>=T12,1,S12/T12))," ") -> 0.25 | V12: Se atendió y finalizo 1 caso relacionado con cruce de cuentas con el Municipio de Villavicencio FMI No 230-71743, el cual ya se encuentra registrado a favor del comprador. Con relación a los otros casos (3), estos corresponden a solicitudes de dación en pago y/o cruce de cuentas que realizan terceros de buena fé reconocidos en el proceso de extinción de dominio, los cuales han sido gestionados por la Gerencia Comercial, no obstante para lograr la consolidación de estos negocios, se depende del insumo de diferentes dependencias, así como de otros factores externos ,ejemplo avalúos comerciales, saneamientos catastrales, viabilidades jurídicas, revisión de sentencias, información de pasivos etc, y en todos los casos se encuentran en trámite. | W12: Teniendo en cuenta que el cierre efectivo de este tipo de negocios no es únicamente responsabilidad de la Gerencia Comercial y sobrepasa la gestión que se pueda realizar en esta vigencia, se solicita que este indicador no sea teniedo en cuenta en la evaluación de desempeño de la Gerencia Comercial. Adicionalmente, como se informa en el análisis del indicador; las solicitudes que han llegado a la Gerencia Comercial para el tramite de dación en pago y/o cruce de cuentas, han sido gestionadas oportunamentel,pero por insumos pendientes de otras areas como valor de la acreencia, avalúos comerciales etc, que a su vez dependen de terceros, no se han podido concretar este tipo de negocios Adjuntamos una hoja en el archivo de excel donde se muestran las gestiones realizadas por parte de la gerencia comercial en cada uno de los casos recibidos. | AF12: =IF(B12=Datos!$C$11, "Iniciativas_Objetivo1", IF(B12=Datos!$C$12, "Iniciativas_Objetivo2", IF(B12=Datos!$C$13, "Iniciativas_Objetivo3", IF(B12=Datos!$C$14, "Iniciativas_Objetivo4", IF(B12=Datos!$C$15, "Iniciativas_Objetivo5", IF(B12=Datos!$C$16, "Iniciativas_Objetivo6", IF(B12=Datos!$C$17, "Iniciativas_Objetivo7", IF(B12=Datos!$C$18, "Iniciativas_Objetivo8", IF(B12=Datos!$C$19, "Iniciativas_Objetivo9", IF(B12=Datos!$C$20, "Iniciativas_Objetivo10", IF(B12=Datos!$C$21, "Iniciativas_Objetivo11", IF(B12=Datos!$C$22, "Iniciativas_Objetivo12",IF(B12=Datos!$C$23, "Iniciativas_Objetivo13", " "))))))))))))) -> Iniciativas_Objetivo1
A13: Productiva, social y ambiental | B13: 01. Democratizar los activos administrados por la SAE a través de mecanismos de disposición temporal y definitiva que permitan la creación de valor público, social y ambiental; aporten al desarrollo territorial y productivo y garanticen la función social y ecológica de la propiedad. | C13: Adelantar destinaciones especiales temporales y definitivas, priorizando los procesos productivos, sociales, ambientales, así como la atención ante emergencias y desastres producto de fenómenos de variabilidad climática | D13: Realizar destinaciones y donaciones de bienes muebles priorizando procesos productos, sociales o ambientales | E13: Disposición Temporal Disposición Final | F13: Administración de destinación provisional Otras modalidades de disposición final | G13: Gerencia de Bienes Muebles | H13: SÍ | I13: Destinación y donación de bienes muebles | J13: Producto | K13: Eficacia | L13: Programación anual | M13: (Número de bienes muebles destinados y donados/ Número de bienes muebles programados para destinación y donación)*100% | N13: Objetivo del indicador: medir el número de bienes que se destinan provisional o definitivamente y donan por parte de la Gerencia de Muebles, según inventario. Numerador: corresponde al número de bienes que se destinan provisional o definitivamente para procesos productivos, sociales o ambientales. Denominador: corresponde al número de bienes que se tienen programados para destinación provisional o definitiva o para donación. | O13: 100 | P13: Trimestral | Q13: 124 | R13: 100 | S13: =IFERROR(IF(IF(L13="Programación anual", IF(COUNTIF(O13,"<=1")=1,(Q13/R13)*(100%/O13),Q13/R13), IF(COUNTIF(O13,"<=1")=1,(Q13/R13)*(100%/O13)*(T13/100%),(Q13/R13)*(T41/100%)))>=1,100%,IF(L13="Programación anual", IF(COUNTIF(O13,"<=1")=1,(Q41/R41)*(100%/O41),Q41/R41), IF(COUNTIF(O41,"<=1")=1,(Q41/R41)*(100%/O41)*(T41/100%),(Q41/R41)*(T41/100%))))," ") -> 1 | T13: 1 | U13: =IFERROR(IF(S13=" "," ",IF(S13>=T13,1,S13/T13))," ") -> 1 | V13: Al cierre de vigencia fueron tramitadas con acto admonexcpedido 67 destinaciones definitivas, se encuentran entramite de acto admon 17, con destinacion definitiva 3, en procso de revision y viabilidad 32. Se ha efectuado el tramite de destinacion provisional sobre 115 vehiculos y se donaron 5 registros de hidrocarburos - gasolina 2.605 galones por valor de $34.828.850 y 1 registro de ACPM de 275 galones valorados en $ 2.573.175 para un total 2.880 galones en total. | AF13: =IF(B13=Datos!$C$11, "Iniciativas_Objetivo1", IF(B13=Datos!$C$12, "Iniciativas_Objetivo2", IF(B13=Datos!$C$13, "Iniciativas_Objetivo3", IF(B13=Datos!$C$14, "Iniciativas_Objetivo4", IF(B13=Datos!$C$15, "Iniciativas_Objetivo5", IF(B13=Datos!$C$16, "Iniciativas_Objetivo6", IF(B13=Datos!$C$17, "Iniciativas_Objetivo7", IF(B13=Datos!$C$18, "Iniciativas_Objetivo8", IF(B13=Datos!$C$19, "Iniciativas_Objetivo9", IF(B13=Datos!$C$20, "Iniciativas_Objetivo10", IF(B13=Datos!$C$21, "Iniciativas_Objetivo11", IF(B13=Datos!$C$22, "Iniciativas_Objetivo12",IF(B13=Datos!$C$23, "Iniciativas_Objetivo13", " "))))))))))))) -> Iniciativas_Objetivo1
A14: Productiva, social y ambiental | B14: 01. Democratizar los activos administrados por la SAE a través de mecanismos de disposición temporal y definitiva que permitan la creación de valor público, social y ambiental; aporten al desarrollo territorial y productivo y garanticen la función social y ecológica de la propiedad. | C14: Garantizar la inclusión de comunidades, organizaciones sociales y economías populares en condición de vulnerabilidad en los mecanismos de administración existentes | D14: Permitir la inclusión de organizaciones comunitarias en el gerenciamiento de Sociedades Activas y/o establecimientos de comercio. | E14: Disposición Temporal | F14: Administración de Depósitos Provisionales | G14: Gerencia de Sociedades Activas | H14: SÍ | I14: Gerencias populares en Sociedades Activas y/o establecimientos de comercio. | J14: Producto | K14: Eficacia | L14: Programación anual | M14: (Sociedades Activas y/o establecimientos de comercio con gerencias populares/Sociedades Activas y/o establecimientos de comercio priorizados para el gerenciamiento de organizaciones populares)*100% | N14: Objetivo del indicador: medir la inclusión de organizaciones comunitarias en el gerenciamiento de Sociedades Activas y/o establecimientos de comercio. Numerador: corresponde al número de Sociedades Activas y/o establecimientos de comercio con gerenciamiento de organizaciones populares y/o comunitarias. Denominador: son las Sociedades Activas y/o establecimientos de comercio priorizados por la Gerencia de Sociedades Activas para el gerenciamiento popular. | O14: 10 | P14: Trimestral | Q14: 3 | R14: 10 | S14: =IFERROR(IF(L14="Programación anual", IF(COUNTIF(O14,"<=1")=1,(Q14/R14)*(100%/O14),Q14/R14), IF(COUNTIF(O14,"<=1")=1,(Q14/R14)*(100%/O14)*(T14/100%),(Q14/R14)*(T14/100%)))," ") -> 0.3 | T14: 1 | U14: =IFERROR(IF(S14=" "," ",IF(S14>=T14,1,S14/T14))," ") -> 0.3 | V14: La primera gerencia popular implementada desde la Vicepresidencia fue la entrega del gimnasio en el establecimiento de comercio GYM BOX para ser administrado por la medallista olímpica Ubaldina Valoyes como acto inaugural del programa. La segunda corresponde a la designación de Fundemerca como gerente popular de la sociedad GANADERÍA SAN CARLOS GAVIGAN y la tercera corresponde a la entrega del Hotel Playa Soledad en Acandí Chocó a la Fundación bien común. El cumplimiento del indicador queda al 30% debido a las limitantes en el ejercicio de asiganación, procedimientos, metodologías, identificación de activos, tipología de los activos, entre otros | W14: La convocatoria de gerentes populares arrojó 11 candidatos para los cuales se está realizando el análisis del portafolio con el fin de asignarles bienes. Por otro lado, se han identificado 10 establecimientos de comercio hoteleros que pueden ser sujeto de gerencias populares, entre los que se encuentran avanzados los procesos de dos (2) en Acandí y Capurganá. | AF14: =IF(B14=Datos!$C$11, "Iniciativas_Objetivo1", IF(B14=Datos!$C$12, "Iniciativas_Objetivo2", IF(B14=Datos!$C$13, "Iniciativas_Objetivo3", IF(B14=Datos!$C$14, "Iniciativas_Objetivo4", IF(B14=Datos!$C$15, "Iniciativas_Objetivo5", IF(B14=Datos!$C$16, "Iniciativas_Objetivo6", IF(B14=Datos!$C$17, "Iniciativas_Objetivo7", IF(B14=Datos!$C$18, "Iniciativas_Objetivo8", IF(B14=Datos!$C$19, "Iniciativas_Objetivo9", IF(B14=Datos!$C$20, "Iniciativas_Objetivo10", IF(B14=Datos!$C$21, "Iniciativas_Objetivo11", IF(B14=Datos!$C$22, "Iniciativas_Objetivo12",IF(B14=Datos!$C$23, "Iniciativas_Objetivo13", " "))))))))))))) -> Iniciativas_Objetivo1
A15: Procesos | B15: 09. Garantizar la mejora continua del modelo de operación de la SAE basado en acciones de optimización, automatización, control y articulación de procesos contribuyendo a la reducción de tiempos, la transparencia en la operación y el cumplimiento de objetivos institucionales. | C15: Estandarizar, optimizar y automatizar procesos de SAE de acuerdo a nuevo modelo operacional | D15: Actualizar el modelo operacional del esquema de administración por depósitos provisionales | E15: Recepción y Registro | F15: Administración del Registro de Depositarios Provisionales y Liquidadores del FRISCO | G15: GIT. Depositarios Provisionales y Liquidadores | H15: SÍ | I15: Actualización Esquema de Administración Depósitos Provisionales | J15: Gestión | K15: Eficacia | L15: Programación anual | M15: (Documentos actualizados o creados asociados al esquema de administración de depósitos provisionales / Documentos programados asociados al esquema de administración de depósitos provisionales)*100% | N15: Objetivo del indicador: medir el grado de avance en la actualización del modelo operacional del esquema de administración por depósitos provisionales. Numerador: corresponde a la elaboración y/o actualización de documentos asociados al esquema operacional de depositarios como procedimientos, instructivos, formatos, entre otros que se requieran. Denominador: corresponde a los documentos operacionales identificados por crear o actualizar en el esquema de depósitos provisionales. Para el 2023 se tienen estimados siete (7) documentos. | O15: 1 | P15: Trimestral | Q15: 6 | R15: 7 | S15: =IFERROR(IF(L15="Programación anual", IF(COUNTIF(O15,"<=1")=1,(Q15/R15)*(100%/O15),Q15/R15), IF(COUNTIF(O15,"<=1")=1,(Q15/R15)*(100%/O15)*(T15/100%),(Q15/R15)*(T15/100%)))," ") -> 0.85714286 | T15: 1 | U15: =IFERROR(IF(S15=" "," ",IF(S15>=T15,1,S15/T15))," ") -> 0.85714286 | V15: En el Grupo Interno de Trabajo de Depositarios y Liquidadores se realizó el trabajo de actualización de seis (6) documentos. El primer documento, son los términos de la convocatoria 01 de 2023. En este documento se aplico 4 modalidades, a saber: Depositario Provisional, Liquidadores Provisionales, Depositarios y Gerentes Populares Provisionales. Este trabajo implicó realizar aportes para la actualización de la Metodologia de Administración de SAE en el capítulo 5 y, artículo en el PND. El segundo documento que se diseño y emitió fue el de "Procedimiento de Convocatoria y Selección de Depositarios Provisionales P-RR2-030". El tercer documento, es una actualización del "Procedimiento Asignación de Activos a depositarios y Liquidadores P-RR2-056" para el caso de pólizas, valores asegurables y de unidades máximas para bienes inmuebles urbanos y rurales. El cuarto documento es un Procedimiento para asignación a Depositarios y Gerentes Populares P-RR2-250. El quinto documento es un documento de lineamientos para realizar acompañamiento y seguimiento a Depositarios y Gerentes Populares. El sexto documento es un instructivo para presentar casos de asignación a Depositarios y Gerentes Populares en el Comité de Depositarios, Mandatarios y Liquidadores. | W15: En la actualidad se encuentra en fase de redacción y corrección de estilo el procedimiento de Seguimiento y Acompañamiento a Depositarios y Gerentes Populares. Adicionalmente, esta en revisión en el GIT de Depositarios y Gerentes Populares el instructivo para presentar casos de asignación de Depositarios y Gerentes Populares ante el Comité de Depositarios, Mandatarios y Liquidadores. Falta realizar una actualización al "Instructivo Evaluación de Depositarios Provisionales N-RR2-049". Así mismo, realizar la automatización del proceso de calificación de Depositarios Provisionales F-RR2-212. | AF15: =IF(B15=Datos!$C$11, "Iniciativas_Objetivo1", IF(B15=Datos!$C$12, "Iniciativas_Objetivo2", IF(B15=Datos!$C$13, "Iniciativas_Objetivo3", IF(B15=Datos!$C$14, "Iniciativas_Objetivo4", IF(B15=Datos!$C$15, "Iniciativas_Objetivo5", IF(B15=Datos!$C$16, "Iniciativas_Objetivo6", IF(B15=Datos!$C$17, "Iniciativas_Objetivo7", IF(B15=Datos!$C$18, "Iniciativas_Objetivo8", IF(B15=Datos!$C$19, "Iniciativas_Objetivo9", IF(B15=Datos!$C$20, "Iniciativas_Objetivo10", IF(B15=Datos!$C$21, "Iniciativas_Objetivo11", IF(B15=Datos!$C$22, "Iniciativas_Objetivo12",IF(B15=Datos!$C$23, "Iniciativas_Objetivo13", " "))))))))))))) -> Iniciativas_Objetivo9
A16: Productiva, social y ambiental | B16: 02. Fomentar las economías populares y comunitarias a partir de proyectos estratégicos que generen valor público, social y ambiental. | C16: Implementar proyectos estratégicos con enfoque productivo, social y ambiental que permitan la creación de valor. | D16: Promover la creación de sinergias internas y externas con sociedades activas | E16: Disposición Temporal | F16: Administración directa | G16: Gerencia de Sociedades Activas | H16: SÍ | I16: Sinergias con Sociedades Activas | J16: Gestión | K16: Eficacia | L16: Programación anual | M16: (Número de Sociedades Activas participando en sinergias comerciales /Sociedades Activas priorizadas para participar en sinergias)*100% | N16: Objetivo del indicador: medir la participación de las Sociedades Activas en sinergias comerciales tendientes al aumento de la productividad. Numerador: corresponde a las Sociedades Activas participando de las sinergias establecidas. Denominador: son las Sociedades Activas priorizadas para participar en sinergias comerciales. Los criterios son definidos por la Gerencia de Sociedades Activas. | O16: 1 | P16: Trimestral | Q16: 4 | R16: 4 | S16: =IFERROR(IF(L16="Programación anual", IF(COUNTIF(O16,"<=1")=1,(Q16/R16)*(100%/O16),Q16/R16), IF(COUNTIF(O16,"<=1")=1,(Q16/R16)*(100%/O16)*(T16/100%),(Q16/R16)*(T16/100%)))," ") -> 1 | T16: 1 | U16: =IFERROR(IF(S16=" "," ",IF(S16>=T16,1,S16/T16))," ") -> 1 | V16: Se cumple con las 4 sinergias comerciales contempladas , con Colpensiones y la SAE, por parte de GRUPO GRAJALES y CONTI CONSTRUCCIÓN & INGENIERIA SAS, apoyando ferias empresariales, temas turísticos y acciones de bienestar para los empleados. | AF16: =IF(B16=Datos!$C$11, "Iniciativas_Objetivo1", IF(B16=Datos!$C$12, "Iniciativas_Objetivo2", IF(B16=Datos!$C$13, "Iniciativas_Objetivo3", IF(B16=Datos!$C$14, "Iniciativas_Objetivo4", IF(B16=Datos!$C$15, "Iniciativas_Objetivo5", IF(B16=Datos!$C$16, "Iniciativas_Objetivo6", IF(B16=Datos!$C$17, "Iniciativas_Objetivo7", IF(B16=Datos!$C$18, "Iniciativas_Objetivo8", IF(B16=Datos!$C$19, "Iniciativas_Objetivo9", IF(B16=Datos!$C$20, "Iniciativas_Objetivo10", IF(B16=Datos!$C$21, "Iniciativas_Objetivo11", IF(B16=Datos!$C$22, "Iniciativas_Objetivo12",IF(B16=Datos!$C$23, "Iniciativas_Objetivo13", " "))))))))))))) -> Iniciativas_Objetivo2
A17: Productiva, social y ambiental | B17: 02. Fomentar las economías populares y comunitarias a partir de proyectos estratégicos que generen valor público, social y ambiental. | C17: Implementar proyectos estratégicos con enfoque productivo, social y ambiental que permitan la creación de valor. | D17: Acompañar la estructuración y/o prefactibilidad de proyectos de desarrollo territorial y/o de construcción de paz. | E17: Direccionamiento Estratégico | F17: Gobierno y Gestión de la Estrategia | G17: Gerencia de Proyectos Especiales | H17: SÍ | I17: Acompañamiento a estructuración y/o evaluación de proyectos de desarrollo territorial y/o de construcción de paz. | J17: Gestión | K17: Eficacia | L17: Demanda | M17: (Proyectos de desarrollo territorial acompañados en su estructuración con prefactibilidad emitida por parte de la Gerencia/ Solicitudes de estructuración o prefactibilidad de proyectos por parte de áreas misionales sobre activos con ideas de negocio aprobadas) *100% | N17: Objetivo del indicador: medir el acompañamiento realizado por la Gerencia de Proyectos Especiales para la estructuración y/o prefactibilidad de proyectos de desarrollo territorial y/o de construcción de paz. Numerador: corresponde a la estructuración y/o prefactibilidad de proyectos de desarrollo territorial y/o de construcción de paz. Para entendimiento del cumplimiento del indicador, se considera que la estructuración de los proyectos de desarrollo territorial se finaliza cuando los proyectos cuentan con un Project charter aprobado por las partes interesadas o cuando desde la Gerencia de Proyectos Especiales se emite un concepto de prefactibilidad. Denominador: corresponde al número de solicitudes efectuadas por las áreas misionales con relación a la estructuración o prefactibilidad de proyectos establecidos en el marco de la entrega de activos a través de los mecanismos de disposición temporal como arrendamiento social o destinación provisional. | O17: 0.5 | P17: Trimestral | Q17: 11 | R17: 11 | S17: =IFERROR(IF(IF(L17="Programación anual", IF(COUNTIF(O17,"<=1")=1,(Q17/R17)*(100%/O17),Q17/R17), IF(COUNTIF(O17,"<=1")=1,(Q17/R17)*(100%/O17)*(T17/100%),(Q17/R17)*(T45/100%)))>=1,100%,IF(L17="Programación anual", IF(COUNTIF(O17,"<=1")=1,(Q45/R45)*(100%/O45),Q45/R45), IF(COUNTIF(O45,"<=1")=1,(Q45/R45)*(100%/O45)*(T45/100%),(Q45/R45)*(T45/100%))))," ") -> 1 | T17: 1 | U17: =IFERROR(IF(S17=" "," ",IF(S17>=T17,1,S17/T17))," ") -> 1 | V17: A corte del cuarto trimestre de 2023, la Gerencia de Proyectos Especiales acompañó el proceso de estructuración de 9 proyectos con enfoque agroproductivo con el acompañamiento y apoyo de la Agencia de Desarrollo Rural, a través de su programa PIDAR (Proyectos Integrales de Desarrollo Agropecuario y Rural), 1 proyecto de resignificación (transformación uniformes FARC-EP) y 1 proyecto modelo de mejoramiento y/o acceso a infraestructura educativa. La prefactiblización de los proyectos agroproductivos se está realizando en los siguientes predios: 1. Predio la Calera (Zarzal - Valle) - Yuca y plátano 2. Predio Alquitrana (Patios - Nte. Santander) - Ganadería - Pimentón 3. Predio Hacienda San Carlos (Buenos Aires - Cauca) - Pecuario 4. Predio el Paraiso (San Marcos - Sucre) 5. Predio la Riviera (Fuente de Oro - Meta) - Agrícola 6. Predio Hacienda Granada (Simijaca - C/marca) - Ganadería - Leche 7. Predio Mochalito (Ciénaga de Oro - Córdoba) - Agrícola 8. Predio Pontevedra (Planeta Rica - Córdoba) - Agríciola (Arroz Secano) 9. Predio La Bendición (Sampúes, Sucre) - Agrícola | AF17: =IF(B17=Datos!$C$11, "Iniciativas_Objetivo1", IF(B17=Datos!$C$12, "Iniciativas_Objetivo2", IF(B17=Datos!$C$13, "Iniciativas_Objetivo3", IF(B17=Datos!$C$14, "Iniciativas_Objetivo4", IF(B17=Datos!$C$15, "Iniciativas_Objetivo5", IF(B17=Datos!$C$16, "Iniciativas_Objetivo6", IF(B17=Datos!$C$17, "Iniciativas_Objetivo7", IF(B17=Datos!$C$18, "Iniciativas_Objetivo8", IF(B17=Datos!$C$19, "Iniciativas_Objetivo9", IF(B17=Datos!$C$20, "Iniciativas_Objetivo10", IF(B17=Datos!$C$21, "Iniciativas_Objetivo11", IF(B17=Datos!$C$22, "Iniciativas_Objetivo12",IF(B17=Datos!$C$23, "Iniciativas_Objetivo13", " "))))))))))))) -> Iniciativas_Objetivo2
A18: Financiera | B18: 04. Generar rentabilidad económica a partir de la diversificación de ingresos, para la inversión social y la lucha contra el crimen organizado. | C18: Diseñar y/o implementar estrategias de ahorro en la administración de activos. | D18: Realizar la chatarrización de bienes muebles generando ahorros para la Entidad | E18: Disposición Final | F18: Otras Modalidades de Disposición Final | G18: Gerencia de Bienes Muebles | H18: SÍ | I18: Chatarrizaciones realizadas | J18: Gestión | K18: Eficacia | L18: Programación anual | M18: (Número de bienes entregados a la desintegradora para chatarrizar / Número de bienes programados para chatarrización) *100% | N18: Objetivo del indicador: medir la chatarrización de los bienes muebles. Numerador: bienes muebles entregados a la desintegradora. Denominador: corresponde al número de bienes programados para chatarrización como los medios de transporte de material ferroso con concepto favorable para chatarrizar. | O18: 200 | P18: Trimestral | Q18: 49 | R18: 200 | S18: =IFERROR(IF(L18="Programación anual", IF(COUNTIF(O18,"<=1")=1,(Q18/R18)*(100%/O18),Q18/R18), IF(COUNTIF(O18,"<=1")=1,(Q18/R18)*(100%/O18)*(T18/100%),(Q18/R18)*(T18/100%)))," ") -> 0.245 | T18: 1 | U18: =IFERROR(IF(S18=" "," ",IF(S18>=T18,1,S18/T18))," ") -> 0.245 | V18: Este indicador se ha visto afectado por la demora en la revision y aprobacion de los actos administrativos que ordenan la chatarrizaciòn los cuales se encuentran en tramite desde el pasado mes de septiembre, demora en los conceptos solicitaos al Ministerio y Superintendencia de transporte sobre la aplicacion de derechos a reponer de vehiculos de carga pesada en estado chatarra. | W18: Se realizo alistamiento de 143 taxis en estado chatarra pero se encuentra pendiente definicion de concepto de min transporte para asegurar que no cuentan con derecho a reponer y en alistamiento pendiente de expedición acto administrativo 17 vehiculos y 10 vehiculos para retiro. | AF18: =IF(B18=Datos!$C$11, "Iniciativas_Objetivo1", IF(B18=Datos!$C$12, "Iniciativas_Objetivo2", IF(B18=Datos!$C$13, "Iniciativas_Objetivo3", IF(B18=Datos!$C$14, "Iniciativas_Objetivo4", IF(B18=Datos!$C$15, "Iniciativas_Objetivo5", IF(B18=Datos!$C$16, "Iniciativas_Objetivo6", IF(B18=Datos!$C$17, "Iniciativas_Objetivo7", IF(B18=Datos!$C$18, "Iniciativas_Objetivo8", IF(B18=Datos!$C$19, "Iniciativas_Objetivo9", IF(B18=Datos!$C$20, "Iniciativas_Objetivo10", IF(B18=Datos!$C$21, "Iniciativas_Objetivo11", IF(B18=Datos!$C$22, "Iniciativas_Objetivo12",IF(B18=Datos!$C$23, "Iniciativas_Objetivo13", " "))))))))))))) -> Iniciativas_Objetivo4
A19: Financiera | B19: 03. Garantizar la efectiva transferencia de recursos a la Nación, en concordancia con lo establecido en la ley y contribuyendo a los propósitos del Plan Nacional de Desarrollo. | C19: Cumplimiento de transferencias de recursos a la Nación establecidas en la ley . | D19: Gestionar la monetización de divisas y el recaudo de moneda nacional | E19: Disposición Final | F19: Otras Modalidades de Disposición Final | G19: Gerencia de Bienes Muebles | H19: SÍ | I19: Transferencias realizadas a la Nación a través de divisas monetizadas y moneda nacional | J19: Producto | K19: Economía | L19: Programación anual | M19: (Valor monetizado y recaudado / Valor programado de divisas a monetizar y moneda nacional a recaudar)* 100% | N19: Objetivo del indicador: medir las transferencias realizadas a la Nación a través de divisas monetizadas y recaudo de moneda nacional identificada. Numerador: corresponde al valor monetizado de divisas a través del Banco de la República o de los intermediarios del mercado cambiario y a la moneda nacional recibida e identificada para su registro en el inventario de activos. Denominador: El valor programado de divisas a monetizar se refiere al valor de divisas (moneda extranjera) recibidas por SAE hasta el mes de septiembre del 2023. El valor de moneda nacional a recaudar corresponde al valor de la moneda en pesos colombianos entregada por parte la autoridad competente. | O19: 1 | P19: Trimestral | Q19: 7731076136 | R19: 7731076136 | S19: =IFERROR(IF(L19="Programación anual", IF(COUNTIF(O19,"<=1")=1,(Q19/R19)*(100%/O19),Q19/R19), IF(COUNTIF(O19,"<=1")=1,(Q19/R19)*(100%/O19)*(T19/100%),(Q19/R19)*(T19/100%)))," ") -> 1 | T19: 1 | U19: =IFERROR(IF(S19=" "," ",IF(S19>=T19,1,S19/T19))," ") -> 1 | V19: Se dio cumplimiento a la meta establecida para la presente vigencia con la monetizacion de divisas e identificación y conciliación de moneda nacional.En el mes de septiembre se monetizaron 12 registros por un $USD 1.427.321 de divisas enviadas al Federal Bank para su verificacion por un valor de $5.836.972.137 y se conciliaron y solicito ingreso al inventario de 5 registros de moneda nacional por un valor de $1.894.104.000 | AF19: =IF(B19=Datos!$C$11, "Iniciativas_Objetivo1", IF(B19=Datos!$C$12, "Iniciativas_Objetivo2", IF(B19=Datos!$C$13, "Iniciativas_Objetivo3", IF(B19=Datos!$C$14, "Iniciativas_Objetivo4", IF(B19=Datos!$C$15, "Iniciativas_Objetivo5", IF(B19=Datos!$C$16, "Iniciativas_Objetivo6", IF(B19=Datos!$C$17, "Iniciativas_Objetivo7", IF(B19=Datos!$C$18, "Iniciativas_Objetivo8", IF(B19=Datos!$C$19, "Iniciativas_Objetivo9", IF(B19=Datos!$C$20, "Iniciativas_Objetivo10", IF(B19=Datos!$C$21, "Iniciativas_Objetivo11", IF(B19=Datos!$C$22, "Iniciativas_Objetivo12",IF(B19=Datos!$C$23, "Iniciativas_Objetivo13", " "))))))))))))) -> Iniciativas_Objetivo3
A20: Financiera | B20: 03. Garantizar la efectiva transferencia de recursos a la Nación, en concordancia con lo establecido en la ley y contribuyendo a los propósitos del Plan Nacional de Desarrollo. | C20: Cumplimiento de transferencias de recursos a la Nación establecidas en la ley . | D20: Realizar las transferencias a la Nación y destinaciones específicas en recursos líquidos | E20: Gestión Financiera | F20: Tesorería | G20: Gerencia Financiera | H20: SÍ | I20: Transferencias a la Nación y destinaciones específicas en recursos líquidos | J20: Producto | K20: Economía | L20: Programación anual | M20: (Sumatoria de los valores de las transferencias a favor de la nación y destinaciones específicas en recursos líquidos/ Meta de transferencias a favor de la Nación y destinaciones específicas en recursos líquidos) *100% | N20: Objetivo del indicador: medir las transferencias realizadas a la nación y destinaciones específicas en recursos líquidos. Este indicador se encuentra globalizado centralizado por la Gerencia Financiera con base en los ingresos producidos al interior de la entidad. Numerador: corresponde a la sumatoria de valores transferidos y destinados oficialmente a las entidades beneficiarias establecidas en la Ley. Denominador: corresponde a la meta establecida en el presupuesto aprobado por el Consejo Nacional de Estupefacientes. Para el 2023 la meta establecida es de $ 267.422.147.936 | O20: 267422147936 | P20: Trimestral | Q20: 267417517936 | R20: 267422147936 | S20: =IFERROR(IF(L20="Programación anual", IF(COUNTIF(O20,"<=1")=1,(Q20/R20)*(100%/O20),Q20/R20), IF(COUNTIF(O20,"<=1")=1,(Q20/R20)*(100%/O20)*(T20/100%),(Q20/R20)*(T20/100%)))," ") -> 0.99998269 | T20: 1 | U20: =IFERROR(IF(S20=" "," ",IF(S20>=T20,1,S20/T20))," ") -> 0.99998269 | V20: Corresponde a los recursos líquidos transferidos a la Nación: Artículo 91 de la Ley 1708 modificado por el artículo 22 de la Ley 1849 de 2017 para la Fiscalía General de la Nación, la Rama Judicial, Policía Judicial, Defensoría del Pueblo y las destinaciones especificas para el Fondo Victimas, Minsalud - Política Antidrogas, Minjusticia - Política Antidrogas y Policía - Política Antidrogas, MinInterior - Política Antidrogas, Ejercito - Política Antidrogas, Armada - Política Antidrogas, FOMMUR y Artículo 93 Ley 1708 de 2014 Gobierno Nacional Programas de Generación de Acceso a Tierra | AF20: =IF(B20=Datos!$C$11, "Iniciativas_Objetivo1", IF(B20=Datos!$C$12, "Iniciativas_Objetivo2", IF(B20=Datos!$C$13, "Iniciativas_Objetivo3", IF(B20=Datos!$C$14, "Iniciativas_Objetivo4", IF(B20=Datos!$C$15, "Iniciativas_Objetivo5", IF(B20=Datos!$C$16, "Iniciativas_Objetivo6", IF(B20=Datos!$C$17, "Iniciativas_Objetivo7", IF(B20=Datos!$C$18, "Iniciativas_Objetivo8", IF(B20=Datos!$C$19, "Iniciativas_Objetivo9", IF(B20=Datos!$C$20, "Iniciativas_Objetivo10", IF(B20=Datos!$C$21, "Iniciativas_Objetivo11", IF(B20=Datos!$C$22, "Iniciativas_Objetivo12",IF(B20=Datos!$C$23, "Iniciativas_Objetivo13", " "))))))))))))) -> Iniciativas_Objetivo3
A21: Financiera | B21: 04. Generar rentabilidad económica a partir de la diversificación de ingresos, para la inversión social y la lucha contra el crimen organizado. | C21: Adelantar procesos de comercialización y venta de activos | D21: Gestionar el recaudo de ventas de inmuebles sociales y no sociales comercializados a través de la Gerencia Comercial | E21: Disposición Final | F21: Comercialización de Activos | G21: Gerencia Comercial | H21: SÍ | I21: Recaudo por venta de inmuebles | J21: Producto | K21: Economía | L21: Programación anual | M21: (Valor de recaudo por ventas de inmuebles / Valor de recaudo de ventas de inmuebles proyectado para la vigencia)*100% | N21: Objetivo del indicador: medir el recaudo por la venta de inmuebles sociales y no sociales comercializados a través de la G. Comercial. Numerador: es el valor de recaudo por ventas de inmuebles sociales y no sociales comercializados a través de la G. Comercial. Este recaudo es producto de ventas directas, cuotas partes, ventas masivas y ventas a través del operador comercial. Denominador: corresponde al recaudo de ingresos por venta programados para la vigencia. | O21: 307000000000 | P21: Trimestral | Q21: 463996525753 | R21: 307000000000 | S21: =IFERROR(IF(IF(L21="Programación anual", IF(COUNTIF(O21,"<=1")=1,(Q21/R21)*(100%/O21),Q21/R21), IF(COUNTIF(O21,"<=1")=1,(Q21/R21)*(100%/O21)*(T21/100%),(Q21/R21)*(T49/100%)))>=1,100%,IF(L21="Programación anual", IF(COUNTIF(O21,"<=1")=1,(Q49/R49)*(100%/O49),Q49/R49), IF(COUNTIF(O49,"<=1")=1,(Q49/R49)*(100%/O49)*(T49/100%),(Q49/R49)*(T49/100%))))," ") -> 1 | T21: 1 | U21: =IFERROR(IF(S21=" "," ",IF(S21>=T21,1,S21/T21))," ") -> 1 | V21: Durante este último trimestre se recuadó todo el valor correspondiente al predio Mamonal, el cual aportó un ingreso signiticativo al recaudo en los procesos de venta. En cuanto a ventas directas a Entidades públicas, se logró consolidar el reacudo del 100% del valor de venta con los Municipios de Yopal y Villavicencio, aportando al cumplimiento de la meta. En el caso de las ventas a la ANT se logró consolidar un número considerable de negocios, aportando recaudando en el año por valor a $81.323mm | W21: El cumplimiento del indicador se debe al seguimiento continuo que se esta realizando a los procesos de venta a través de los diferentes mecanismos (venta CISA y venta directa) Por otra parte el proceso de alistamiento para las ventas ANT, que incluye visitas para coordinación de avalúos, saneamiento predial y administrativo, han sido gestionados de forma prioritaria, lo que ha permitido consilidar los negocios y recaudar una cifra cosiderable. | AF21: =IF(B21=Datos!$C$11, "Iniciativas_Objetivo1", IF(B21=Datos!$C$12, "Iniciativas_Objetivo2", IF(B21=Datos!$C$13, "Iniciativas_Objetivo3", IF(B21=Datos!$C$14, "Iniciativas_Objetivo4", IF(B21=Datos!$C$15, "Iniciativas_Objetivo5", IF(B21=Datos!$C$16, "Iniciativas_Objetivo6", IF(B21=Datos!$C$17, "Iniciativas_Objetivo7", IF(B21=Datos!$C$18, "Iniciativas_Objetivo8", IF(B21=Datos!$C$19, "Iniciativas_Objetivo9", IF(B21=Datos!$C$20, "Iniciativas_Objetivo10", IF(B21=Datos!$C$21, "Iniciativas_Objetivo11", IF(B21=Datos!$C$22, "Iniciativas_Objetivo12",IF(B21=Datos!$C$23, "Iniciativas_Objetivo13", " "))))))))))))) -> Iniciativas_Objetivo4
A22: Financiera | B22: 04. Generar rentabilidad económica a partir de la diversificación de ingresos, para la inversión social y la lucha contra el crimen organizado. | C22: Adelantar procesos de comercialización y venta de activos | D22: Gestionar la generación de ingresos a partir de la disposición de bienes muebles | E22: Disposición Final | F22: Comercialización de Activos | G22: Gerencia de Bienes Muebles | H22: SÍ | I22: Ingresos por disposición final de bienes muebles | J22: Producto | K22: Economía | L22: Programación anual | M22: (Valor total de ingresos recibidos por disposición final de bienes muebles / Valor total presupuestado por concepto de ingresos por disposición final de bienes muebles) *100% | N22: Objetivo del indicador: medir la generación de ingresos por disposición final de bienes muebles. Numerador: corresponde a los ingresos por concepto de venta, chatarrización, siniestro, entre otras modalidades de disposición final. El tipo de muebles a disponer finalmente pueden ser: * Semovientes * Muebles y enseres * Medios de transporte * Oro * Obras de arte. * Sustancias químicas * Joyas Denominador: el valor presupuestado de ingresos corresponde al valor de venta de los bienes muebles valorados como comerciales a partir del precio mínimo de ventas; al valor proyectado de ingresos por chatarrización, y al valor de ingresos por siniestro producto de reclamaciones a las aseguradoras, entre otros. | O22: 15000000000 | P22: Trimestral | Q22: 14033705206 | R22: 15000000000 | S22: =IFERROR(IF(L22="Programación anual", IF(COUNTIF(O22,"<=1")=1,(Q22/R22)*(100%/O22),Q22/R22), IF(COUNTIF(O22,"<=1")=1,(Q22/R22)*(100%/O22)*(T22/100%),(Q22/R22)*(T22/100%)))," ") -> 0.93558035 | T22: 1 | U22: =IFERROR(IF(S22=" "," ",IF(S22>=T22,1,S22/T22))," ") -> 0.93558035 | V22: Durante el cuarto trimestre se generarón ingresos por los siguientes conceptos: Semovientes: 1.837.894.000 productividad lechera: 866.009.951 Comercializacion MT:1.067.324.052 Durante el tercer trimestre se generarón ingresos por los siguientes conceptos: Semovientes: 3.188.899.400 Chatarrización:41.398.900 Siniestros: 15.512.765 Durante el segundo trimestre no se generaron ingresos por concepto de disposición final. Durante el primer trimestre la Gerencia de Muebles a Generado ingresos por los siguientes conceptos: Semovientes; 3.795.481.690 Chatarrizaciòn:16.683.026 Comercializacion:3.182.441.422 Siniestros; 22.060.000 Los ingresos generados por la disposicion final de muebles se puede ver afectada principalente en los procesos previos de alistamiento (emision de viabilidad juridica, viabilidades tecnicas y expedicion de actos administrativos), la Gerencia ha optado por un control de tiempo y verificacion de tiempos en cada etapa de alistamiento para mitigar estas demoras y evitar incumplimientos en los objetivos estblecidos. | AF22: =IF(B22=Datos!$C$11, "Iniciativas_Objetivo1", IF(B22=Datos!$C$12, "Iniciativas_Objetivo2", IF(B22=Datos!$C$13, "Iniciativas_Objetivo3", IF(B22=Datos!$C$14, "Iniciativas_Objetivo4", IF(B22=Datos!$C$15, "Iniciativas_Objetivo5", IF(B22=Datos!$C$16, "Iniciativas_Objetivo6", IF(B22=Datos!$C$17, "Iniciativas_Objetivo7", IF(B22=Datos!$C$18, "Iniciativas_Objetivo8", IF(B22=Datos!$C$19, "Iniciativas_Objetivo9", IF(B22=Datos!$C$20, "Iniciativas_Objetivo10", IF(B22=Datos!$C$21, "Iniciativas_Objetivo11", IF(B22=Datos!$C$22, "Iniciativas_Objetivo12",IF(B22=Datos!$C$23, "Iniciativas_Objetivo13", " "))))))))))))) -> Iniciativas_Objetivo4
A23: Financiera | B23: 04. Generar rentabilidad económica a partir de la diversificación de ingresos, para la inversión social y la lucha contra el crimen organizado. | C23: Adelantar procesos de comercialización y venta de activos | D23: Entregar a la Gerencia Financiera los remanentes líquidos por la liquidación de sociedades | E23: Disposición Final | F23: Comercialización de Activos | G23: Gerencia de Sociedades en Liquidación | H23: SÍ | I23: Entrega de remanentes líquidos por liquidación de Sociedades | J23: Producto | K23: Economía | L23: Programación anual | M23: (Remanentes líquidos entregados por liquidación de sociedades / Remanentes líquidos de sociedades en liquidación estimados para entrega) *100% | N23: Objetivo del indicador: medir la entrega de recursos líquidos realizada a la Nación por liquidación de Sociedades. Numerador: los remanentes líquidos corresponden a los dineros provenientes de la liquidación de las sociedades, sin incluir los activos sociales extintos producto de la liquidación. Denominador: la estimación de los remanentes se realiza con base en la valoración patrimonial de las sociedades extintas priorizadas para la vigencia. | O23: 12910219930 | P23: Trimestral | Q23: 9278036904 | R23: 12910219930 | S23: =IFERROR(IF(L23="Programación anual", IF(COUNTIF(O23,"<=1")=1,(Q23/R23)*(100%/O23),Q23/R23), IF(COUNTIF(O23,"<=1")=1,(Q23/R23)*(100%/O23)*(T23/100%),(Q23/R23)*(T23/100%)))," ") -> 0.71865832 | T23: 1 | U23: =IFERROR(IF(S23=" "," ",IF(S23>=T23,1,S23/T23))," ") -> 0.71865832 | V23: Teniendo en cuenta el “P-DT3-147 Procedimiento Devolución de Recursos FRISCO pertenecientes Sociedades” mediante el cual se tramita la devolución de dineros que se encuentren en cuentas del FRISCO por concepto de ventas y/o productividad de inmuebles sociales a favor de las sociedades en liquidacion con el fin de constituir la masa liquidable de la misma conforme a la prelación legal de pasivos debidamente identificada en los estados financieros de cada sociedad en liquidacion, desde esta Gerencia se han realizado las siguientes mesas de trabajo con la Gerencia Financiera y Comercial para subsanar las posibles diferencias que se pueden presentan respecto al ingreso de recursos, aplicación del 4x1000 y cobro de comisión de éxito al momento de transferir los recursos a las sociedades. MESAS DE TRABAJO 14/09/2023: MAROS SA EN LIQUIDACION INVERSIONES SANTA LTDA EN LIQUIDACION SUCESORES ORTIZ ESCOBAR SA EN LIQUIDACION 5/10/2023: INVERSIONES VASQUES INNOVAS EN LIQUIDACIÓN INVERSIONES INTEFRAL Y CIA SCA EN LIQUIDACIÓN COSUR LTDA EN LIQUIDACIÓN CONSTRUCCIONES ASTRO EN LIQUIDACION Se aclara que el remanente de sociedades pueden ser tanto LIQUIDOS como FISICOS( Inmuebles), ante lo cual se están adelantando las gestiones de solicitud conceptos jurídicos con apoyo de QYQ, con el fin de contar con una directriz sobre el manejo de REMANENTES FISICOS y remanentes ubicados en San Andres y/o que el domicilio de la sociedad se encuentra en dicho departamento. Es importante mencionar que una vez se ejecute el procedimiento “P-DF2-107 Procedimiento Entrega de Activos” ante el GIT de aseguramiento de la información mediante el cual previo alistamiento, saneamiento y validación de su condición administrativa (remoción del depositario por finalizar el proceso liquidatorio) y/o jurídica y finaliza con la entrega material del bien; una vez se surta la etapa 6 del proceso liquidatorio en el cual se efectúa la cancelación de matrícula mercantil ante cámara de comercio, cancelación de RIT Y RUT ante la DIAN, se procederá a su actualización y/o descargue en el sistema de información SIGMA que administra el inventario de activos de SAE, adjuntando los soportes que sustentan dicha gestión. Por lo anterior, una vez se efectué la descarga de las sociedades en el inventario de SIGMA SAE, agotando el procedimiento antes mencionado, la Gerencia financiera procederá a reconocer el REMANENTE LIQUIDO en los estados financieros del FRISCO. Se da un cumplimiento del 72%, debido a que la cancelación de los registros tributarios (RUT y RIT) para las sociedades dentro de su proceso liquidatario demanda un tiempo bastante extenso, lo cual no ha permitido el descargue de la Sociedades del portafolio del FRISCO lo que a su vez no permite el reconocimiento de los remantes. Se dara continuidad al tramite de devolución de dineros a las sociedades a través de acto administrativo, a continuacion se relacionan las sociedades que a la fecha se encuentran surtiendo tramite y que se determino su remanente a favor del frisco : COSUR EN LIQUIDACION: $ 3,759,047,119 MAROS SA EN LIQUIDACION: $ 3,355,796,668 INVERSIONES SANTA LTDA EN LIQUIDACIÓN: $ 2,047,341,467 CONSTRUCCIONES ASTRO S.A. EN LIQUIDACION: $ 115,851,650 Para un total de $ 9,278,036,904, los cuales seran efectivos en los estados financieros del FRISCO, una vez se descarguen las sociedades del inventario | AF23: =IF(B23=Datos!$C$11, "Iniciativas_Objetivo1", IF(B23=Datos!$C$12, "Iniciativas_Objetivo2", IF(B23=Datos!$C$13, "Iniciativas_Objetivo3", IF(B23=Datos!$C$14, "Iniciativas_Objetivo4", IF(B23=Datos!$C$15, "Iniciativas_Objetivo5", IF(B23=Datos!$C$16, "Iniciativas_Objetivo6", IF(B23=Datos!$C$17, "Iniciativas_Objetivo7", IF(B23=Datos!$C$18, "Iniciativas_Objetivo8", IF(B23=Datos!$C$19, "Iniciativas_Objetivo9", IF(B23=Datos!$C$20, "Iniciativas_Objetivo10", IF(B23=Datos!$C$21, "Iniciativas_Objetivo11", IF(B23=Datos!$C$22, "Iniciativas_Objetivo12",IF(B23=Datos!$C$23, "Iniciativas_Objetivo13", " "))))))))))))) -> Iniciativas_Objetivo4
A24: Financiera | B24: 04. Generar rentabilidad económica a partir de la diversificación de ingresos, para la inversión social y la lucha contra el crimen organizado. | C24: Adelantar procesos de comercialización y venta de activos | D24: Generar ingresos a partir de procesos de comercialización de activos entregados por las extintas FARC | E24: Disposición Final | F24: Comercialización de Activos Otras Modalidades de Disposición Final | G24: Gerencia de Proyectos Especiales | H24: SÍ | I24: Ingresos generados por comercialización de activos entregados por las extintas FARC | J24: Producto | K24: Economía | L24: Programación anual | M24: (Ingresos recibidos por venta de activos entregados por las extintas FARC / Valor total de ingresos estimados por la comercialización de activos entregados por las extintas FARC) * 100% | N24: Objetivo del indicador: medir los ingresos recibidos por la venta de activos entregados por las extintas FARC y administrados por SAE. Numerador: corresponden a los ingresos recibidos por el operador comercial producto de la venta de activos entregados por las extintas FARC. Este valor incluye la venta de todos los activos comercializados como vehículos, joyas, muebles y enseres. Denominador: el valor total de ingresos estimados a recibir producto de la comercialización de activos. Para el 2023, se contempla como referencia de ingresos la sumatoria de los avalúos comerciales de las joyas. | O24: $ 357.530.300 | P24: Trimestral | Q24: 115822175 | R24: 357530300 | S24: =IFERROR(IF(L24="Programación anual", IF(COUNTIF(O24,"<=1")=1,(Q24/R24)*(100%/O24),Q24/R24), IF(COUNTIF(O24,"<=1")=1,(Q24/R24)*(100%/O24)*(T24/100%),(Q24/R24)*(T24/100%)))," ") -> 0.32395066 | T24: 1 | U24: =IFERROR(IF(S24=" "," ",IF(S24>=T24,1,S24/T24))," ") -> 0.32395066 | V24: El indicador contempla la comercialización de los bienes en la vigencia 2023 por valor de $357.530.300, no obstante, en atención a que el último avalúo comercial realizado a las joyas, determinó que su composición tenía una menor concentración de oro de lo que se habpia definido en el avalúo anterior, se solicita a la Oficina de planeación modificar el valor establecido como meta de $357.530.300 a $180.026.000, correspondiente a la proyección estimada de venta debido a la disminución en la calidad de las joyes a subastar. Como resultado de la Gestión de la Gerencia a corte del cuarto trimestre realizó la comercialización de $115.822.175, que sobre el valor estimado a comercializar correspondiente a $180.026.200 genera un resultado del 64% de cumplimiento. Durante el cuarto trimestre de 2023 no se realizó la venta de activos en atención a que el contrato que tiene la SAE para su comercialización, através de la Gerencia de Bienes Muebles, estuvo en proceso de reactivación en este periodo. Así las cosas, para el primer semestre de 2024 se tiene previsto realizar dos subastas, una para joyas con contenido de oro y otra para los bienes muebles y enseres. Con respecto a los bienes muebles y enseres, la GPE se consultó y solicitó a la Gerencia Técnica de la SAE la elaboración de una revisión técnica de estos activos, con el fin de que se emita un concepto técnico del estado físico y funcional de estos bienes, definiendo así la ruta para su destinación final (comercialización, donación, chatarrización o destrucción). Este proceso de revisión técnica se realizará en el primer trimestre de 2024 según indicaciones de la Gerencia Técnica. | W24: Este indicador tiene por objeto medir la cantidad de recursos económicos producto de la comercialización de los bienes que fueron entregados de manera voluntaria por las extintas FARC-EP y sobre los que se estimó como meta para el año 2023 el ingreso de $357.530.300, correspondientes a los activos con mayor potencial de monetización y mayor muestra de interés en las subastas realizadas como lo son las joyas con composición de oro. No obstante, en el mes de mayo de 2023, por requerimiento de actualización se realizó el avalúo de joyas, arrojando como resultado del informe que en su mayoría, las joyas tenían una menor composición de oro a la estimada en el anterior informe de avalúo, lo cual modifica su valor comercial estimado y por ende el interés de compra en el mercado. Adicionalmente, desde la Gerencia de Proyectos Especiales se tenía como objetivo realizar la comercialización de los activos a través de cuatro subastas públicas en el 2023 (una por trimestre), siendo la subasta pública el único medio para su venta. Sin embargo, teniendo en cuenta que el contrato para la comercialización de bienes muebles y enseres se encuentra bajo supervisión de la Gerencia de Bienes Muebles y debido a que durante la vigencia 2023 el contrato no estuvo activo por modificaciones y ajustes al mismo, solo fue posible coordinar y realizar una subasta pública, que se llevó a cabo en el primer trimestre de 2023, lo que afectó de manera significativa el cumplimiento del indicador para esta vigencia. En virtud de lo anteriormente expuesto y sumado a la respuesta de la Oficina Asesora de Planeación (OAP) frente a la solicitud de modificación de la meta de este indicador, en la que se indica que por el procedimiento de Plan de Acción Institucional (P-DE2-249) no es posible realizar este cambio en el indicador y atendiendo a la propuesta realizada, se solicita desde la Gerencia de Proyectos Especiales a la Oficina Asesora de Planeación, se revisen y analicen los argumentos anteriormente expuestos con el fin de que este indicador no sea incluido como dato para la evaluación de desempeño de la Gerencia. | AF24: =IF(B24=Datos!$C$11, "Iniciativas_Objetivo1", IF(B24=Datos!$C$12, "Iniciativas_Objetivo2", IF(B24=Datos!$C$13, "Iniciativas_Objetivo3", IF(B24=Datos!$C$14, "Iniciativas_Objetivo4", IF(B24=Datos!$C$15, "Iniciativas_Objetivo5", IF(B24=Datos!$C$16, "Iniciativas_Objetivo6", IF(B24=Datos!$C$17, "Iniciativas_Objetivo7", IF(B24=Datos!$C$18, "Iniciativas_Objetivo8", IF(B24=Datos!$C$19, "Iniciativas_Objetivo9", IF(B24=Datos!$C$20, "Iniciativas_Objetivo10", IF(B24=Datos!$C$21, "Iniciativas_Objetivo11", IF(B24=Datos!$C$22, "Iniciativas_Objetivo12",IF(B24=Datos!$C$23, "Iniciativas_Objetivo13", " "))))))))))))) -> Iniciativas_Objetivo4
A25: Financiera | B25: 04. Generar rentabilidad económica a partir de la diversificación de ingresos, para la inversión social y la lucha contra el crimen organizado. | C25: Diseñar y/o implementar estrategias de ahorro en la administración de activos. | D25: Reducir los inventarios de bienes muebles que implican un impacto ambiental | E25: Disposición Final | F25: Otras Modalidades de Disposición Final | G25: Gerencia de Bienes Muebles | H25: SÍ | I25: Reducción de bienes muebles que puedan generar un impacto ambiental | J25: Gestión | K25: Eficacia | L25: Demanda | M25: (Número de bienes muebles destruidos o dispuestos para su reutilización / Total de bienes muebles objeto a destruir o disponibles para su reutilización) *100% | N25: Objetivo del indicador: medir la destrucción o disposición de bienes muebles para su reutilización por terceros. Numerador: corresponde a los bienes muebles que puedan generar un impacto ambiental, destruidos o dispuestos a terceros para su reutilización (Ej. Recicladores). El denominador: corresponde al total de bienes muebles que puedan generar un impacto ambiental que deben ser destruidos (sustancias químicas, minerales y los muebles y enseres que tengan conceptos técnicos de destrucción) y a los bienes muebles que pueden ser dispuestos a terceros para su reutilización. | O25: 1 | P25: Trimestral | Q25: 22 | R25: 22 | S25: =IFERROR(IF(L25="Programación anual", IF(COUNTIF(O25,"<=1")=1,(Q25/R25)*(100%/O25),Q25/R25), IF(COUNTIF(O25,"<=1")=1,(Q25/R25)*(100%/O25)*(T25/100%),(Q25/R25)*(T25/100%)))," ") -> 1 | T25: 1 | U25: =IFERROR(IF(S25=" "," ",IF(S25>=T25,1,S25/T25))," ") -> 1 | V25: Durante el primer trimestre se destruyeron 14 registros de sustancias químicas equivalentes a 17.56 toneladas de sustancias quimicas (acidos) ubicadas en la bodega Yumbo, Durante el segundo trimestre se destruyeron 5 registros de la Bodega ricaurte equivalentes a 1.3 toneladas y 3 registros de la bodega pasto equivalentes a 1.31 toneladas, para un total de sustancias destruidas 20.17 toneladas que corresponden a 22 registros. Durante el tercer trimestre no se adelantaron destrucciones de bienes muebles. | AF25: =IF(B25=Datos!$C$11, "Iniciativas_Objetivo1", IF(B25=Datos!$C$12, "Iniciativas_Objetivo2", IF(B25=Datos!$C$13, "Iniciativas_Objetivo3", IF(B25=Datos!$C$14, "Iniciativas_Objetivo4", IF(B25=Datos!$C$15, "Iniciativas_Objetivo5", IF(B25=Datos!$C$16, "Iniciativas_Objetivo6", IF(B25=Datos!$C$17, "Iniciativas_Objetivo7", IF(B25=Datos!$C$18, "Iniciativas_Objetivo8", IF(B25=Datos!$C$19, "Iniciativas_Objetivo9", IF(B25=Datos!$C$20, "Iniciativas_Objetivo10", IF(B25=Datos!$C$21, "Iniciativas_Objetivo11", IF(B25=Datos!$C$22, "Iniciativas_Objetivo12",IF(B25=Datos!$C$23, "Iniciativas_Objetivo13", " "))))))))))))) -> Iniciativas_Objetivo4
A26: Financiera | B26: 04. Generar rentabilidad económica a partir de la diversificación de ingresos, para la inversión social y la lucha contra el crimen organizado. | C26: Diseñar y/o implementar estrategias de ahorro en la administración de activos. | D26: Generar ahorros producto de la implementación de esquemas de disposición temporal o definitiva de los bienes muebles | E26: Disposición Temporal Disposición Final | F26: Administración de destinación provisional Otras modalidades de disposición final | G26: Gerencia de Bienes Muebles | H26: SÍ | I26: Ahorro por disposición temporal o definitiva de bienes muebles. | J26: Gestión | K26: Economía | L26: Programación anual | M26: ( Valor de ahorro de bienes muebles por disposición temporal y final/ Valor proyectado de ahorro para la vigencia de bienes muebles a disponer temporal o definitivamente)*100% | N26: Objetivo del indicador: medir el valor del ahorro en la vigencia, generado por la disposición temporal o definitiva de bienes muebles. Numerador: corresponde al valor económico ahorrado en la vigencia por disposición temporal o definitiva de bienes muebles. Denominador: corresponde al valor proyectado de ahorro (costos directos por almacenamiento y bodegaje) desde la fecha de entrega de disposición temporal o definitiva hasta el cierre de la vigencia. | O26: 650000000 | P26: Trimestral | Q26: 670072451 | R26: 650000000 | S26: =IFERROR(IF(IF(L26="Programación anual", IF(COUNTIF(O26,"<=1")=1,(Q26/R26)*(100%/O26),Q26/R26), IF(COUNTIF(O26,"<=1")=1,(Q26/R26)*(100%/O26)*(T26/100%),(Q26/R26)*(T54/100%)))>=1,100%,IF(L26="Programación anual", IF(COUNTIF(O26,"<=1")=1,(Q54/R54)*(100%/O54),Q54/R54), IF(COUNTIF(O54,"<=1")=1,(Q54/R54)*(100%/O54)*(T54/100%),(Q54/R54)*(T54/100%))))," ") -> 1 | T26: 1 | U26: =IFERROR(IF(S26=" "," ",IF(S26>=T26,1,S26/T26))," ") -> 1 | V26: El valor de ahorro acumulado en la Gerencia por disposicion final y temporal de discrimina asi: chatarrización; $107.640.377 comercialización: $20.973.449 Donación ustancias: 141.916.696 destinación provisional:56.642.809 devoluciones:18.743.892 por disposiciones finales vigencias anteriores: $ 324.155.228 | AF26: =IF(B26=Datos!$C$11, "Iniciativas_Objetivo1", IF(B26=Datos!$C$12, "Iniciativas_Objetivo2", IF(B26=Datos!$C$13, "Iniciativas_Objetivo3", IF(B26=Datos!$C$14, "Iniciativas_Objetivo4", IF(B26=Datos!$C$15, "Iniciativas_Objetivo5", IF(B26=Datos!$C$16, "Iniciativas_Objetivo6", IF(B26=Datos!$C$17, "Iniciativas_Objetivo7", IF(B26=Datos!$C$18, "Iniciativas_Objetivo8", IF(B26=Datos!$C$19, "Iniciativas_Objetivo9", IF(B26=Datos!$C$20, "Iniciativas_Objetivo10", IF(B26=Datos!$C$21, "Iniciativas_Objetivo11", IF(B26=Datos!$C$22, "Iniciativas_Objetivo12",IF(B26=Datos!$C$23, "Iniciativas_Objetivo13", " "))))))))))))) -> Iniciativas_Objetivo4
A27: Financiera | B27: 04. Generar rentabilidad económica a partir de la diversificación de ingresos, para la inversión social y la lucha contra el crimen organizado. | C27: Adelantar procesos de comercialización y venta de activos | D27: Entregar a las Gerencias de Inmuebles los remanentes en inmuebles por liquidación de sociedades | E27: Disposición Final | F27: Comercialización de Activos | G27: Gerencia de Sociedades en Liquidación | H27: SÍ | I27: Entrega de remanentes en inmuebles por liquidación de Sociedades | J27: Producto | K27: Economía | L27: Programación anual | M27: (Remanentes en inmuebles entregados por liquidación de sociedades / Remanentes en inmuebles de sociedades en liquidación estimados para entrega) *100% | N27: Objetivo del indicador: medir la entrega de remanentes en inmuebles realizada a la Nación por liquidación de Sociedades. Numerador: los remanentes en inmuebles corresponden a los activos sociales extintos producto de la liquidación de la sociedad. Denominador: la estimación de los remanentes se realiza con base en la valoración patrimonial de los activos sociales extintos priorizados para la vigencia. | O27: 74684780832 | P27: Trimestral | Q27: 0 | R27: 74684780832 | S27: =IFERROR(IF(L27="Programación anual", IF(COUNTIF(O27,"<=1")=1,(Q27/R27)*(100%/O27),Q27/R27), IF(COUNTIF(O27,"<=1")=1,(Q27/R27)*(100%/O27)*(T27/100%),(Q27/R27)*(T27/100%)))," ") -> 0 | T27: 1 | U27: =IFERROR(IF(S27=" "," ",IF(S27>=T27,1,S27/T27))," ") -> 0 | V27: ENTREGA REMANENTES FISICOS COSUR • BIENES INMUEBLES URBANOS Orfeo envió: 20225100074743 del 15 de diciembre del 2022 Orfeo reiteración: 20235100034093 del 24 de abril 2023 Orfeo RTA: 20234000048703 del 7 de junio del 2023 (No reciben los remanentes) • BIENES INMUEBLES RURALES Orfeo envió: 20235100034613 del 25 de abril del 2023 Orfeo RTA: 20234100049163 del 9 de junio del 2023 ( aprueba la entrega de remanente) Este indicador no se ha podido cumplir debido a que está sujeto a la finalización del procedimiento de descarga de la sociedad (depende del indicador anterior) | W27: La vida jurídica finalice hay que hacer un cambio en la marcación del activo de social a no social y con base en esto se procede a la entrega del remanente a la gerencia correspondiente se tiene programado realizar mesa de trabajo con la Vicepresidencia De Bienes Muebles e Inmuebles con fin de revisar a profundidad el “ N-DF2-059 Instructivo Remanentes bienes sociales a ingresar al FRISCO. | AF27: =IF(B27=Datos!$C$11, "Iniciativas_Objetivo1", IF(B27=Datos!$C$12, "Iniciativas_Objetivo2", IF(B27=Datos!$C$13, "Iniciativas_Objetivo3", IF(B27=Datos!$C$14, "Iniciativas_Objetivo4", IF(B27=Datos!$C$15, "Iniciativas_Objetivo5", IF(B27=Datos!$C$16, "Iniciativas_Objetivo6", IF(B27=Datos!$C$17, "Iniciativas_Objetivo7", IF(B27=Datos!$C$18, "Iniciativas_Objetivo8", IF(B27=Datos!$C$19, "Iniciativas_Objetivo9", IF(B27=Datos!$C$20, "Iniciativas_Objetivo10", IF(B27=Datos!$C$21, "Iniciativas_Objetivo11", IF(B27=Datos!$C$22, "Iniciativas_Objetivo12",IF(B27=Datos!$C$23, "Iniciativas_Objetivo13", " "))))))))))))) -> Iniciativas_Objetivo4
A28: Financiera | B28: 04. Generar rentabilidad económica a partir de la diversificación de ingresos, para la inversión social y la lucha contra el crimen organizado. | C28: Diseñar y/o implementar estrategias de ahorro en la administración de activos. | D28: Reducir el inventario de las sociedades en liquidación con activos | E28: Disposición Final | F28: Comercialización de Activos | G28: Gerencia de Sociedades en Liquidación | H28: SÍ | I28: Liquidación de sociedades con activos | J28: Producto | K28: Eficacia | L28: Programación anual | M28: (Sociedades con activos liquidadas / Sociedades con activos priorizados para cierre liquidatario) *100% | N28: Objetivo del indicador: medir la reducción del inventario de las sociedades con activos en liquidación. Numerador: corresponde a las sociedades liquidadas registrados en el sistema de información de SAE con marcación de "prestado en el inventario" Denominador: las sociedades con activos priorizadas para cierre liquidatario en la vigencia 2023 es de 8. | O28: 8 | P28: Trimestral | Q28: 4 | R28: 8 | S28: =IFERROR(IF(L28="Programación anual", IF(COUNTIF(O28,"<=1")=1,(Q28/R28)*(100%/O28),Q28/R28), IF(COUNTIF(O28,"<=1")=1,(Q28/R28)*(100%/O28)*(T28/100%),(Q28/R28)*(T28/100%)))," ") -> 0.5 | T28: 1 | U28: =IFERROR(IF(S28=" "," ",IF(S28>=T28,1,S28/T28))," ") -> 0.5 | V28: En virtud del “P-DF2-107 Procedimiento Entrega de Activos”, las siguientes sociedades cuentan con la marcación de PRE-ESTADO, en el aplicativa sigma - INVERSIONES INTEGRAL LTDA EN LIQUIDACION - CRIADERO EL PASO LTDA EN LIQUIDACION - INVERSIONES RODRIGUEZ ARBELAEZ Y CIA S. EN C. EN LIQUIDACIÓN Se realizo la cancelación de la matricula mercantil de la sociedad INVERSIONES Y CONSTRUCCIONES COSMOVALLE LTDA EN LIQUIDACION, conforme el acta final de liquidación, mediante memorando interno de ORFEO 20235100039263 del 18 de mayo de 2023, se solicitó la marcación del PRE – ESTADO en el aplicativa sigma, sin que a la fecha se evidencie la marcación. La sociedad COMPAÑÍA COSTRUCTORA Y COMERCIALIZADORA DEL SUR LIMITADA COSUR LTDA EN LIQUIDACION se encuentra en trámite de entrega de remanentes físicos. | W28: 4 sociedades estan el tramite interno adminisatrtivo para su descarga ya que cuentan con su vida juridica finalizada . A Continuación, se relacionan las sociedades como meta establecidas • CRIADERO EL PASO LTDA EN LIQUIDACION • INVERSIONES INTEGRAL LTDA EN LIQUIDACION COMPAÑÍA COSTRUCTORA Y COMERCIALIZADORA DEL SUR LIMITADA COSUR LTDA EN LIQUIDACION • INVERSIONES MONDRAGON • INVERSIONES ARA • MAROS SA EN LIQUIDACIÓN • INVERPRIME S.A. EN LIQUIDACION • INVERSIONES SANTA LTDA EN LIQUIDACIÓN • C.I. GOLDEX S.A.S. ""EN LIQUIDACION" | AF28: =IF(B28=Datos!$C$11, "Iniciativas_Objetivo1", IF(B28=Datos!$C$12, "Iniciativas_Objetivo2", IF(B28=Datos!$C$13, "Iniciativas_Objetivo3", IF(B28=Datos!$C$14, "Iniciativas_Objetivo4", IF(B28=Datos!$C$15, "Iniciativas_Objetivo5", IF(B28=Datos!$C$16, "Iniciativas_Objetivo6", IF(B28=Datos!$C$17, "Iniciativas_Objetivo7", IF(B28=Datos!$C$18, "Iniciativas_Objetivo8", IF(B28=Datos!$C$19, "Iniciativas_Objetivo9", IF(B28=Datos!$C$20, "Iniciativas_Objetivo10", IF(B28=Datos!$C$21, "Iniciativas_Objetivo11", IF(B28=Datos!$C$22, "Iniciativas_Objetivo12",IF(B28=Datos!$C$23, "Iniciativas_Objetivo13", " "))))))))))))) -> Iniciativas_Objetivo4
A29: Financiera | B29: 04. Generar rentabilidad económica a partir de la diversificación de ingresos, para la inversión social y la lucha contra el crimen organizado. | C29: Diseñar y/o implementar estrategias de ahorro en la administración de activos. | D29: Reducir el inventario de las sociedades en liquidación sin activos y cancelar matrículas de establecimientos de comercio | E29: Disposición Final | F29: Otras Modalidades de Disposición Final | G29: Gerencia de Sociedades en Liquidación | H29: SÍ | I29: Liquidación de sociedades sin activos y cancelación de matrículas de establecimientos de comercio | J29: Producto | K29: Eficacia | L29: Programación anual | M29: (Sociedades sin activos con cierre de procesos liquidatarios y establecimientos de comercio con cancelación de matrículas / Sociedades sin activos y establecimientos de comercio priorizados para cierre liquidatario) *100% | N29: Objetivo del indicador: medir la reducción del inventario de las sociedades en liquidación sin activos y cancelación de matrículas de establecimientos de comercio. Numerador: corresponde a las sociedades sin activos liquidadas y establecimientos de comercio con cancelación de matrículas registrados en el sistema de información de SAE con marcación de "prestado en el inventario" Denominador: las sociedades sin activos y establecimientos de comercio priorizados para cierre liquidatario o cancelación de matrícula en la vigencia 2023 es de 139. | O29: 60 | P29: Trimestral | Q29: 22 | R29: 60 | S29: =IFERROR(IF(L29="Programación anual", IF(COUNTIF(O29,"<=1")=1,(Q29/R29)*(100%/O29),Q29/R29), IF(COUNTIF(O29,"<=1")=1,(Q29/R29)*(100%/O29)*(T29/100%),(Q29/R29)*(T29/100%)))," ") -> 0.36666667 | T29: 1 | U29: =IFERROR(IF(S29=" "," ",IF(S29>=T29,1,S29/T29))," ") -> 0.36666667 | V29: El cumplimiento del indicador se da al 37%, debido a que no se cuenta con el mecanismo idóneo para proceder y culminar el proceso liquidatario de las sociedades o establecimientos de comercio denominados de papel. Se han venido realizando gestiones de circularización de los activos, para que al momento de contra con la figura se proceda a concluir los trámites correspondientes | W29: Se tiene 31 establecimeintos de comercio en proceso de circularizacion y 51 de actas de cuneta final para la inscripcion de camaras para la cancelacion de matricula. | AF29: =IF(B29=Datos!$C$11, "Iniciativas_Objetivo1", IF(B29=Datos!$C$12, "Iniciativas_Objetivo2", IF(B29=Datos!$C$13, "Iniciativas_Objetivo3", IF(B29=Datos!$C$14, "Iniciativas_Objetivo4", IF(B29=Datos!$C$15, "Iniciativas_Objetivo5", IF(B29=Datos!$C$16, "Iniciativas_Objetivo6", IF(B29=Datos!$C$17, "Iniciativas_Objetivo7", IF(B29=Datos!$C$18, "Iniciativas_Objetivo8", IF(B29=Datos!$C$19, "Iniciativas_Objetivo9", IF(B29=Datos!$C$20, "Iniciativas_Objetivo10", IF(B29=Datos!$C$21, "Iniciativas_Objetivo11", IF(B29=Datos!$C$22, "Iniciativas_Objetivo12",IF(B29=Datos!$C$23, "Iniciativas_Objetivo13", " "))))))))))))) -> Iniciativas_Objetivo4
A30: Financiera | B30: 04. Generar rentabilidad económica a partir de la diversificación de ingresos, para la inversión social y la lucha contra el crimen organizado. | C30: Diseñar y/o implementar estrategias de ahorro en la administración de activos. | D30: Disponer de manera definitiva los activos entregados por las extintas FARC que no cuenten con potencial de comercialización | E30: Disposición Final | F30: Comercialización de Activos Otras Modalidades de Disposición Final | G30: Gerencia de Proyectos Especiales | H30: SÍ | I30: Disposición Final de activos entregados por las extintas FARC | J30: Producto | K30: Eficacia | L30: Programación anual | M30: (Activos entregados por las extintas FARC dispuestos de manera definitiva/Activos programados a disponer de manera definitiva)*100% | N30: Objetivo del indicador: medir la disposición final de los activos entregados por las extintas FARC que no cuenten con potencial de comercialización Numerador: activos entregados por las extintas FARC, dispuestos de manera definitiva por mecanismos de chatarrización, destrucción o donación. Denominador: los activos programados a disponer de manera definitiva corresponden a los bienes a chatarrizar, destruir o donar, que no fueron objeto de interés en los procesos de comercialización . Esta meta es variable conforme al comportamiento de la comercialización de activos. | O30: 1 | P30: Trimestral | Q30: =386+1 -> 387 | R30: =15+63+386+1 -> 465 | S30: =IFERROR(IF(L30="Programación anual", IF(COUNTIF(O30,"<=1")=1,(Q30/R30)*(100%/O30),Q30/R30), IF(COUNTIF(O30,"<=1")=1,(Q30/R30)*(100%/O30)*(T30/100%),(Q30/R30)*(T30/100%)))," ") -> 0.83225806 | T30: 1 | U30: =IFERROR(IF(S30=" "," ",IF(S30>=T30,1,S30/T30))," ") -> 0.83225806 | V30: El indicador relaciona la disposición final de los siguientes grupos de bienes: *15 Ud. Intendencia (Visores) *63 Ud. Celulares y accesorios *386 Ud Intendencia (Uniformes militares) *1 Vehículo (BHF123) para chatarrizar De acuerdo a las actividades realizadas por la Gerencia de Proyectos Especiales frente a la disposición final de estos activos, se determinó la disposición del total de los uniformes (386 ud. en el desarrollo de un proyecto de transformación productiva, adicionalmente se definió en presentación de la GPE ante el Consejo Fiduciario, la chatarrización del vehículo BHF123. Así las cosas, se logró definir la disposición final de un total de 387 activos de los 465 programados para destinación definitiva. Para el cumplimiento de este indicador es indispensable que por medio de la figura del Consejo Fiduciario a través de las entidades públicas que lo conforman, se dé aprobación para la disposición final de estos activos. Esta instancia por normatividad debe realizarse mínimo dos veces al año y debe ser convocada por el DAPRE y teniendo en cuenta que está no se convocaba desde el 17 de junio de 2022, durante los tres primeros trimestres no fue posible presentar estos activos para determinar su disposición final. En este sentido la GPE gestionó la realización de la sesión ordinaria del Consejo Fiduciario y elaboró la presentación de los temas a tratar en esta sesión. El Consejo Fiduciario fue convocado por el DAPRE y se realizó el 29 de noviembre de 2023, en el cual se aprobó la chatarrización del vehículo de placa BHF123, sobre el cual se solicitó a la Gerencia de Bienes Muebles de la SAE activar el procedimiento de chatarrización de este vehículo, por ser esta Gerencia la supervisora del contrato de chatarrización. Con respecto a los elementos de intendencia (armamento), debido a que por su naturaleza no pueden ser comercializados, desde la Gerencia de Proyectos Especiales se envío el 16 de noviembre de 2023 la solicitud de inspección y concepto de uso y disposición de estos elementos al Ejercito Nacional por medio del oficio con radicado 20231030470271, sobre el cual la SAE no obtuvo respuesta a la solicitud con corte al 31 de diciembre de 2023. En relación con los uniformes militares, la GPE gestionó y adelantó el proceso de disposición de la totalidad de los activos (386 ud), mediante el acompañamiento a la organización de firmantes de paz denominada RENA-C en cuanto a la estructuración del proyecto de transformación de estos uniformes en productos comercializables (agendas, monederos, llaveros, canguros y cartucheras) y en piezas artísticas para exhibición en museo (resignificación). Frente a este proyecto, se estudiaron diferentes rutas para la consecución de los recursos para su ejecución, entre las que se exploró ante la Gerencia de Sociedades Activas el uso de recursos económicos, en el marco de su Responsabilidad Social Empresarial, para que sean suministrados por las sociedades administradas por la SAE. Adicionalmente, la GPE motivo y apoyo a la organización RENA-C a realizar una reunión con Naciones Unidas con el fin de solicitar los recursos de este proyecto a través de cooperación internacional, proceso que a corte del 31 de diciembre de 2023 se encontraba en trámite por parte de Naciones Unidas. Finalmente, respecto a los equipos celulares y sus accesorios, desde la GPE se consultó y solicitó a la Gerencia Técnica de la SAE la elaboración de una revisión técnica de estos equipos junto con los demás elementos que se encuentran almacenados y en proceso de comercialización, con el fin de que se emita un concepto técnico del estado físico y funcional de estos bienes, definiendo así la ruta para su destinación final. Este proceso de revisión técnica se realizará en el primer trimestre de 2024 según indicaciones de la Gerencia Técnica. | W30: Las acciones para lograr la meta prevista en este indicador están orientadas a la gestión de disposición final como se relaciona a continuación para cada grupo de actrivos: 1. Elementos de intendencia (armamento): Solicitar una mesa de trabajo presencial con la dependencia de Fuerza Pública encargada de emitir el concepto de estos bienes así como de la ruta de disposición final, con el fin de ser presentada ante el Consejo Fiduciario para su aprobación de destinación definitiva. 2. Equipos celulares y accesorios: Una vez se emita el concepto de recomendación de disposición final de los activos por parte de la Gerencia Técnica, la GPE presentará esta información ante el Consejo Fiduciario para su aprobación. 3. Uniformes militares: La GPE durante el primer semestre de 2024, definirá la origen de los recursos que permitirán el desarrollo del proyecto a implementar por la organziación RENA-C y luego de su comercialización, los recursos serán transferidos al Fondo que se designe con el fin de que la Unidad para las víctimas realice la respectiva reparación a las víctimas del conflicto. 4. Chatarrización Vehículo: La GPE solicitará en el primer trimestre de 2024 a la Gerencia de Asuntos Legales de la SAE la resolución de chatarrización del vehículo y de esta forma dar continuidad al procedimiento que determina su disposición final con el apoyo de la Gerencia de Bienes Muebles. | AF30: =IF(B30=Datos!$C$11, "Iniciativas_Objetivo1", IF(B30=Datos!$C$12, "Iniciativas_Objetivo2", IF(B30=Datos!$C$13, "Iniciativas_Objetivo3", IF(B30=Datos!$C$14, "Iniciativas_Objetivo4", IF(B30=Datos!$C$15, "Iniciativas_Objetivo5", IF(B30=Datos!$C$16, "Iniciativas_Objetivo6", IF(B30=Datos!$C$17, "Iniciativas_Objetivo7", IF(B30=Datos!$C$18, "Iniciativas_Objetivo8", IF(B30=Datos!$C$19, "Iniciativas_Objetivo9", IF(B30=Datos!$C$20, "Iniciativas_Objetivo10", IF(B30=Datos!$C$21, "Iniciativas_Objetivo11", IF(B30=Datos!$C$22, "Iniciativas_Objetivo12",IF(B30=Datos!$C$23, "Iniciativas_Objetivo13", " "))))))))))))) -> Iniciativas_Objetivo4
A31: Financiera | B31: 04. Generar rentabilidad económica a partir de la diversificación de ingresos, para la inversión social y la lucha contra el crimen organizado. | C31: Diversificar y fortalecer el portafolio de inversiones de la SAE. | D31: Realizar inversiones de recursos líquidos de acuerdo con el Decreto 1525 del 2008 mediante estrategias de inversión que permitan aumentar la rentabilidad. | E31: Gestión Financiera | F31: Tesorería | G31: Gerencia Financiera | H31: SÍ | I31: Valor total de rendimientos de inversión con recursos líquidos extintos y en proceso | J31: Producto | K31: Economía | L31: Programación anual | M31: (Valor total de rendimientos obtenidos de inversiones con recursos líquidos extintos y en proceso / Meta de rendimientos financieros esperados con inversiones realizadas) *100% | N31: Objetivo del indicador: medir la obtención del valor total de los rendimientos esperados de la inversión de recursos líquidos extintos y en proceso. Numerador: corresponde al valor recibido producto de las inversiones en CDTs, TES, fondos de inversión u otros permitidos en la Ley, de acuerdo con la periodicidad de la inversión. Denominador: corresponde al valor presupuestado de rendimientos por inversión en la vigencia. El valor correspondiente para la vigencia 2023 es de $27.000.000.000. | O31: 55000000000 | P31: Trimestral | Q31: 97054452509 | R31: 55000000000 | S31: =IFERROR(IF(IF(L31="Programación anual", IF(COUNTIF(O31,"<=1")=1,(Q31/R31)*(100%/O31),Q31/R31), IF(COUNTIF(O31,"<=1")=1,(Q31/R31)*(100%/O31)*(T31/100%),(Q31/R31)*(T59/100%)))>=1,100%,IF(L31="Programación anual", IF(COUNTIF(O31,"<=1")=1,(Q59/R59)*(100%/O59),Q59/R59), IF(COUNTIF(O59,"<=1")=1,(Q59/R59)*(100%/O59)*(T59/100%),(Q59/R59)*(T59/100%))))," ") -> 1 | T31: 1 | U31: =IFERROR(IF(S31=" "," ",IF(S31>=T31,1,S31/T31))," ") -> 1 | V31: Información Preliminar: La entidad durante la vigencia 2023 obtuvo rendimientos financieros por valor de $ 97.054.452.509, este recaudo se logra debido al aprovechamiento de las altas tasas de inversion del mercado financiero, siendo los fondos de inversion colectiva el instrumento de inversion con la mayor rentabilidad con el 45.18% del total recibido | AF31: =IF(B31=Datos!$C$11, "Iniciativas_Objetivo1", IF(B31=Datos!$C$12, "Iniciativas_Objetivo2", IF(B31=Datos!$C$13, "Iniciativas_Objetivo3", IF(B31=Datos!$C$14, "Iniciativas_Objetivo4", IF(B31=Datos!$C$15, "Iniciativas_Objetivo5", IF(B31=Datos!$C$16, "Iniciativas_Objetivo6", IF(B31=Datos!$C$17, "Iniciativas_Objetivo7", IF(B31=Datos!$C$18, "Iniciativas_Objetivo8", IF(B31=Datos!$C$19, "Iniciativas_Objetivo9", IF(B31=Datos!$C$20, "Iniciativas_Objetivo10", IF(B31=Datos!$C$21, "Iniciativas_Objetivo11", IF(B31=Datos!$C$22, "Iniciativas_Objetivo12",IF(B31=Datos!$C$23, "Iniciativas_Objetivo13", " "))))))))))))) -> Iniciativas_Objetivo4
A32: Financiera | B32: 04. Generar rentabilidad económica a partir de la diversificación de ingresos, para la inversión social y la lucha contra el crimen organizado. | C32: Fortalecer el modelo de seguimiento y control de los recursos económicos | D32: Realizar el seguimiento y control de la ejecución presupuestal de gasto de SAE | E32: Gestión Financiera | F32: Presupuesto | G32: Gerencia Financiera | H32: NO | I32: Ejecución presupuestal de gasto de SAE | J32: Gestión | K32: Economía | L32: Programación anual | M32: (Valor del presupuesto de gasto ejecutado en SAE / Valor del Presupuesto de gasto SAE aprobado ) *100% | N32: Objetivo del indicador: medir la ejecución presupuestal de gastos de SAE aprobados en la vigencia. Numerador: corresponde al presupuesto ejecutado, acumulado y registrado en el aplicativo financiero. Denominador: el valor de presupuesto de gasto de SAE programado corresponde al aprobado por la Junta Directiva. Observación: este indicador es globalizado centralizado por esta Gerencia, con base en la ejecución presupuestal de las áreas. | O32: 84886263394 | P32: Trimestral | Q32: 75601278787 | R32: 84886263394 | S32: =IFERROR(IF(L32="Programación anual", IF(COUNTIF(O32,"<=1")=1,(Q32/R32)*(100%/O32),Q32/R32), IF(COUNTIF(O32,"<=1")=1,(Q32/R32)*(100%/O32)*(T32/100%),(Q32/R32)*(T32/100%)))," ") -> 0.89061853 | T32: 1 | U32: =IFERROR(IF(S32=" "," ",IF(S32>=T32,1,S32/T32))," ") -> 0.89061853 | V32: Información Preliminar: El porcentaje de ejecución sobre compromisos se encuentra en un 89% sobre la meta anual, donde el rubro más representativo obedece al concepto de gastos asociados a la nómina, seguido por el rubro de arrendamientos de bienes inmuebles. | AF32: =IF(B32=Datos!$C$11, "Iniciativas_Objetivo1", IF(B32=Datos!$C$12, "Iniciativas_Objetivo2", IF(B32=Datos!$C$13, "Iniciativas_Objetivo3", IF(B32=Datos!$C$14, "Iniciativas_Objetivo4", IF(B32=Datos!$C$15, "Iniciativas_Objetivo5", IF(B32=Datos!$C$16, "Iniciativas_Objetivo6", IF(B32=Datos!$C$17, "Iniciativas_Objetivo7", IF(B32=Datos!$C$18, "Iniciativas_Objetivo8", IF(B32=Datos!$C$19, "Iniciativas_Objetivo9", IF(B32=Datos!$C$20, "Iniciativas_Objetivo10", IF(B32=Datos!$C$21, "Iniciativas_Objetivo11", IF(B32=Datos!$C$22, "Iniciativas_Objetivo12",IF(B32=Datos!$C$23, "Iniciativas_Objetivo13", " "))))))))))))) -> Iniciativas_Objetivo4
A33: Financiera | B33: 04. Generar rentabilidad económica a partir de la diversificación de ingresos, para la inversión social y la lucha contra el crimen organizado. | C33: Fortalecer el modelo de seguimiento y control de los recursos económicos | D33: Realizar el seguimiento y control de la ejecución presupuestal de gasto de FRISCO | E33: Gestión Financiera | F33: Presupuesto | G33: Gerencia Financiera | H33: NO | I33: Ejecución presupuestal de gasto de FRISCO | J33: Gestión | K33: Economía | L33: Programación anual | M33: (Valor del presupuesto de gasto ejecutado en FRISCO / Valor del Presupuesto de gasto FRISCO aprobado) *100% | N33: Objetivo del indicador: medir la ejecución presupuestal de gastos de FRISCO aprobados en la vigencia Numerador: corresponde al presupuesto ejecutado, acumulado y registrado en el aplicativo financiero. Denominador: el valor de presupuesto de gasto de FRISCO programado corresponde al aprobado por el Consejo Nacional de Estupefacientes. Observación: este indicador es globalizado centralizado por esta Gerencia, con base en la ejecución presupuestal de las áreas. | O33: 517301251412 | P33: Trimestral | Q33: 4.7391745e+11 | R33: 517301251412 | S33: =IFERROR(IF(L33="Programación anual", IF(COUNTIF(O33,"<=1")=1,(Q33/R33)*(100%/O33),Q33/R33), IF(COUNTIF(O33,"<=1")=1,(Q33/R33)*(100%/O33)*(T33/100%),(Q33/R33)*(T33/100%)))," ") -> 0.91613437 | T33: 1 | U33: =IFERROR(IF(S33=" "," ",IF(S33>=T33,1,S33/T33))," ") -> 0.91613437 | V33: Información Preliminar: El porcentaje de ejecución sobre compromisos se encuentra en un 92% sobre la meta anual, donde el rubro más representativo son las transferencias del Artículo 91 de la Ley 1708 de 2014, destinaciones especificas y los gastos de funcionamiento de la SAE. | AF33: =IF(B33=Datos!$C$11, "Iniciativas_Objetivo1", IF(B33=Datos!$C$12, "Iniciativas_Objetivo2", IF(B33=Datos!$C$13, "Iniciativas_Objetivo3", IF(B33=Datos!$C$14, "Iniciativas_Objetivo4", IF(B33=Datos!$C$15, "Iniciativas_Objetivo5", IF(B33=Datos!$C$16, "Iniciativas_Objetivo6", IF(B33=Datos!$C$17, "Iniciativas_Objetivo7", IF(B33=Datos!$C$18, "Iniciativas_Objetivo8", IF(B33=Datos!$C$19, "Iniciativas_Objetivo9", IF(B33=Datos!$C$20, "Iniciativas_Objetivo10", IF(B33=Datos!$C$21, "Iniciativas_Objetivo11", IF(B33=Datos!$C$22, "Iniciativas_Objetivo12",IF(B33=Datos!$C$23, "Iniciativas_Objetivo13", " "))))))))))))) -> Iniciativas_Objetivo4
A34: Financiera | B34: 04. Generar rentabilidad económica a partir de la diversificación de ingresos, para la inversión social y la lucha contra el crimen organizado. | C34: Generar ingresos producto de la administración o disposición temporal de activos | D34: Recaudar ingresos producto de contratos suscritos bajo el esquema de administración temporal | E34: Disposición Temporal | F34: Administración Directa | G34: Gerencia Regional Centro Oriente | H34: SÍ | I34: Recaudo de Contratos | J34: Gestión | K34: Economía | L34: Programación anual | M34: (Valor recaudado/ Meta de recaudo esperado producto de contratos bajo esquemas de administración temporal)*100% | N34: Objetivo del indicador: medir el recaudo realizado producto de contratos bajo esquemas de administración temporal. Numerador: corresponde al valor recaudado producto de contratos de arrendamiento, de transacción, de legalización o saneamiento (reconocimiento de contratos de arrendamiento de bienes inmuebles). Denominador: corresponde al valor económico de recaudo establecido como meta para la anualidad. | O34: 51439500000 | P34: Trimestral | Q34: 57020230985 | R34: 51439500000 | S34: =IFERROR(IF(IF(L34="Programación anual", IF(COUNTIF(O34,"<=1")=1,(Q34/R34)*(100%/O34),Q34/R34), IF(COUNTIF(O34,"<=1")=1,(Q34/R34)*(100%/O34)*(T34/100%),(Q34/R34)*(T62/100%)))>=1,100%,IF(L34="Programación anual", IF(COUNTIF(O34,"<=1")=1,(Q62/R62)*(100%/O62),Q62/R62), IF(COUNTIF(O62,"<=1")=1,(Q62/R62)*(100%/O62)*(T62/100%),(Q62/R62)*(T62/100%))))," ") -> 1 | T34: 1 | U34: =IFERROR(IF(S34=" "," ",IF(S34>=T34,1,S34/T34))," ") -> 1 | V34: De acuerdo con la Información entregada por la Gerencia Financiera de la entidad, el recaudo conseguido por la Gerencia Regional Centro Oriente asciende a $57.020.230.985 teniendo en cuenta que la siguiente discriminación: $ 47.077.474.092 corresponden al recaudo de cánones de arrendamiento y acuerdos de pago mediante facturación ordinaria. $ 9.861.123.160 corresponden al recuado descentralizado por el inmueble de Gran Estación, realizado por aprobación del Comité Central de Negocios por el Depositario Colliers. $ 81.533.733 corresponden a ingresos de parte del tesoro Nacional que no ha sido asignado a contratos especificos y se encuentra en proceso de identificación. | AF34: =IF(B34=Datos!$C$11, "Iniciativas_Objetivo1", IF(B34=Datos!$C$12, "Iniciativas_Objetivo2", IF(B34=Datos!$C$13, "Iniciativas_Objetivo3", IF(B34=Datos!$C$14, "Iniciativas_Objetivo4", IF(B34=Datos!$C$15, "Iniciativas_Objetivo5", IF(B34=Datos!$C$16, "Iniciativas_Objetivo6", IF(B34=Datos!$C$17, "Iniciativas_Objetivo7", IF(B34=Datos!$C$18, "Iniciativas_Objetivo8", IF(B34=Datos!$C$19, "Iniciativas_Objetivo9", IF(B34=Datos!$C$20, "Iniciativas_Objetivo10", IF(B34=Datos!$C$21, "Iniciativas_Objetivo11", IF(B34=Datos!$C$22, "Iniciativas_Objetivo12",IF(B34=Datos!$C$23, "Iniciativas_Objetivo13", " "))))))))))))) -> Iniciativas_Objetivo4
A35: Financiera | B35: 04. Generar rentabilidad económica a partir de la diversificación de ingresos, para la inversión social y la lucha contra el crimen organizado. | C35: Generar ingresos producto de la administración o disposición temporal de activos | D35: Recaudar ingresos producto de contratos suscritos bajo el esquema de administración temporal | E35: Disposición Temporal | F35: Administración Directa | G35: Gerencia Regional Norte | H35: SÍ | I35: Recaudo de Contratos | J35: Gestión | K35: Economía | L35: Programación anual | M35: (Valor recaudado/ Meta de recaudo esperado producto de contratos bajo esquemas de administración temporal)*100% | N35: Objetivo del indicador: medir el recaudo realizado producto de contratos bajo esquemas de administración temporal. Numerador: corresponde al valor recaudado producto de contratos de arrendamiento, de transacción, de legalización o saneamiento (reconocimiento de contratos de arrendamiento de bienes inmuebles). Denominador: corresponde al valor económico de recaudo establecido como meta para la anualidad. | O35: 16166700000 | P35: Trimestral | Q35: 13518473683 | R35: 16166700000 | S35: =IFERROR(IF(L35="Programación anual", IF(COUNTIF(O35,"<=1")=1,(Q35/R35)*(100%/O35),Q35/R35), IF(COUNTIF(O35,"<=1")=1,(Q35/R35)*(100%/O35)*(T35/100%),(Q35/R35)*(T35/100%)))," ") -> 0.83619252 | T35: 1 | U35: =IFERROR(IF(S35=" "," ",IF(S35>=T35,1,S35/T35))," ") -> 0.83619252 | V35: Las Gerencias Regionales tuvieron una modificación a las metas de recaudo del PAI 2023 durante primer semestre correspondientes a un incremento en el valor a recaudar. El cumplimiento durante el año 2023 fue del 84%, este se vio asociado a un incremento en los contratos de transacción, mayor gestión de cartera por parte directa de la regional y seguimiento a la cartera judicializada. | W35: La Regional Norte aunque cumplio la meta en un 84%, resalta el logro realizado en este indicador, en consideracion a que en la vigencia 2022 el resultado de este indicador fue de $13.388.878.078, con un porcentaje de cumplimiento de 118% y que durante el 2023, se recaudo ha la fecha $13.518.473.683, superando este valor. Es importante mencionar que en algunos casos tuvimos contratos que no se encontraban a cordes con la metodología o el cumplimiento de la misma, por lo que, se debió proceder con la terminación de contratos de arrendamiento, o algunos sobre los que se tenían interés en el marco de Tierras para La Paz. Se proyecta para la meta de 2024 el impulso a saneamientos pendientes de aproximadamente 131 contratos, seguimiento y continuidad a prórrogas, fortalecer la comercialización de inmuebles y, seguimiento y depuración de la cartera judicalizada. | AF35: =IF(B35=Datos!$C$11, "Iniciativas_Objetivo1", IF(B35=Datos!$C$12, "Iniciativas_Objetivo2", IF(B35=Datos!$C$13, "Iniciativas_Objetivo3", IF(B35=Datos!$C$14, "Iniciativas_Objetivo4", IF(B35=Datos!$C$15, "Iniciativas_Objetivo5", IF(B35=Datos!$C$16, "Iniciativas_Objetivo6", IF(B35=Datos!$C$17, "Iniciativas_Objetivo7", IF(B35=Datos!$C$18, "Iniciativas_Objetivo8", IF(B35=Datos!$C$19, "Iniciativas_Objetivo9", IF(B35=Datos!$C$20, "Iniciativas_Objetivo10", IF(B35=Datos!$C$21, "Iniciativas_Objetivo11", IF(B35=Datos!$C$22, "Iniciativas_Objetivo12",IF(B35=Datos!$C$23, "Iniciativas_Objetivo13", " "))))))))))))) -> Iniciativas_Objetivo4
A36: Financiera | B36: 04. Generar rentabilidad económica a partir de la diversificación de ingresos, para la inversión social y la lucha contra el crimen organizado. | C36: Generar ingresos producto de la administración o disposición temporal de activos | D36: Recaudar ingresos producto de contratos suscritos bajo el esquema de administración temporal | E36: Disposición Temporal | F36: Administración Directa | G36: Gerencia Regional Occidente | H36: SÍ | I36: Recaudo de Contratos | J36: Gestión | K36: Economía | L36: Programación anual | M36: (Valor recaudado/ Meta de recaudo esperado producto de contratos bajo esquemas de administración temporal)*100% | N36: Objetivo del indicador: medir el recaudo realizado producto de contratos bajo esquemas de administración temporal. Numerador: corresponde al valor recaudado producto de contratos de arrendamiento, de transacción, de legalización o saneamiento (reconocimiento de contratos de arrendamiento de bienes inmuebles). Denominador: corresponde al valor económico de recaudo establecido como meta para la anualidad. | O36: 38212200000 | P36: Trimestral | Q36: 29916957629 | R36: 38212200000 | S36: =IFERROR(IF(L36="Programación anual", IF(COUNTIF(O36,"<=1")=1,(Q36/R36)*(100%/O36),Q36/R36), IF(COUNTIF(O36,"<=1")=1,(Q36/R36)*(100%/O36)*(T36/100%),(Q36/R36)*(T36/100%)))," ") -> 0.78291639 | T36: 1 | U36: =IFERROR(IF(S36=" "," ",IF(S36>=T36,1,S36/T36))," ") -> 0.78291639 | V36: El avance del indicador esta en el 78% teniendo en cuenta que uno de los factores que afectan el cumplimiento del indicador son las terminaciones resultantes de la revisión de los contratos de arrendamiento ya que se evidencio que los arrendatarios eran afectados dentro del proceso, y se debe dar cumplimiento a la Metodología. El nuevo proceso de la debida diligencia teniendo en cuenta los tiempos de respuesta de esta área. | W36: Como mecanismo para alcanzar el cumplimiento del indicador de recaudo, en la Regional Occidente se promueve la celebracion de contratos de transaccion para cuidar el recuado y minizar el riesgo de no recibir estos dineros por usufruto. Adicionalmente, se realiza la revisión de la facturación minuciosamente para lograr que todos los contratos facturen y se recuade. Es de aclarar que en reunion de la gerencia con el Vice financiero la meta se ajusta de $38.212.200.000 a $37.596.000.000, | AF36: =IF(B36=Datos!$C$11, "Iniciativas_Objetivo1", IF(B36=Datos!$C$12, "Iniciativas_Objetivo2", IF(B36=Datos!$C$13, "Iniciativas_Objetivo3", IF(B36=Datos!$C$14, "Iniciativas_Objetivo4", IF(B36=Datos!$C$15, "Iniciativas_Objetivo5", IF(B36=Datos!$C$16, "Iniciativas_Objetivo6", IF(B36=Datos!$C$17, "Iniciativas_Objetivo7", IF(B36=Datos!$C$18, "Iniciativas_Objetivo8", IF(B36=Datos!$C$19, "Iniciativas_Objetivo9", IF(B36=Datos!$C$20, "Iniciativas_Objetivo10", IF(B36=Datos!$C$21, "Iniciativas_Objetivo11", IF(B36=Datos!$C$22, "Iniciativas_Objetivo12",IF(B36=Datos!$C$23, "Iniciativas_Objetivo13", " "))))))))))))) -> Iniciativas_Objetivo4
A37: Financiera | B37: 04. Generar rentabilidad económica a partir de la diversificación de ingresos, para la inversión social y la lucha contra el crimen organizado. | C37: Generar ingresos producto de la administración o disposición temporal de activos | D37: Recaudar ingresos producto de contratos suscritos bajo el esquema de administración temporal | E37: Disposición Temporal | F37: Administración Directa | G37: Gerencia Regional Sur Occidente | H37: SÍ | I37: Recaudo de Contratos | J37: Gestión | K37: Economía | L37: Programación anual | M37: (Valor recaudado/ Meta de recaudo esperado producto de contratos bajo esquemas de administración temporal)*100% | N37: Objetivo del indicador: medir el recaudo realizado producto de contratos bajo esquemas de administración temporal. Numerador: corresponde al valor recaudado producto de contratos de arrendamiento, de transacción, de legalización o saneamiento (reconocimiento de contratos de arrendamiento de bienes inmuebles). Denominador: corresponde al valor económico de recaudo establecido como meta para la anualidad. | O37: 41151600000 | P37: Trimestral | Q37: 35062580183 | R37: 41151600000 | S37: =IFERROR(IF(L37="Programación anual", IF(COUNTIF(O37,"<=1")=1,(Q37/R37)*(100%/O37),Q37/R37), IF(COUNTIF(O37,"<=1")=1,(Q37/R37)*(100%/O37)*(T37/100%),(Q37/R37)*(T37/100%)))," ") -> 0.85203443 | T37: 1 | U37: =IFERROR(IF(S37=" "," ",IF(S37>=T37,1,S37/T37))," ") -> 0.85203443 | V37: El recaudo mensual mensual hasta DICIEMBRE 31 de 2023 por parte de la Regional Suroccidente por conceptos de canones de arrendamineto ha sido asi. ENERO $2,730,874,039, FEBRERO $2,813,893,343, MARZO $ 2,751,924,266, ABRIL $ 2,701,051,501, MAYO $ 3,115,778,025, JUNIO $ 2,789,851,899, JULIO $ 3,023,736,137, AGOSTO $ $ 2,934,516,879, SEPTIEMBRE $ 2,815,869,621, OCTUBRE $ 2,933,083,629, NOVIEMBRE $ 3,450,786,439, DICIEMBRE $ 2,839,692,132 | AF37: =IF(B37=Datos!$C$11, "Iniciativas_Objetivo1", IF(B37=Datos!$C$12, "Iniciativas_Objetivo2", IF(B37=Datos!$C$13, "Iniciativas_Objetivo3", IF(B37=Datos!$C$14, "Iniciativas_Objetivo4", IF(B37=Datos!$C$15, "Iniciativas_Objetivo5", IF(B37=Datos!$C$16, "Iniciativas_Objetivo6", IF(B37=Datos!$C$17, "Iniciativas_Objetivo7", IF(B37=Datos!$C$18, "Iniciativas_Objetivo8", IF(B37=Datos!$C$19, "Iniciativas_Objetivo9", IF(B37=Datos!$C$20, "Iniciativas_Objetivo10", IF(B37=Datos!$C$21, "Iniciativas_Objetivo11", IF(B37=Datos!$C$22, "Iniciativas_Objetivo12",IF(B37=Datos!$C$23, "Iniciativas_Objetivo13", " "))))))))))))) -> Iniciativas_Objetivo4
A38: Financiera | B38: 04. Generar rentabilidad económica a partir de la diversificación de ingresos, para la inversión social y la lucha contra el crimen organizado. | C38: Generar ingresos producto de la administración o disposición temporal de activos | D38: Distribuir las utilidades generadas por sociedades activas al FRISCO | E38: Disposición Temporal | F38: Administración de Depósitos Provisionales | G38: Gerencia de Sociedades Activas | H38: SÍ | I38: Distribución de utilidades generadas por sociedades activas al FRISCO | J38: Producto | K38: Economía | L38: Programación anual | M38: (Utilidades generadas por sociedades distribuidas al FRISCO en el periodo / Utilidades estimadas a distribuir al FRISCO)*100% | N38: Objetivo del indicador: medir la distribución de utilidades generadas por las Sociedades Activas. Numerador: corresponde a las utilidades distribuidas al FRISCO después de pago de pasivos de las sociedades. Denominador: corresponde a las utilidades estimadas a distribuir por sociedades. La estimación prevista para el 2023 se toma con base en estudio realizado por consultora externa. | O38: 1321000000 | P38: Trimestral | Q38: 26258061344 | R38: 1321000000 | S38: =IFERROR(IF(IF(L38="Programación anual", IF(COUNTIF(O38,"<=1")=1,(Q38/R38)*(100%/O38),Q38/R38), IF(COUNTIF(O38,"<=1")=1,(Q38/R38)*(100%/O38)*(T38/100%),(Q38/R38)*(T66/100%)))>=1,100%,IF(L38="Programación anual", IF(COUNTIF(O38,"<=1")=1,(Q66/R66)*(100%/O66),Q66/R66), IF(COUNTIF(O66,"<=1")=1,(Q66/R66)*(100%/O66)*(T66/100%),(Q66/R66)*(T66/100%))))," ") -> 1 | T38: 1 | U38: =IFERROR(IF(S38=" "," ",IF(S38>=T38,1,S38/T38))," ") -> 1 | V38: A corte del 31 de diciembre del 2023, se generaron unas utilidades por un valor de $26.258.061.344 de pesos, es decir 18.9 veces más de lo estimado para la vigencia 2022. Con respecto al recaudo del año 2022, el incremento corresponde a un 36%, lo cual evidencia que el efectivo control por parte del equipo de la Gerencia ha logrado una mejor administración de los activos por parte de los Gerentes de la Sociedades. | AF38: =IF(B38=Datos!$C$11, "Iniciativas_Objetivo1", IF(B38=Datos!$C$12, "Iniciativas_Objetivo2", IF(B38=Datos!$C$13, "Iniciativas_Objetivo3", IF(B38=Datos!$C$14, "Iniciativas_Objetivo4", IF(B38=Datos!$C$15, "Iniciativas_Objetivo5", IF(B38=Datos!$C$16, "Iniciativas_Objetivo6", IF(B38=Datos!$C$17, "Iniciativas_Objetivo7", IF(B38=Datos!$C$18, "Iniciativas_Objetivo8", IF(B38=Datos!$C$19, "Iniciativas_Objetivo9", IF(B38=Datos!$C$20, "Iniciativas_Objetivo10", IF(B38=Datos!$C$21, "Iniciativas_Objetivo11", IF(B38=Datos!$C$22, "Iniciativas_Objetivo12",IF(B38=Datos!$C$23, "Iniciativas_Objetivo13", " "))))))))))))) -> Iniciativas_Objetivo4
A39: Financiera | B39: 05. Garantizar la recuperación de cartera por procesos de cobro persuasivo y judicialización. | C39: Gestionar la recuperación de cartera producto de la administración de activos. | D39: Recuperar obligaciones vencidas a través de CISA | E39: Disposición Temporal | F39: Administración Directa | G39: Gerencia Financiera | H39: SÍ | I39: Cartera recuperada por cobro persuasivo | J39: Gestión | K39: Economía | L39: Programación anual | M39: (Valor recaudado por el gestor de cobranza / Saldo de cartera asignado al operador a corte del trimestre evaluado) *100% | N39: Objetivo del indicador: medir la recuperación de la cartera por cobro persuasivo. Numerador: es el valor del recaudo de cartera, es decir, el valor recaudado por SAE. Estos datos son acumulados a corte del trimestre evaluado. Denominador: corresponde a la meta de recaudo de la cartera asignada a corte del trimestre evaluado, la cual es variable de acuerdo con asignación. La meta mensual mínima de recuperación de cartera es del 7%, por lo que la meta asignada anualmente, corresponde a la sumatoria del 7% asignado mes a mes en la vigencia. | O39: 0.84 | P39: Trimestral | Q39: 1.4894518e+10 | R39: 1.8732818e+10 | S39: =IFERROR(IF(L39="Programación anual", IF(COUNTIF(O39,"<=1")=1,(Q39/R39)*(100%/O39),Q39/R39), IF(COUNTIF(O39,"<=1")=1,(Q39/R39)*(100%/O39)*(T39/100%),(Q39/R39)*(T39/100%)))," ") -> 0.94655107 | T39: 1 | U39: =IFERROR(IF(S39=" "," ",IF(S39>=T39,1,S39/T39))," ") -> 0.94655107 | V39: A Diciembre de 2023 se obtuvo un recaudo de cartera de $27.018 millones a través de los distintos mecanismos habilitados para recuperación de cartera, no obstante, dada la naturaleza del indicador del cobro persuasivo ejercido por CISA se tiene un recaudo acumulado de $14.894 millones m/cte., frente a la asignación de recuperación de cartera a CISA que corresponde a $ 18.732 millones m/cte a corte del 31 de diciembre del 2023. De acuerdo con el recaudo, se concluye que CISA ha mantenido una variación entre el 4.2% y el 6% del recaudo mínimo propuesto como meta establecida. obteniendo como resultado para el indicador en el T4 un cumplimiento del 80% frente a la meta anual. | W39: La eficiencia en el recaudo del contrato de CISA se realiza conforme a las metas establecidas por edad de mora, con el fin de armonizar los indicadores frente a lo planteado contractualmente. a continuacion se relacionan las metas por edad de mora: 31 a 60 días 52% 61 a 90 días 40% 91 a 180 días 15% Mayor a 180 Días 1.6 % | AF39: =IF(B39=Datos!$C$11, "Iniciativas_Objetivo1", IF(B39=Datos!$C$12, "Iniciativas_Objetivo2", IF(B39=Datos!$C$13, "Iniciativas_Objetivo3", IF(B39=Datos!$C$14, "Iniciativas_Objetivo4", IF(B39=Datos!$C$15, "Iniciativas_Objetivo5", IF(B39=Datos!$C$16, "Iniciativas_Objetivo6", IF(B39=Datos!$C$17, "Iniciativas_Objetivo7", IF(B39=Datos!$C$18, "Iniciativas_Objetivo8", IF(B39=Datos!$C$19, "Iniciativas_Objetivo9", IF(B39=Datos!$C$20, "Iniciativas_Objetivo10", IF(B39=Datos!$C$21, "Iniciativas_Objetivo11", IF(B39=Datos!$C$22, "Iniciativas_Objetivo12",IF(B39=Datos!$C$23, "Iniciativas_Objetivo13", " "))))))))))))) -> Iniciativas_Objetivo5
A40: Financiera | B40: 05. Garantizar la recuperación de cartera por procesos de cobro persuasivo y judicialización. | C40: Gestionar la recuperación de cartera producto de la administración de activos. | D40: Recuperar las obligaciones vencidas superiores a 180 días identificadas para judicialización | E40: Gestión Jurídica | F40: Defensa Judicial | G40: Gerencia de Asuntos Legales | H40: SÍ | I40: Cartera recuperada por judicialización | J40: Gestión | K40: Economía | L40: Programación anual | M40: (Valor de cartera recuperada/ Valor de la cartera programada a recuperar en la vigencia) * 100% | N40: Objetivo del indicador: medir la recuperación de la cartera por judicialización. Numerador: es el valor recaudado de cartera por SAE. Esta cartera incluye carteras provenientes de vigencias pasadas y que fueron programadas para recuperar en la vigencia actual. Denominador: la programación de cartera a recuperar en la vigencia corresponde al valor castigado jurídicamente a corte de la vigencia. El valor a programar para la vigencia es de 1800 millones de pesos. Nota: los datos de recaudo y metas son acumulados. | O40: 1 | P40: Trimestral | Q40: 3741839472 | R40: 1800000000 | S40: =IFERROR(IF(IF(L40="Programación anual", IF(COUNTIF(O40,"<=1")=1,(Q40/R40)*(100%/O40),Q40/R40), IF(COUNTIF(O40,"<=1")=1,(Q40/R40)*(100%/O40)*(T40/100%),(Q40/R40)*(T68/100%)))>=1,100%,IF(L40="Programación anual", IF(COUNTIF(O40,"<=1")=1,(Q68/R68)*(100%/O68),Q68/R68), IF(COUNTIF(O68,"<=1")=1,(Q68/R68)*(100%/O68)*(T68/100%),(Q68/R68)*(T68/100%))))," ") -> 1 | T40: 1 | U40: =IFERROR(IF(S40=" "," ",IF(S40>=T40,1,S40/T40))," ") -> 1 | V40: Este indicador es el logro de la recuperación de cartera del cuarto trimestre del año 2023, el cual va en un cumplimiento mayor al 206% hasta el mes de Diciembre, este porcentaje como resultado de un trabajo en conjunto de la dependencia de Defensa Judicial y los abogados externos, que tiene como principal objetivo identificar los casos de cartera recuperables, iniciar el proceso civil correspondiente al caso, acompañar la solicitud de las medidas cautelares dentro los procesos ejecutivos y suscribir acuerdos de pago exitosos con los arrendatarios. | AF40: =IF(B40=Datos!$C$11, "Iniciativas_Objetivo1", IF(B40=Datos!$C$12, "Iniciativas_Objetivo2", IF(B40=Datos!$C$13, "Iniciativas_Objetivo3", IF(B40=Datos!$C$14, "Iniciativas_Objetivo4", IF(B40=Datos!$C$15, "Iniciativas_Objetivo5", IF(B40=Datos!$C$16, "Iniciativas_Objetivo6", IF(B40=Datos!$C$17, "Iniciativas_Objetivo7", IF(B40=Datos!$C$18, "Iniciativas_Objetivo8", IF(B40=Datos!$C$19, "Iniciativas_Objetivo9", IF(B40=Datos!$C$20, "Iniciativas_Objetivo10", IF(B40=Datos!$C$21, "Iniciativas_Objetivo11", IF(B40=Datos!$C$22, "Iniciativas_Objetivo12",IF(B40=Datos!$C$23, "Iniciativas_Objetivo13", " "))))))))))))) -> Iniciativas_Objetivo5
A41: Grupos de Interés | B41: 06. Garantizar el acceso a la información pública, la participación ciudadana y el diálogo social entre la SAE y poblaciones constitucionalmente protegidas y demás grupos de interés, con principios de inclusión, transparencia, calidad y consistencia. | C41: Diversificar estrategias y canales de información pública dirigidos a la ciudadanía | D41: Promover el portafolio social y comercial de la SAE en los diferentes grupos de interés | E41: Comunicación y Atención de Requerimientos | F41: Comunicación Organizacional | G41: Oficina de Comunicaciones y Atención al Ciudadano | H41: SÍ | I41: Promoción de portafolio social y comercial de la SAE | J41: Gestión | K41: Eficacia | L41: Programación anual | M41: (Número de estrategias asociadas al portafolio social y comercial de SAE implementadas / Número de estrategias asociadas al portafolio social y comercial de SAE programadas)*100% | N41: Objetivo del indicador: medir la implementación de las estrategias de comunicación asociadas al portafolio social y comercial de SAE en medios digitales. Numerador: corresponde a las estrategias de comunicación asociadas al portafolio social y comercial implementadas en redes sociales y/o página web institucional. Denominador: corresponde a las estrategias programadas por la Oficina de Comunicaciones y Atención al Ciudadano relacionadas con la divulgación del portafolio social y comercial de SAE . El portafolio social corresponde a sociedades y el comercial a las otras tipologías de activos. | O41: 180 | P41: Trimestral | Q41: 180 | R41: 180 | S41: =IFERROR(IF(L41="Programación anual", IF(COUNTIF(O41,"<=1")=1,(Q41/R41)*(100%/O41),Q41/R41), IF(COUNTIF(O41,"<=1")=1,(Q41/R41)*(100%/O41)*(T41/100%),(Q41/R41)*(T41/100%)))," ") -> 1 | T41: 1 | U41: =IFERROR(IF(S41=" "," ",IF(S41>=T41,1,S41/T41))," ") -> 1 | V41: En redes sociales se realizon piezas sobre las campañas, boletines de prensa e información general de la gestión de la SAE Primer trimestre: Se relizaron 45 publicaciónes Segundo trimestre: Se realizaron 45 publicaciones Tercer trimestre: Se realizaron 45 publicaciones Cuarto Trimestre: Se realizaron 45 publicaciones Total : 180 publicaciones. https://www.instagram.com/saesas1/ https://www.facebook.com/activosSAE https://twitter.com/activosSAEEn redes sociales | AF41: =IF(B41=Datos!$C$11, "Iniciativas_Objetivo1", IF(B41=Datos!$C$12, "Iniciativas_Objetivo2", IF(B41=Datos!$C$13, "Iniciativas_Objetivo3", IF(B41=Datos!$C$14, "Iniciativas_Objetivo4", IF(B41=Datos!$C$15, "Iniciativas_Objetivo5", IF(B41=Datos!$C$16, "Iniciativas_Objetivo6", IF(B41=Datos!$C$17, "Iniciativas_Objetivo7", IF(B41=Datos!$C$18, "Iniciativas_Objetivo8", IF(B41=Datos!$C$19, "Iniciativas_Objetivo9", IF(B41=Datos!$C$20, "Iniciativas_Objetivo10", IF(B41=Datos!$C$21, "Iniciativas_Objetivo11", IF(B41=Datos!$C$22, "Iniciativas_Objetivo12",IF(B41=Datos!$C$23, "Iniciativas_Objetivo13", " "))))))))))))) -> Iniciativas_Objetivo6
A42: Grupos de Interés | B42: 06. Garantizar el acceso a la información pública, la participación ciudadana y el diálogo social entre la SAE y poblaciones constitucionalmente protegidas y demás grupos de interés, con principios de inclusión, transparencia, calidad y consistencia. | C42: Generar espacios de participación ciudadana y diálogo social con los grupos de interés de SAE | D42: Contribuir a la emisión de respuestas oportunas por concepto de derechos de petición y PQRS | E42: Comunicación y Atención de Requerimientos | F42: Atención al Usuario | G42: Oficina de Comunicaciones y Atención al Ciudadano | H42: No | I42: Gestión de derechos de petición y PQRS | J42: Gestión | K42: Calidad | L42: Demanda | M42: (Cantidad de Derechos de Petición y PQRS con respuesta oportuna / Cantidad de Derechos de Petición y PQRS allegados a la entidad)*100% | N42: Objetivo del indicador: medir la consolidación y control de las respuestas oportunas de los derechos de petición y PQRS. El Indicador es centralizado en esta Oficina y se presenta de forma global de acuerdo a las respuestas de las áreas. Numerador: corresponde al número de derechos de petición y PQRS que han sido respondidos de manera oportuna con base en los siguientes Acuerdos de Niveles de Servicio (ANS): * 30 DÍAS: Consultas * 15 DÍAS: Denuncia por actos de corrupción; Derechos de petición; Felicitación; Informativo; Quejas; Reclamos; Solicitudes de acceso a información pública (copias); Solicitudes de acceso a información pública; Solicitudes de informes por los congresistas y Sugerencias. * 10 DÍAS: Peticiones entre autoridades y Solicitudes de copias de documentos. * 5 DÍAS: Solicitudes de informes por los congresistas y Solicitudes de periodistas ejercicio de profesión Denominador: corresponde al número de derechos de petición y PQRSs que allegan a SAE por los canales disponibles para estas solicitudes. | O42: 1 | P42: Trimestral | Q42: 12457 | R42: 20271 | S42: =IFERROR(IF(L42="Programación anual", IF(COUNTIF(O42,"<=1")=1,(Q42/R42)*(100%/O42),Q42/R42), IF(COUNTIF(O42,"<=1")=1,(Q42/R42)*(100%/O42)*(T42/100%),(Q42/R42)*(T42/100%)))," ") -> 0.61452321 | T42: 1 | U42: =IFERROR(IF(S42=" "," ",IF(S42>=T42,1,S42/T42))," ") -> 0.61452321 | V42: A la Sociedad de Activos Especiales llegaron en el PRIMER TRIMESTRE del año 2023 5.309 PQRSFD, de las cuales se reporta así: Enero: 1463 Febrero: 1800 Marzo: 2046 Ahora bien, durante el periodo evaluado se reportó el siguiente estado de las solicitudes: En términos: 172 Respuesta extemporánea: 1428 Tramitado en término legal: 3599 Vencida: 110 Desistida: 0 SEGUNDO TRIMESTRE: A la sociedad de Activos Especiales ingresaron 5.455 PQRSFD, de las cuales se reporta así: Abril: 1751 Mayo: 2071 Junio: 1633 Ahora bien, durante el periodo evaluado se reportó el siguiente estado de las solicitudes: En términos: 636 Respuesta extemporánea: 1292 Tramitado en término legal: 3320 Vencida: 207 Desistida: 0 En ese óden de ideas se evidencia que más del 50% de las solicitudes que ingresan a la Entidad se han tramitado oportunamente, sin embargo, debemos mejorar en la atención oportuna de las respuestas. https://www.saesas.gov.co/informacion_ciudadano/informacion_adicional/estadisticas_servicio/2023 Tercer Trimestre: Se recibieron 5.034 PQRSFD en los meses de julio, agosto y septiembre, su estado legal se refleja así: En términos 736 Respuesta extemporánea 1321 Tramitado en término legal 2793 Vencida 176 Desistida 8 https://www.saesas.gov.co/atencion_servicios_ciudadania/informacion_ciudadano/informacion_adicional/estadisticas_servicio/2023/informe_trimestral_jul_agos_sep Total PQRSFD: 15798 CUARTO TRIMESTRE: Se recibieron 4.473 PQRSFD en los meses de octubre, noviembre y diciembre, así: Octubre 1588 Noviembre 1586 Diciembre 1299 Estado legal se refleja así: En términos 788 Respuesta extemporánea 721 Tramitado en término legal 2745 Vencida 219 Desistida 0 Total PQRSFD: 20271 https://www.saesas.gov.co/atencion_servicios_ciudadania/informacion_ciudadano/informacion_adicional/estadisticas_servicio/2023 | W42: Atención al ciudadano emite unas alertas de vencimiento semanales los miércoles y viernes donde se reporta al funcionario y jefe del área las PQRS que se encuentran sin atender y de las cuales ya expiro el termino máximo de la misma para su determinada respuesta. Adicionalmente dando mayor alcance y seguimiento a las PQRS se envía un reporte cada fin de mes al área de talento humano con el fin de realizar las acciones pertinentes acorde al incumplimiento ya evidenciado. Es importante mencionar que la responsabilidad de atender las peticiones oportunamente recae sobre las áreas competentes desde la asignación de la misma, por ende la Oficina de Comunicaciones y Atención al Ciudadano ha cumplido al 100% respecto la vigilancia y seguimiento a los requerimientos recibidos por la SAE. | AF42: =IF(B42=Datos!$C$11, "Iniciativas_Objetivo1", IF(B42=Datos!$C$12, "Iniciativas_Objetivo2", IF(B42=Datos!$C$13, "Iniciativas_Objetivo3", IF(B42=Datos!$C$14, "Iniciativas_Objetivo4", IF(B42=Datos!$C$15, "Iniciativas_Objetivo5", IF(B42=Datos!$C$16, "Iniciativas_Objetivo6", IF(B42=Datos!$C$17, "Iniciativas_Objetivo7", IF(B42=Datos!$C$18, "Iniciativas_Objetivo8", IF(B42=Datos!$C$19, "Iniciativas_Objetivo9", IF(B42=Datos!$C$20, "Iniciativas_Objetivo10", IF(B42=Datos!$C$21, "Iniciativas_Objetivo11", IF(B42=Datos!$C$22, "Iniciativas_Objetivo12",IF(B42=Datos!$C$23, "Iniciativas_Objetivo13", " "))))))))))))) -> Iniciativas_Objetivo6
A43: Grupos de Interés | B43: 07. Promover la creación de alianzas público populares, comunitarias, cooperativas, corporativas y de cooperación internacional, que permitan el uso y el goce de bienes y servicios de la SAE por parte de sus grupos de interés, así como su fortalecimiento institucional. | C43: Generar alianzas estratégicas para el cumplimiento de los objetivos institucionales de SAE | D43: Generar espacios de interacción con la población beneficiaria | E43: Comunicación y Atención de Requerimientos | F43: Comunicación Organizacional | G43: Oficina de Comunicaciones y Atención al Ciudadano | H43: SÍ | I43: Espacios de interacción con la población beneficiaria | J43: Gestión | K43: Eficacia | L43: Programación anual | M43: (Espacios de interacción con la población beneficiaria ejecutados/ Meta de espacios de interacción con la población beneficiaria)*100% | N43: Objetivo del indicador: medir la generación de espacios de interacción con población beneficiaria. Estos espacios tendrán como objetivo brindar herramientas comunicativas a la población beneficiaria a través de talleres dirigidos . Numerador: corresponde a el número de espacios de interacción con población beneficiaria que han sido culminados exitosamente y cuentan con las respectivas evidencias. Denominador: corresponde al número de espacios de interacción con población beneficiaria programadas para la vigencia. | O43: 6 | P43: Trimestral | Q43: 6 | R43: 6 | S43: =IFERROR(IF(L43="Programación anual", IF(COUNTIF(O43,"<=1")=1,(Q43/R43)*(100%/O43),Q43/R43), IF(COUNTIF(O43,"<=1")=1,(Q43/R43)*(100%/O43)*(T43/100%),(Q43/R43)*(T43/100%)))," ") -> 1 | T43: 1 | U43: =IFERROR(IF(S43=" "," ",IF(S43>=T43,1,S43/T43))," ") -> 1 | V43: PRIMER TRIMESTRE: Se realizó socialiación a la comunidad previo los eventos de entrega de predios indicandoles la accionar de la SAE en los departamentos de Córdoba, Sucre. SEGUNDO TRIMESTRE: No se tuvo avance, por lo que se se desarrolló un cronograma que tiene como fin realizar 6 talleres en los próximos trimestres con la población beneficiaria,lal cual tiene como fin establecer espacios de capacitación para la contrucción de un proyecto pruductivo, su desarrollo y comercialización, esto, para que las comunidades beneficiarias tengan los elementos necesarios para la adecuada ejecución de sus proyectos productivos. TERCER TRIMESTRE: Se realizó un cronograma y se coordinó con técnicos de la Gerencia Rural para realizar los talleres a finalizar el último trimeneste. https://www.youtube.com/live/oadiOHIn5RE?si=H1E_pS-wLq5PfBhw CUARTO TRIMESTRE: Se realizaron los talleres de acuerdo al cronograma establecido. https://youtube.com/live/YX6OKfIw8HY?feature=share https://www.youtube.com/watch?v=_2SS9kgtN8Y https://youtube.com/live/kt1zao4atJ4?feature=share https://m.youtube.com/live/DCViz9224iM?si=wqpU9jU1MXdEGqVC&fbclid=IwAR262ntRuoK1l0uAFighHmt-uS1sP3u5B3TV9b3eIgAdi7MmEGWc_cFLuVw_aem_AW12wbUR9qL5iI4uKcwItdT66BEK0keMs1RRW2Q4NvoaeJTBQlYeHkGzPtHe2Tv11NA&mibextid=Zxz2cZ https://www.youtube.com/live/DCViz9224iM?si=wqpU9jU1MXdEGqVC | AF43: =IF(B43=Datos!$C$11, "Iniciativas_Objetivo1", IF(B43=Datos!$C$12, "Iniciativas_Objetivo2", IF(B43=Datos!$C$13, "Iniciativas_Objetivo3", IF(B43=Datos!$C$14, "Iniciativas_Objetivo4", IF(B43=Datos!$C$15, "Iniciativas_Objetivo5", IF(B43=Datos!$C$16, "Iniciativas_Objetivo6", IF(B43=Datos!$C$17, "Iniciativas_Objetivo7", IF(B43=Datos!$C$18, "Iniciativas_Objetivo8", IF(B43=Datos!$C$19, "Iniciativas_Objetivo9", IF(B43=Datos!$C$20, "Iniciativas_Objetivo10", IF(B43=Datos!$C$21, "Iniciativas_Objetivo11", IF(B43=Datos!$C$22, "Iniciativas_Objetivo12",IF(B43=Datos!$C$23, "Iniciativas_Objetivo13", " "))))))))))))) -> Iniciativas_Objetivo7
A44: Grupos de Interés | B44: 07. Promover la creación de alianzas público populares, comunitarias, cooperativas, corporativas y de cooperación internacional, que permitan el uso y el goce de bienes y servicios de la SAE por parte de sus grupos de interés, así como su fortalecimiento institucional. | C44: Generar alianzas estratégicas para el cumplimiento de los objetivos institucionales de SAE | D44: Realizar la estructuración de proyectos de cooperación nacional e internacional | E44: Direccionamiento Estratégico | F44: Gobierno y Gestión de la Estrategia | G44: Gerencia de Proyectos Especiales | H44: SÍ | I44: Estructuración de proyectos de cooperación nacional e internacional | J44: Gestión | K44: Eficacia | L44: Programación anual | M44: (Proyectos de cooperación viabilizados / Proyectos de cooperación estructurados)*100% | N44: Objetivo del indicador: medir la estructuración realizada de proyectos de cooperación nacional e internacional. El numerador: son los proyectos de cooperación viabilizados, hace referencia a los proyectos aprobados. El denominador: es el número de proyectos de cooperación estructurados, hace referencia a los proyectos a los que se han presentado la propuesta a la espera de aprobación. | O44: 1 | P44: Trimestral | Q44: 2 | R44: 2 | S44: =IFERROR(IF(L44="Programación anual", IF(COUNTIF(O44,"<=1")=1,(Q44/R44)*(100%/O44),Q44/R44), IF(COUNTIF(O44,"<=1")=1,(Q44/R44)*(100%/O44)*(T44/100%),(Q44/R44)*(T44/100%)))," ") -> 1 | T44: 1 | U44: =IFERROR(IF(S44=" "," ",IF(S44>=T44,1,S44/T44))," ") -> 1 | V44: 1. En el cuarto trimestre de 2023 la Gerencia de Proyectos Especiales elaboró los productos relacionados con la asesoría técnica respecto a la administración de bienes, los cuales fueron entregados a PRONABI (Agencia homóloga de la SAE en Perú), en atención a la visita realizada del 24 al 28 de octubre de 2023 en Perú. A continuación se relacionan los productos entregados: *Modelo de contrato de arrendamiento comercial *Modelo de contrato para mandato de sociedades *Modelo de contrato de chatarrización *Capacitación técnica en los modelos de administración y en el funcionamiento de las oficinas regionales 2. En atención al proceso de cooperación técnica suministrada por la Agencia de bienes incautados de Italia coordinado a través del programa COPOLAD III a la SAE, en el cuarto trimestre de 2023 se realizó una mesa de trabajo en la que se trataron y desarrollaron los siguientes temas: *Proceso de caracterización y alistamiento de los predios para entregar antes de su cesión y de la convocatoria pública *Procesos de convocatorias públicas para la entrega de bienes, así como las lecciones aprendidas para ser implementados en el contexto colombiano *Criterios para tener en cuenta en el proceso de transferencia de los activos incautados para ser entregados en administración a los entes territoriales *Procesos y lecciones aprendidas relacionados con la estructuración de proyectos y su enfoque metodológico *Uso y administración del banco de proyectos Producto de esta asistencia técnica se definió una mesa de trabajo a desarrollar en el primer trimestre de 2024 con la participación de la organización Libera como representante de la sociedad civil en el uso social y gratuito de los bienes incautados a la delincuencia. | AF44: =IF(B44=Datos!$C$11, "Iniciativas_Objetivo1", IF(B44=Datos!$C$12, "Iniciativas_Objetivo2", IF(B44=Datos!$C$13, "Iniciativas_Objetivo3", IF(B44=Datos!$C$14, "Iniciativas_Objetivo4", IF(B44=Datos!$C$15, "Iniciativas_Objetivo5", IF(B44=Datos!$C$16, "Iniciativas_Objetivo6", IF(B44=Datos!$C$17, "Iniciativas_Objetivo7", IF(B44=Datos!$C$18, "Iniciativas_Objetivo8", IF(B44=Datos!$C$19, "Iniciativas_Objetivo9", IF(B44=Datos!$C$20, "Iniciativas_Objetivo10", IF(B44=Datos!$C$21, "Iniciativas_Objetivo11", IF(B44=Datos!$C$22, "Iniciativas_Objetivo12",IF(B44=Datos!$C$23, "Iniciativas_Objetivo13", " "))))))))))))) -> Iniciativas_Objetivo7
A45: Grupos de Interés | B45: 08. Posicionar a la SAE como una entidad líder en la administración transparente de activos a nivel local, nacional e internacional con enfoque social, ambiental y productivo | C45: Diseñar estrategias de medición de percepción de calidad y/o oportunidad del servicio ofrecido por SAE a nivel externo e interno | D45: Elaborar oportunamente los actos administrativos de destinación definitiva | E45: Gestión Jurídica | F45: Orientación Jurídica | G45: Gerencia de Asuntos Legales | H45: SÍ | I45: Oportunidad en la elaboración de actos administración de destinación definitiva | J45: Gestión | K45: Calidad | L45: Demanda | M45: ( Actos administrativos de destinación definitiva elaborados oportunamente/ Solicitudes de elaboración de actos administrativos de destinación definitiva)*100% | N45: Objetivo del indicador: medir la oportunidad de la elaboración de actos administrativos de destinación definitiva. Numerador: la oportunidad de elaboración de actos administrativos se mide a partir de la solicitud efectuada conforme al término dispuesto en el procedimiento (10 días). Denominador: corresponde a las solicitudes de destinación definitiva de activos realizadas por las áreas misionales y que se encuentran establecidas en la ley. | O45: 1 | P45: Trimestral | Q45: 58 | R45: 68 | S45: =IFERROR(IF(L45="Programación anual", IF(COUNTIF(O45,"<=1")=1,(Q45/R45)*(100%/O45),Q45/R45), IF(COUNTIF(O45,"<=1")=1,(Q45/R45)*(100%/O45)*(T45/100%),(Q45/R45)*(T45/100%)))," ") -> 0.85294118 | T45: 1 | U45: =IFERROR(IF(S45=" "," ",IF(S45>=T45,1,S45/T45))," ") -> 0.85294118 | V45: Se recibieron un total de 68 solicitudes de actos administrativos (8 primer y segundo trimestre y 19 tercer trimestre y 41 cuarto trimestre), de los cuales se elaboraron 58 estudios y AA en el año 2023, quedando 10 AA pendientes por elaborar. | AF45: =IF(B45=Datos!$C$11, "Iniciativas_Objetivo1", IF(B45=Datos!$C$12, "Iniciativas_Objetivo2", IF(B45=Datos!$C$13, "Iniciativas_Objetivo3", IF(B45=Datos!$C$14, "Iniciativas_Objetivo4", IF(B45=Datos!$C$15, "Iniciativas_Objetivo5", IF(B45=Datos!$C$16, "Iniciativas_Objetivo6", IF(B45=Datos!$C$17, "Iniciativas_Objetivo7", IF(B45=Datos!$C$18, "Iniciativas_Objetivo8", IF(B45=Datos!$C$19, "Iniciativas_Objetivo9", IF(B45=Datos!$C$20, "Iniciativas_Objetivo10", IF(B45=Datos!$C$21, "Iniciativas_Objetivo11", IF(B45=Datos!$C$22, "Iniciativas_Objetivo12",IF(B45=Datos!$C$23, "Iniciativas_Objetivo13", " "))))))))))))) -> Iniciativas_Objetivo8
A46: Grupos de Interés | B46: 08. Posicionar a la SAE como una entidad líder en la administración transparente de activos a nivel local, nacional e internacional con enfoque social, ambiental y productivo | C46: Diseñar estrategias de medición de percepción de calidad y/o oportunidad del servicio ofrecido por SAE a nivel externo e interno | D46: Responder las solicitudes contractuales oportunamente | E46: Adquisición de Bienes y Servicios | F46: Planeación Contractual Contratación | G46: Gerencia de Contratos | H46: SÍ | I46: Oportunidad en el trámite de solicitudes contractuales | J46: Gestión | K46: Calidad | L46: Demanda | M46: (Solicitudes contractuales atendidas oportunamente de acuerdo con los tiempos establecidos / Total de solicitudes contractuales realizadas por las áreas) * 100% | N46: Objetivo del indicador: medir la oportunidad del trámite de las solicitudes contractuales. Numerador: corresponde a las solicitudes contractuales atendidas oportunamente de acuerdo con los tiempos establecidos. La solicitud de contratación atendida implica una respuesta oportuna del acta de observaciones contractuales, ya sea favorable o desfavorable en términos de contratación, a partir de la recepción de la solicitud. El término de oportunidad se medirá de acuerdo con los siguientes Acuerdos de Niveles de Servicio: * Complejidad baja: contempla adiciones, prórrogas o contratación nueva con cuantías hasta 100 SMMLV. El término de respuesta es de 7 días hábiles a partir de la recepción de la solicitud a la G. Contratos. * Compleja media: contempla adiciones, prórrogas o contratación nueva con cuantías superiores a 100 SMMLV hasta 500 SMMLV. El término de respuesta es de 10 días hábiles a partir de la recepción de la solicitud a la G. Contratos. * Complejidad alta: contempla adiciones, prórrogas o contratación nueva con cuantías superiores a 500 SMML. El término de respuesta es de 15 días hábiles a partir de la recepción de la solicitud a la G. Contratos. Denominador: corresponde a solicitudes contractuales radicadas hasta el 30 de noviembre de la vigencia. * Para adiciones y prorrogas el área responsable deberá remitir la solicitud contractual con mínimo veinte (20) días hábiles de antelación a la fecha de vencimiento del contrato. | O46: 1 | P46: Trimestral | Q46: 1136 | R46: 1141 | S46: =IFERROR(IF(L46="Programación anual", IF(COUNTIF(O46,"<=1")=1,(Q46/R46)*(100%/O46),Q46/R46), IF(COUNTIF(O46,"<=1")=1,(Q46/R46)*(100%/O46)*(T46/100%),(Q46/R46)*(T46/100%)))," ") -> 0.99561788 | T46: 1 | U46: =IFERROR(IF(S46=" "," ",IF(S46>=T46,1,S46/T46))," ") -> 0.99561788 | V46: En el 4to trimestre se tramitaron 147 contratos nuevos, 253 modificaciones y 173 radicados de Orfeo. En la medida que el área radique bien y completas las directas, tienen un nivel de complejidad baja. Las mínimas cuantías tienen un nivel de complejidad media y las solicitudes de Orfeo varían en complejidad entre baja y alta debido a que los tramites son muy variados. Con corte al 31 de diciembre se han realizado 1136 actos contractuales entre ERP y Orfeo, las solicitudes de contratos nuevos fueron de 141 contrataciones directas, 1 mínimas, 2 abreviadas, 3 listas de proveedores. Los tramites de los orfeos es su mayoria fueron: liquidaciones, transacciones, poderes, revisión de minutas contractuales, entre otros. Las contrataciones directas tuvieron un incremento exponencial por el plan choque | AF46: =IF(B46=Datos!$C$11, "Iniciativas_Objetivo1", IF(B46=Datos!$C$12, "Iniciativas_Objetivo2", IF(B46=Datos!$C$13, "Iniciativas_Objetivo3", IF(B46=Datos!$C$14, "Iniciativas_Objetivo4", IF(B46=Datos!$C$15, "Iniciativas_Objetivo5", IF(B46=Datos!$C$16, "Iniciativas_Objetivo6", IF(B46=Datos!$C$17, "Iniciativas_Objetivo7", IF(B46=Datos!$C$18, "Iniciativas_Objetivo8", IF(B46=Datos!$C$19, "Iniciativas_Objetivo9", IF(B46=Datos!$C$20, "Iniciativas_Objetivo10", IF(B46=Datos!$C$21, "Iniciativas_Objetivo11", IF(B46=Datos!$C$22, "Iniciativas_Objetivo12",IF(B46=Datos!$C$23, "Iniciativas_Objetivo13", " "))))))))))))) -> Iniciativas_Objetivo8
A47: Grupos de Interés | B47: 08. Posicionar a la SAE como una entidad líder en la administración transparente de activos a nivel local, nacional e internacional con enfoque social, ambiental y productivo | C47: Diseñar estrategias de medición de percepción de calidad y/o oportunidad del servicio ofrecido por SAE a nivel externo e interno | D47: Atender de manera oportuna los conceptos contractuales requeridos | E47: Adquisición de Bienes y Servicios | F47: Contratación Supervisión y liquidación | G47: Gerencia de Contratos | H47: SÍ | I47: Oportunidad de emisión de conceptos contractuales | J47: Gestión | K47: Calidad | L47: Demanda | M47: (Conceptos contractuales atendidos oportunamente de acuerdo con los tiempos establecidos / Total de solicitudes de conceptos contractuales realizadas por las áreas) * 100% | N47: Objetivo del indicador: realizar la medición de la oportunidad de emisión de conceptos contractuales. Numerador: los conceptos contractuales atendidos oportunamente corresponden a los atendidos dentro de los treinta (30) días hábiles a partir de la recepción de la solicitud del concepto. Denominador: los conceptos contractuales solicitados podrán corresponder a conceptos jurídicos relacionados con contratación, minutas de contratos, revisión de negocios, incumplimientos contractuales, validación de suspensiones y cesiones de contratos, solicitados por las áreas. | O47: 1 | P47: Trimestral | Q47: 17 | R47: 17 | S47: =IFERROR(IF(L47="Programación anual", IF(COUNTIF(O47,"<=1")=1,(Q47/R47)*(100%/O47),Q47/R47), IF(COUNTIF(O47,"<=1")=1,(Q47/R47)*(100%/O47)*(T47/100%),(Q47/R47)*(T47/100%)))," ") -> 1 | T47: 1 | U47: =IFERROR(IF(S47=" "," ",IF(S47>=T47,1,S47/T47))," ") -> 1 | V47: Los conceptos en su mayoría tienen una dificultad de media a alta. En el 4to trimestre se emitió un concepto y a corte del 31 de diciembre se han expedido un total de 17 conceptos El tema del conceptos de este trimestre fue sobre la liquidación del patrimonio autonomo de los bienes FARC. Algunos de los temas más consultados son lineamientos sobre incumplimientos contractuales, contratos de arrendamiento y régimen de inhabilidades e incompatibilidades | AF47: =IF(B47=Datos!$C$11, "Iniciativas_Objetivo1", IF(B47=Datos!$C$12, "Iniciativas_Objetivo2", IF(B47=Datos!$C$13, "Iniciativas_Objetivo3", IF(B47=Datos!$C$14, "Iniciativas_Objetivo4", IF(B47=Datos!$C$15, "Iniciativas_Objetivo5", IF(B47=Datos!$C$16, "Iniciativas_Objetivo6", IF(B47=Datos!$C$17, "Iniciativas_Objetivo7", IF(B47=Datos!$C$18, "Iniciativas_Objetivo8", IF(B47=Datos!$C$19, "Iniciativas_Objetivo9", IF(B47=Datos!$C$20, "Iniciativas_Objetivo10", IF(B47=Datos!$C$21, "Iniciativas_Objetivo11", IF(B47=Datos!$C$22, "Iniciativas_Objetivo12",IF(B47=Datos!$C$23, "Iniciativas_Objetivo13", " "))))))))))))) -> Iniciativas_Objetivo8
A48: Grupos de Interés | B48: 08. Posicionar a la SAE como una entidad líder en la administración transparente de activos a nivel local, nacional e internacional con enfoque social, ambiental y productivo | C48: Diseñar estrategias de medición de percepción de calidad y/o oportunidad del servicio ofrecido por SAE a nivel externo e interno | D48: Emitir conceptos técnicos de manera oportuna | E48: Diagnóstico y Alistamiento | F48: Diagnóstico de Activos | G48: Gerencia Técnica | H48: SÍ | I48: Oportunidad de conceptos técnicos | J48: Gestión | K48: Calidad | L48: Demanda | M48: (Conceptos técnicos realizados de manera oportuna / Número de conceptos técnicos solicitados) *100% | N48: Objetivo del indicador: medir la oportunidad con la que se generan los conceptos técnicos emitidos. Numerador: se considera que un concepto técnico es oportuno, cuando éste cumple con los siguientes Acuerdos de Nivel de Servicio: * Complejidad alta: corresponde a conceptos técnicos que requieren de recopilación de información de entidades o actores externos. El tiempo para atender de manera oportuna este tipo de conceptos es de 15 a 30 días. * Complejidad media: corresponde a conceptos técnicos que requieren de recopilación de información con otras áreas o de consulta de información secundaria. El tiempo para atender de manera oportuna este tipo de conceptos es de 5 a 15 días. * Complejidad baja: corresponde a conceptos técnicos que se responden con información o conocimiento técnico que tiene la G. Técnica; ejemplo; los conceptos relacionados con nuevos modelos de negocio. El tiempo para atender de manera oportuna este tipo de conceptos es de 1 a 5 días. Denominador: los conceptos técnicos solicitados por parte de las áreas corresponden a conceptos relacionados con viabilidad de nuevos negocios, valoración de activos, normatividad relacionada con ordenamiento territorial, arrendamientos, entre otros. | O48: 1 | P48: Trimestral | Q48: 176 | R48: 176 | S48: =IFERROR(IF(L48="Programación anual", IF(COUNTIF(O48,"<=1")=1,(Q48/R48)*(100%/O48),Q48/R48), IF(COUNTIF(O48,"<=1")=1,(Q48/R48)*(100%/O48)*(T48/100%),(Q48/R48)*(T48/100%)))," ") -> 1 | T48: 1 | U48: =IFERROR(IF(S48=" "," ",IF(S48>=T48,1,S48/T48))," ") -> 1 | V48: A corte del cuarto trimestre del año 2023 y siendo ésta la cifra acumulada, la cantidad de conceptos técnicos realizados es de: COMPLEJIDAD ALTA: • 34: grupo de Saneamiento. • 6: revisión y aprobación de avalúos sociales urbanos. COMPLEJIDAD MEDIA: • 9:grupo de Saneamiento. • 10: revisión y aprobación de avalúos sociales urbanos. • 66: realizados por el grupo de alistamiento, referentes a solicitudes de destinaciones definitivas o temporales,constitución de servidumbres, ventas de franjas de terreno y/o ofertas de compra de inmuebles al interior del inventario de la entidad. . • 27: realizados por solicitud de otras gerencias y entidades externas relacionados al tema de validación de los avalúos comerciales en cuanto a revisión del valores, acabados y método de valoración utilizado. COMPLEJIDAD BAJA: • 23: revisión y aprobación de avalúos sociales urbanos. • 1: revisión y aprobación de avalúo rural. | W48: Durante el año 2023, la Gerencia de Bienes Inmuebles Rurales solicitó a la Gerencia Técnica la revisión y aprobación de las fichas de caracterización de inmuebles rurales para un total de 607 FMI. Todas las fichas fueron revisadas y aprobadas en su totalidad. La distribución de estas solicitudes por regionales es la siguiente: • Regional Norte: 62 FMI • Regional Centro Oriente: 183 FMI • Regional Occidente: 83 FMI • Regional Sur Occidente: 279 FMI | AF48: =IF(B48=Datos!$C$11, "Iniciativas_Objetivo1", IF(B48=Datos!$C$12, "Iniciativas_Objetivo2", IF(B48=Datos!$C$13, "Iniciativas_Objetivo3", IF(B48=Datos!$C$14, "Iniciativas_Objetivo4", IF(B48=Datos!$C$15, "Iniciativas_Objetivo5", IF(B48=Datos!$C$16, "Iniciativas_Objetivo6", IF(B48=Datos!$C$17, "Iniciativas_Objetivo7", IF(B48=Datos!$C$18, "Iniciativas_Objetivo8", IF(B48=Datos!$C$19, "Iniciativas_Objetivo9", IF(B48=Datos!$C$20, "Iniciativas_Objetivo10", IF(B48=Datos!$C$21, "Iniciativas_Objetivo11", IF(B48=Datos!$C$22, "Iniciativas_Objetivo12",IF(B48=Datos!$C$23, "Iniciativas_Objetivo13", " "))))))))))))) -> Iniciativas_Objetivo8
A49: Procesos | B49: 09. Garantizar la mejora continua del modelo de operación de la SAE basado en acciones de optimización, automatización, control y articulación de procesos contribuyendo a la reducción de tiempos, la transparencia en la operación y el cumplimiento de objetivos institucionales. | C49: Estandarizar, optimizar y automatizar procesos de SAE de acuerdo a nuevo modelo operacional | D49: Gestionar el saneamiento físico catastral de inmuebles sociales y no sociales | E49: Diagnóstico y Alistamiento | F49: Alistamiento de Activos | G49: Gerencia Técnica | H49: SÍ | I49: Saneamiento físico catastral de inmuebles | J49: Gestión | K49: Eficacia | L49: Programación anual | M49: (Número de activos con saneamiento físico catastral / Número de activos programados para saneamiento físico catastral) *100% | N49: Objetivo del indicador: medir el saneamiento físico catastral de inmuebles programados para la vigencia. Numerador: corresponde a los activos que cuentan con saneamiento físico catastral, es decir, que su información catastral y registral coincida con la información real del activo. Denominador: corresponde al número de activos programados para saneamiento físico catastral. En la programación de activos a sanear se priorizan las solicitudes de destinación, los activos a comercializar y las solicitudes especiales relevantes. | O49: 400 | P49: Trimestral | Q49: 571 | R49: 400 | S49: =IFERROR(IF(IF(L49="Programación anual", IF(COUNTIF(O49,"<=1")=1,(Q49/R49)*(100%/O49),Q49/R49), IF(COUNTIF(O49,"<=1")=1,(Q49/R49)*(100%/O49)*(T49/100%),(Q49/R49)*(T77/100%)))>=1,100%,IF(L49="Programación anual", IF(COUNTIF(O49,"<=1")=1,(Q77/R77)*(100%/O77),Q77/R77), IF(COUNTIF(O77,"<=1")=1,(Q77/R77)*(100%/O77)*(T77/100%),(Q77/R77)*(T77/100%))))," ") -> 1 | T49: 1 | U49: =IFERROR(IF(S49=" "," ",IF(S49>=T49,1,S49/T49))," ") -> 1 | V49: Aproximadamente el 30% de lo analizado y verificado en diagnóstico de Inmuebles va dirigido al proceso de Saneamiento, en el cual se desarrollan las actividades necesarias para resolver las inconsistencias a nivel documental, físico, catastral y técnico de dichos inmuebles. La meta asignada para el año 2023 fue de 400 Saneamientos físicos catastrales de Inmuebles, durante esta vigencia se realizó proceso de Saneamiento Físico Catastral a 571 Folios de Matricula Inmobiliaria (FMI) (Estudios de viabilidad, Saneados, levantamientos Topográficos). | AF49: =IF(B49=Datos!$C$11, "Iniciativas_Objetivo1", IF(B49=Datos!$C$12, "Iniciativas_Objetivo2", IF(B49=Datos!$C$13, "Iniciativas_Objetivo3", IF(B49=Datos!$C$14, "Iniciativas_Objetivo4", IF(B49=Datos!$C$15, "Iniciativas_Objetivo5", IF(B49=Datos!$C$16, "Iniciativas_Objetivo6", IF(B49=Datos!$C$17, "Iniciativas_Objetivo7", IF(B49=Datos!$C$18, "Iniciativas_Objetivo8", IF(B49=Datos!$C$19, "Iniciativas_Objetivo9", IF(B49=Datos!$C$20, "Iniciativas_Objetivo10", IF(B49=Datos!$C$21, "Iniciativas_Objetivo11", IF(B49=Datos!$C$22, "Iniciativas_Objetivo12",IF(B49=Datos!$C$23, "Iniciativas_Objetivo13", " "))))))))))))) -> Iniciativas_Objetivo9
A50: Procesos | B50: 09. Garantizar la mejora continua del modelo de operación de la SAE basado en acciones de optimización, automatización, control y articulación de procesos contribuyendo a la reducción de tiempos, la transparencia en la operación y el cumplimiento de objetivos institucionales. | C50: Estandarizar, optimizar y automatizar procesos de SAE de acuerdo a nuevo modelo operacional | D50: Gestionar el alistamiento físico catastral de inmuebles sociales y no sociales | E50: Diagnóstico y Alistamiento | F50: Alistamiento de Activos | G50: Gerencia Técnica | H50: SÍ | I50: Alistamiento físico catastral de inmuebles susceptibles de venta | J50: Gestión | K50: Eficacia | L50: Demanda | M50: (Número de inmuebles con alistamiento físico catastral/ Número de inmuebles susceptibles de alistamiento físico catastral) *100% | N50: Objetivo del indicador: medir el alistamiento físico catastral de inmuebles susceptibles de venta realizados, es decir, los que cuenten con viabilidad jurídica y que requieren alistamiento físico. Numerador: corresponde a los inmuebles con alistamiento físico catastral, es decir, con saneamiento físico catastral y/o valoración realizada. Denominador: corresponde a los inmuebles requeridos o susceptibles de alistamiento físico catastral, es decir, que ya cuenten con viabilidad jurídica y requieran saneamiento físico catastral o valoración. | O50: 1 | P50: Trimestral | Q50: 4542 | R50: 4542 | S50: =IFERROR(IF(L50="Programación anual", IF(COUNTIF(O50,"<=1")=1,(Q50/R50)*(100%/O50),Q50/R50), IF(COUNTIF(O50,"<=1")=1,(Q50/R50)*(100%/O50)*(T50/100%),(Q50/R50)*(T50/100%)))," ") -> 1 | T50: 1 | U50: =IFERROR(IF(S50=" "," ",IF(S50>=T50,1,S50/T50))," ") -> 1 | V50: Se refiere al estudio que se realiza a todos los inmuebles administrados por la Entidad y cuyo interés de alistamiento se da con el objetivo de dar inicio al proceso de venta, bien porque sean Activos Extintos o porque son aprobados dentro del proceso de Enajenación Temprana. • Para el primer trimestre de la vigencia se realizó el alistamiento físico catastral a 194 FMI habilitados para avalúo y 228 FMI trasladados al proceso de Saneamiento, para un total de 422 FMI. • En el segundo trimestre se realizó alistamiento a 126 FMI habilitados para avalúo y 86 FMI trasladados al proceso de Saneamiento, para un total de 212 FMI. • En el Tercer Trimestre se realizó alistamiento físico catastral a 1939 FMI habilitados para avalúo y 1424 FMI trasladados al proceso de Saneamiento, para un total de 3363 FMI. • Para el Cuarto trimestre 2023 el alistamiento físico se realizó a 280 FMI Habilitados para Avalúo y 265 FMI trasladados al proceso de Saneamiento, para un total de 545 FMI. Se asignaron de la siguiente manera: Diferencia De Áreas PH 39 Diferencia De Áreas Terreno 91 Revisar Desengloble 1 Revisar Escritura Publica 83 Sin información C. Catastral 51 El total de inmuebles en alistamiento para el año 2023 fue de 4542 FMI alistados.Esta cifra se segrega en 2539 FMI que fueron Habilitados para Avalúo y 2003 FMI que requieren adelantar algún trámite de Saneamiento Físico Catastral. Cabe resaltar que el número de inmuebles susceptibles de alistamiento físico catastral es dinámico, ya que depende de la cantidad de inmuebles que habilite el área jurídica y se aprueben en comité de enajenación temprana, dependiendo del estado legal del predio. | AF50: =IF(B50=Datos!$C$11, "Iniciativas_Objetivo1", IF(B50=Datos!$C$12, "Iniciativas_Objetivo2", IF(B50=Datos!$C$13, "Iniciativas_Objetivo3", IF(B50=Datos!$C$14, "Iniciativas_Objetivo4", IF(B50=Datos!$C$15, "Iniciativas_Objetivo5", IF(B50=Datos!$C$16, "Iniciativas_Objetivo6", IF(B50=Datos!$C$17, "Iniciativas_Objetivo7", IF(B50=Datos!$C$18, "Iniciativas_Objetivo8", IF(B50=Datos!$C$19, "Iniciativas_Objetivo9", IF(B50=Datos!$C$20, "Iniciativas_Objetivo10", IF(B50=Datos!$C$21, "Iniciativas_Objetivo11", IF(B50=Datos!$C$22, "Iniciativas_Objetivo12",IF(B50=Datos!$C$23, "Iniciativas_Objetivo13", " "))))))))))))) -> Iniciativas_Objetivo9
A51: Procesos | B51: 09. Garantizar la mejora continua del modelo de operación de la SAE basado en acciones de optimización, automatización, control y articulación de procesos contribuyendo a la reducción de tiempos, la transparencia en la operación y el cumplimiento de objetivos institucionales. | C51: Estandarizar, optimizar y automatizar procesos de SAE de acuerdo a nuevo modelo operacional | D51: Realizar avalúos de bienes inmuebles | E51: Diagnóstico y Alistamiento | F51: Alistamiento de Activos | G51: Gerencia Técnica | H51: SÍ | I51: Avalúos de bienes inmuebles | J51: Gestión | K51: Eficacia | L51: Programación anual | M51: (Cantidad de avalúos gestionados / Cantidad de avalúos solicitados a la Gerencia Técnica) *100% | N51: Objetivo del indicador: medir la gestión realizada frente a la elaboración y/o revisión de avalúos de inmuebles sociales y no sociales dispuestos para enajenación temprana o comercialización. Numerador: corresponde a los avalúos gestionados realizados frente a la elaboración de avalúos de inmuebles sociales y no sociales solicitados. Denominador: corresponde a solicitudes de elaboración de avalúos de inmuebles sociales y no sociales dispuestos para enajenación temprana o comercialización. | O51: =3800*1.15 -> 4370 | P51: Trimestral | Q51: 4380 | R51: 4370 | S51: =IFERROR(IF(L51="Programación anual", IF(COUNTIF(O51,"<=1")=1,(Q51/R51)*(100%/O51),Q51/R51), IF(COUNTIF(O51,"<=1")=1,(Q51/R51)*(100%/O51)*(T51/100%),(Q51/R51)*(T51/100%)))," ") -> 1.0022883 | T51: 1 | U51: =IFERROR(IF(S51=" "," ",IF(S51>=T51,1,S51/T51))," ") -> 1 | V51: Este proceso se desarrolla desde la Gerencia Técnica con el fin de obtener el Avalúo comercial de los bienes inmuebles urbanos y rurales conforme a las metodologías establecidas por el Instituto Geográfico Agustín Codazzi (IGAC) a través del registro abierto de avaluadores. | W51: Los avalúos gestionados en el año 2023 fueron 4380 FMI lo que corresponde al 100% de cumplimiento. Estos se dividieron así: • Enajenación temprana: 2287 Folios de Matricula Inmobiliaria - FMI. • Extintos: 752 Folios de Matricula Inmobiliaria - FMI. • Sociedades en Liquidación: 509 Folios de Matricula Inmobiliaria - FMI. • Sociedades Activas: 832 Folios de Matricula Inmobiliaria - FMI. | AF51: =IF(B51=Datos!$C$11, "Iniciativas_Objetivo1", IF(B51=Datos!$C$12, "Iniciativas_Objetivo2", IF(B51=Datos!$C$13, "Iniciativas_Objetivo3", IF(B51=Datos!$C$14, "Iniciativas_Objetivo4", IF(B51=Datos!$C$15, "Iniciativas_Objetivo5", IF(B51=Datos!$C$16, "Iniciativas_Objetivo6", IF(B51=Datos!$C$17, "Iniciativas_Objetivo7", IF(B51=Datos!$C$18, "Iniciativas_Objetivo8", IF(B51=Datos!$C$19, "Iniciativas_Objetivo9", IF(B51=Datos!$C$20, "Iniciativas_Objetivo10", IF(B51=Datos!$C$21, "Iniciativas_Objetivo11", IF(B51=Datos!$C$22, "Iniciativas_Objetivo12",IF(B51=Datos!$C$23, "Iniciativas_Objetivo13", " "))))))))))))) -> Iniciativas_Objetivo9
A52: Grupos de Interés | B52: 08. Posicionar a la SAE como una entidad líder en la administración transparente de activos a nivel local, nacional e internacional con enfoque social, ambiental y productivo | C52: Diseñar estrategias de medición de percepción de calidad y/o oportunidad del servicio ofrecido por SAE a nivel externo e interno | D52: Medir la oportunidad en la atención de solicitudes de comisión o desplazamientos de viajes | E52: Gestión de viáticos y comisiones | F52: Administración de viáticos y comisiones | G52: GIT. Viáticos y Comisiones | H52: SÍ | I52: Oportunidad de atención de solicitudes de comisión o desplazamiento de viajes | J52: Gestión | K52: Calidad | L52: Demanda | M52: (Solicitud de comisión o desplazamiento de viaje atendida oportunamente/ Solicitudes de comisión o desplazamiento de viajes realizadas por las áreas)*100% | N52: Objetivo del indicador: medir el trámite oportuno de las solicitudes de comisión o desplazamiento de viaje. Numerador: la atención de la solicitud de comisión o desplazamiento de viaje por el GIT de Viáticos y Comisiones contempla el trámite de compra de tiquetes, reserva de hoteles o trámites de cancelaciones requeridas. Se considera atendida oportunamente una comisión o desplazamiento El tiempo oportuno de atención del trámite es de dos (2) días hábiles a partir de la solicitud de comisión o desplazamiento aprobada por el líder del proceso. Denominador: corresponde a las solicitudes de comisión o desplazamiento aprobadas por parte del líder del proceso, diligenciadas adecuadamente. | O52: 1 | P52: Trimestral | Q52: 5796 | R52: 5796 | S52: =IFERROR(IF(L52="Programación anual", IF(COUNTIF(O52,"<=1")=1,(Q52/R52)*(100%/O52),Q52/R52), IF(COUNTIF(O52,"<=1")=1,(Q52/R52)*(100%/O52)*(T52/100%),(Q52/R52)*(T52/100%)))," ") -> 1 | T52: 1 | U52: =IFERROR(IF(S52=" "," ",IF(S52>=T52,1,S52/T52))," ") -> 1 | V52: Durante el periodo del 1 de enero al 31 de diciembre de 2023 se recibieron 5796 solicitudes de comisiones de servicio y fueron gestionadas en su totalidad de manera oportuna. | AF52: =IF(B52=Datos!$C$11, "Iniciativas_Objetivo1", IF(B52=Datos!$C$12, "Iniciativas_Objetivo2", IF(B52=Datos!$C$13, "Iniciativas_Objetivo3", IF(B52=Datos!$C$14, "Iniciativas_Objetivo4", IF(B52=Datos!$C$15, "Iniciativas_Objetivo5", IF(B52=Datos!$C$16, "Iniciativas_Objetivo6", IF(B52=Datos!$C$17, "Iniciativas_Objetivo7", IF(B52=Datos!$C$18, "Iniciativas_Objetivo8", IF(B52=Datos!$C$19, "Iniciativas_Objetivo9", IF(B52=Datos!$C$20, "Iniciativas_Objetivo10", IF(B52=Datos!$C$21, "Iniciativas_Objetivo11", IF(B52=Datos!$C$22, "Iniciativas_Objetivo12",IF(B52=Datos!$C$23, "Iniciativas_Objetivo13", " "))))))))))))) -> Iniciativas_Objetivo8
A53: Grupos de Interés | B53: 08. Posicionar a la SAE como una entidad líder en la administración transparente de activos a nivel local, nacional e internacional con enfoque social, ambiental y productivo | C53: Diseñar estrategias de medición de percepción de calidad y/o oportunidad del servicio ofrecido por SAE a nivel externo e interno | D53: Medir la percepción y satisfacción que tienen el público externo frente a SAE | E53: Comunicación y Atención de Requerimientos | F53: Comunicación Organizacional | G53: Oficina de Comunicaciones y Atención al Ciudadano | H53: SÍ | I53: Mediciones de satisfacción y/o percepción a nivel externo | J53: Gestión | K53: Eficacia | L53: Programación anual | M53: (Número de mediciones externas realizadas / Número de mediciones externas programadas) 100% | N53: Objetivo del indicador: medir la realización de las mediciones externas de manera virtual con público de interés en la SAE como compradores, arrendatarios, entre otros. Numerador: corresponde al número de mediciones realizadas a nivel externo a través de los canales dispuestos para tal fin. La medición de satisfacción se considera como finalizada cuando se realiza el informe trimestral de los resultados de la encuesta de satisfacción publicada en la página web. La medición de percepción se considera como finalizada cuando se obtienen los resultados de la encuesta a nivel semestral. Denominador: corresponde al número de mediciones programadas de satisfacción y percepción de la gestión de SAE. Para la vigencia se tiene previsto 6 mediciones distribuidas de la siguiente forma: *Medición de satisfacción: 4 mediciones publicadas en página web sobre la calidad del servicio. El cuestionario se encuentra disponible de manera permanente en la página web y su medición se hará con corte trimestral. * Medición de percepción: 2 mediciones a grupos de interés dirigida a personal que registre en base de datos de compradores, arrendatarios, destinatarios, entre otros. | O53: 6 | P53: Trimestral | Q53: 6 | R53: 6 | S53: =IFERROR(IF(L53="Programación anual", IF(COUNTIF(O53,"<=1")=1,(Q53/R53)*(100%/O53),Q53/R53), IF(COUNTIF(O53,"<=1")=1,(Q53/R53)*(100%/O53)*(T53/100%),(Q53/R53)*(T53/100%)))," ") -> 1 | T53: 1 | U53: =IFERROR(IF(S53=" "," ",IF(S53>=T53,1,S53/T53))," ") -> 1 | V53: En el informe mensual y trimestral de PQRSFD , registra una sección en la cual se reporta los resultados de la encuesta de satisfacción que se tiene a nivel externo, en la cual se plantean 5 preguntas: 1. ¿Cómo califica el interés y aptitud de nuestros funcionarios para resolver el motivo de su solicitud? 2. ¿Cómo califica el servicio inicial recibido? 3. ¿Cómo califica la rapidez en la atención del motivo de su solicitud? 4. ¿Recibió atención cordial y personalizada? 5. Tipo de cliente (arrendatario, comprador, depositario, liquidador, entidad estatal o ciudadanía en general). Primer trimestre: Respondieron un promedio de 334 personas. De lo anterior, se pudo concluir que hay un participación mínima en dar respuesta a la encuesta a comparación de la cantidad de usuarios que se registran en las bases de datos, por ende, se realizó diseño de nuevas estrategias que tengan mayor alcance en las próximas mediciones de satisfacción a nivel externo. Segundo trimestre: Respondieron un promedio de 330 personas, donde regisra que más de 50% de nuestros clientes se encuetran satisfechos con la prestación de nuestros servicios, adicionalmente, registra que las personas que más respondieron la encuesta fue la ciudadanía en general. Se tiene proyectado que en el tercer trimestre se realice una encuesta externa a que pueda medir el niver de satisfacción y percepción que tiene la entidad, la cual identifica a cada uno de nuestros clientes (comprador, arrendador, depositario, destinatario, liquidador, ciudadanía general). Tercer trimestre: Respondieron un promedio de 306 personas, una vez conocido el resultado de la encuesta de satisfaccion nos damos cuenta que el 44% de las personas que respondieron dicha encuesta son la ciudadania en general y 50% considera que se presto un buen servicio, el 30% un inadecuado servicio y un estimado del 20% un servicio regular. Cuarto Trimestre: Respondieron un promedio de 479 personas, donde observamos que la mayor participación es de la ciudadanía en general. La evolución de las encuestas se observa una mejora en el siguiente aspecto: Interés y aptitud de los funcionarios: El porcentaje de encuestados que calificó como "bueno" o "regular" con un porcentaje de aumentó del 53,64% a 56,28%. Servicio inicial recibido: El porcentaje de encuestados que calificó como "bueno" o "regular" el servicio inicial recibido aumentó de 54,25% a 57,25%. No obstante, aún hay algunos aspectos que podrían mejorarse. Por ejemplo, el 35,18% de los encuestados calificó como "malo" la rapidez en la atención https://www.saesas.gov.co/informacion_ciudadano/informacion_adicional/estadisticas_servicio/2023 La oficina de Comunicaciones y Atención al Ciudadano realizo dos encuestas en un mismo formulario donde se evaluando la 1.percepción y 2.satisfacción donde ha proporcionado una panorámica reveladora y compleja de las percepciones y experiencias de los encuestados. A lo largo de este análisis, se ha destacado la diversidad de opiniones, reflejando una amplia gama de experiencias individuales con la SAE. Resaltando la importancia de contextualizar las experiencias individuales dentro de un marco temporal para comprender adecuadamente la percepción actual de la sociedad y las áreas que requieren atención y mejora dentro de la entidad. https://forms.office.com/Pages/ResponsePage.aspx?id=-M3ILBhVgE-e2Vpp9jjCgZx3XLjSlURHr1rbxy9f0R1UOVUxTlo1SVZVV01QTE9ZU1VMWjkxSDhOVi4u https://www.saesas.gov.co/informacion_ciudadano/informacion_adicional/estadisticas_servicio/2023 | AF53: =IF(B53=Datos!$C$11, "Iniciativas_Objetivo1", IF(B53=Datos!$C$12, "Iniciativas_Objetivo2", IF(B53=Datos!$C$13, "Iniciativas_Objetivo3", IF(B53=Datos!$C$14, "Iniciativas_Objetivo4", IF(B53=Datos!$C$15, "Iniciativas_Objetivo5", IF(B53=Datos!$C$16, "Iniciativas_Objetivo6", IF(B53=Datos!$C$17, "Iniciativas_Objetivo7", IF(B53=Datos!$C$18, "Iniciativas_Objetivo8", IF(B53=Datos!$C$19, "Iniciativas_Objetivo9", IF(B53=Datos!$C$20, "Iniciativas_Objetivo10", IF(B53=Datos!$C$21, "Iniciativas_Objetivo11", IF(B53=Datos!$C$22, "Iniciativas_Objetivo12",IF(B53=Datos!$C$23, "Iniciativas_Objetivo13", " "))))))))))))) -> Iniciativas_Objetivo8
A54: Grupos de Interés | B54: 08. Posicionar a la SAE como una entidad líder en la administración transparente de activos a nivel local, nacional e internacional con enfoque social, ambiental y productivo | C54: Diseñar estrategias de medición de percepción de calidad y/o oportunidad del servicio ofrecido por SAE a nivel externo e interno | D54: Gestionar las solicitudes de Mesa de ayuda de manera oportuna según los ANS establecidos en el catálogo de servicio | E54: Tecnología | F54: Gestión de Infraestructura Tecnológica Mantenimiento y Soporte de Aplicaciones | G54: Oficina de Gestión de la Información | H54: SÍ | I54: Oportunidad de atención de Mesa de ayuda | J54: Gestión | K54: Calidad | L54: Demanda | M54: (N.º de tickets resueltos oportunamente / N.º de tickets radicados en Mesa de ayuda) *100% | N54: Objetivo del indicador: medir la atención oportuna de los tickets que radican las áreas en la Mesa de ayuda. Numerador: corresponde a las solicitudes resueltas cuando en el Sistema de Mesa de Ayuda les asigna el estado de "resuelto". Denominador: los tickets radicados en Mesa de Ayuda corresponden a las solicitudes creadas por los usuarios dentro de la vigencia. Para que sea oportuno el servicio se tienen en cuenta los tiempos (ANS), de acuerdo con el tipo de servicio (catálogo de servicios NT1-061) | O54: 0.95 | P54: Trimestral | Q54: 11175 | R54: 11345 | S54: =IFERROR(IF(IF(L54="Programación anual", IF(COUNTIF(O54,"<=1")=1,(Q54/R54)*(100%/O54),Q54/R54), IF(COUNTIF(O54,"<=1")=1,(Q54/R54)*(100%/O54)*(T54/100%),(Q54/R54)*(T82/100%)))>=1,100%,IF(L54="Programación anual", IF(COUNTIF(O54,"<=1")=1,(Q82/R82)*(100%/O82),Q82/R82), IF(COUNTIF(O82,"<=1")=1,(Q82/R82)*(100%/O82)*(T82/100%),(Q82/R82)*(T82/100%))))," ") -> 1 | T54: 1 | U54: =IFERROR(IF(S54=" "," ",IF(S54>=T54,1,S54/T54))," ") -> 1 | V54: Se han resuelto y cerrado 11175 de los 11345 tickets registrados en la mesa de ayuda en el trimestre corte 31/12/2023 | W54: Se continuarán atendido y gestionando las solicitudes e acuerdo con lo requerida, han aumentado por la rotación de personal y planes de choque que requiere la creación de usuarios y asignación de recursos tecnológicos Se implemento de versión la nueva mesa de servicio | AF54: =IF(B54=Datos!$C$11, "Iniciativas_Objetivo1", IF(B54=Datos!$C$12, "Iniciativas_Objetivo2", IF(B54=Datos!$C$13, "Iniciativas_Objetivo3", IF(B54=Datos!$C$14, "Iniciativas_Objetivo4", IF(B54=Datos!$C$15, "Iniciativas_Objetivo5", IF(B54=Datos!$C$16, "Iniciativas_Objetivo6", IF(B54=Datos!$C$17, "Iniciativas_Objetivo7", IF(B54=Datos!$C$18, "Iniciativas_Objetivo8", IF(B54=Datos!$C$19, "Iniciativas_Objetivo9", IF(B54=Datos!$C$20, "Iniciativas_Objetivo10", IF(B54=Datos!$C$21, "Iniciativas_Objetivo11", IF(B54=Datos!$C$22, "Iniciativas_Objetivo12",IF(B54=Datos!$C$23, "Iniciativas_Objetivo13", " "))))))))))))) -> Iniciativas_Objetivo8
A55: Grupos de Interés | B55: 08. Posicionar a la SAE como una entidad líder en la administración transparente de activos a nivel local, nacional e internacional con enfoque social, ambiental y productivo | C55: Implementar estrategias de comunicación y posicionamiento de SAE desde un enfoque productivo, social y ambiental | D55: Desarrollar estrategias de posicionamiento de la gestión de SAE a nivel interno y externo | E55: Comunicación y Atención de Requerimientos | F55: Comunicación Organizacional | G55: Oficina de Comunicaciones y Atención al Ciudadano | H55: SÍ | I55: Estrategias de posicionamiento sobre la gestión de SAE | J55: Gestión | K55: Eficacia | L55: Programación anual | M55: (Número de estrategias de comunicación realizadas / Número de estrategias de comunicación programadas)*100% | N55: Objetivo del indicador: medir las estrategias de comunicación realizadas sobre la gestión de SAE, con el fin de informar a públicos de interés sobre la administración de activos especiales. Numerador: hace alusión al número de estrategias de comunicación realizadas con sus respectivas evidencias. Denominador: corresponde al número de estrategias programadas para posicionamiento a nivel interno y externo. A nivel interno se tiene previsto hacer uso de: noticiero quincenal (video clips sobre gestión de SAE), canales internos como cartelera de comunicaciones y correo electrónico o WhatsApp A nivel externo se tiene previsto hacer uso de: boletín institucional en canales externos como la página web. Para la vigencia se han fijado 12 estrategias de comunicación (6 internas y 6 externas). | O55: 12 | P55: Trimestral | Q55: 12 | R55: 12 | S55: =IFERROR(IF(L55="Programación anual", IF(COUNTIF(O55,"<=1")=1,(Q55/R55)*(100%/O55),Q55/R55), IF(COUNTIF(O55,"<=1")=1,(Q55/R55)*(100%/O55)*(T55/100%),(Q55/R55)*(T55/100%)))," ") -> 1 | T55: 1 | U55: =IFERROR(IF(S55=" "," ",IF(S55>=T55,1,S55/T55))," ") -> 1 | V55: La Oficina de Comunicaciones y Atención al Ciudadano realizo las siguentes campañas: Primer trimestre: 1. Activos por el cambio 2. Se realizo las estrategias de tierras para producir y para la paz. Segundo trimestre: 1. Unidos por La Guajira 2. Entrega del TRYP y Campanario al Tequedama 3. Banco de Hojas de Vida, 4. Reporte de bienes 5. Gerentes y depositarios populares https://www.instagram.com/saesas1/ https://www.facebook.com/activosSAE https://twitter.com/activosSAE Tercer trimestre: 1. Cosecha de San Marcos 2. Logros de la SAE 3. Código Cívico 4. Festival de Cine Jardin 6. Parche TV https://www.instagram.com/saesas1/ https://www.facebook.com/activosSAE https://twitter.com/activosSAE Cuarto trimestre: 1. Festival de Cine en Jardín Antioquia 2. Entrega de bienes en Tumaco 3. ¿Cómo llega un bien a la SAE? 4. Mercado Campesino en Sampues- Sucre 5.La revolución de la Vivienda Popular 6.Una Pola por la paz https://www.instagram.com/saesas1/ https://www.facebook.com/activosSAE https://twitter.com/activosSAE | AF55: =IF(B55=Datos!$C$11, "Iniciativas_Objetivo1", IF(B55=Datos!$C$12, "Iniciativas_Objetivo2", IF(B55=Datos!$C$13, "Iniciativas_Objetivo3", IF(B55=Datos!$C$14, "Iniciativas_Objetivo4", IF(B55=Datos!$C$15, "Iniciativas_Objetivo5", IF(B55=Datos!$C$16, "Iniciativas_Objetivo6", IF(B55=Datos!$C$17, "Iniciativas_Objetivo7", IF(B55=Datos!$C$18, "Iniciativas_Objetivo8", IF(B55=Datos!$C$19, "Iniciativas_Objetivo9", IF(B55=Datos!$C$20, "Iniciativas_Objetivo10", IF(B55=Datos!$C$21, "Iniciativas_Objetivo11", IF(B55=Datos!$C$22, "Iniciativas_Objetivo12",IF(B55=Datos!$C$23, "Iniciativas_Objetivo13", " "))))))))))))) -> Iniciativas_Objetivo8
A56: Grupos de Interés | B56: 08. Posicionar a la SAE como una entidad líder en la administración transparente de activos a nivel local, nacional e internacional con enfoque social, ambiental y productivo | C56: Implementar estrategias de comunicación y posicionamiento de SAE desde un enfoque productivo, social y ambiental | D56: Diseño de estrategias de comunicación y socialización de nuevo modelo de operación SAE | E56: Comunicación y Atención de Requerimientos | F56: Comunicación Organizacional | G56: Oficina de Comunicaciones y Atención al Ciudadano | H56: SÍ | I56: Productos pedagógicos del nuevo modelo de operación | J56: Gestión | K56: Eficacia | L56: Programación anual | M56: (Número de productos pedagógicos realizados/Número de productos pedagógicos programados)*100% | N56: Objetivo del indicador: medir la creación de productos pedagógicos que permitan la comunicación y socialización del nuevo modelo de operación de la SAE. Numerador: corresponde al número de productos pedagógicos creados y socializados. Los productos pedagógicos se consideran culminados cuando han sido difundidos por los canales oficiales de la SAE dispuestos para tal fin. Denominador: corresponde al número de productos pedagógicos programados para comunicación y socialización en la vigencia. Para esta vigencia se tienen programados 12 productos. | O56: 12 | P56: Trimestral | Q56: 10 | R56: 12 | S56: =IFERROR(IF(L56="Programación anual", IF(COUNTIF(O56,"<=1")=1,(Q56/R56)*(100%/O56),Q56/R56), IF(COUNTIF(O56,"<=1")=1,(Q56/R56)*(100%/O56)*(T56/100%),(Q56/R56)*(T56/100%)))," ") -> 0.83333333 | T56: 1 | U56: =IFERROR(IF(S56=" "," ",IF(S56>=T56,1,S56/T56))," ") -> 0.83333333 | V56: Primer trimestre: Se diseño formato de registro de los ciudadanos que participaron en los enventos para que reportaran el conocimiento de la ubicación de bienes como una herramienta digital Segundo trimestre: Se realizaron los siguientes productos pedagógicos: 1. Uso social y comunitario de los bienes Italia - https://www.youtube.com/watch?v=c4SVaF81kH8 2. Merchandisin (cuadernos, eferos, tula) para la implementación e interiorización de la nueva marca SAE realizada en abril. 3. Campaña "Ojo al dato, el cambio produce." 4. S+T54e acompañó la realización de eventos de entrega como: Gym box a la primera gerenta popular y la alianza con Alquería para beneficiar a campesinos. 5. Transmisión de ¿cómo las organizaciones sociales pueden acceder a ser depositarios y gerentes populares de la SAE? https://www.youtube.com/watch?v=AyFrwCTJQdA 6. Paso a paso para la inscripción de depositarios populares https://www.youtube.com/watch?v=DrCkokN8Vu8 https://www.instagram.com/saesas1/ https://www.facebook.com/activosSAE https://twitter.com/activosSAE Tercer Semestre: Se realizaron los siguientes productos pedagógicos: 7. Exposición Fotografica en el Festival de Cine- 8. Documental sobre la siembra en campesinos 9. Campaña "Ojo al dato, el cambio produce." Cuarto Trimestre 10 Acompañó la realización de eventos internos y externos. 11. Transmisiones en vivo de los eventos de las entregas de la SAE 12. Campaña de Recuado Historico en la SAE https://www.instagram.com/saesas1/ https://www.facebook.com/activosSAE https://twitter.com/activosSAEEn redes sociales | AF56: =IF(B56=Datos!$C$11, "Iniciativas_Objetivo1", IF(B56=Datos!$C$12, "Iniciativas_Objetivo2", IF(B56=Datos!$C$13, "Iniciativas_Objetivo3", IF(B56=Datos!$C$14, "Iniciativas_Objetivo4", IF(B56=Datos!$C$15, "Iniciativas_Objetivo5", IF(B56=Datos!$C$16, "Iniciativas_Objetivo6", IF(B56=Datos!$C$17, "Iniciativas_Objetivo7", IF(B56=Datos!$C$18, "Iniciativas_Objetivo8", IF(B56=Datos!$C$19, "Iniciativas_Objetivo9", IF(B56=Datos!$C$20, "Iniciativas_Objetivo10", IF(B56=Datos!$C$21, "Iniciativas_Objetivo11", IF(B56=Datos!$C$22, "Iniciativas_Objetivo12",IF(B56=Datos!$C$23, "Iniciativas_Objetivo13", " "))))))))))))) -> Iniciativas_Objetivo8
A57: Grupos de Interés | B57: 08. Posicionar a la SAE como una entidad líder en la administración transparente de activos a nivel local, nacional e internacional con enfoque social, ambiental y productivo | C57: Implementar estrategias de comunicación y posicionamiento de SAE desde un enfoque productivo, social y ambiental | D57: Promocionar en medios comunitarios, regionales, alternativos y digitales la información institucional dentro de los públicos de interés | E57: Comunicación y Atención de Requerimientos | F57: Comunicación Organizacional | G57: Oficina de Comunicaciones y Atención al Ciudadano | H57: SÍ | I57: Promoción de información institucional en medios alternativos y digitales | J57: Gestión | K57: Eficacia | L57: Programación anual | M57: (Campañas de promoción y pauta implementadas/ Campañas de promoción y pauta programadas)*100% | N57: Objetivo del indicador: medir la implementación de campañas de promoción y pauta de la SAE en medios alternativos y digitales. Numerador: corresponde al número de campañas de promoción y pauta implementadas por la Oficina de Comunicaciones y Atención al Ciudadano. Denominador corresponde al número de campañas programadas para la vigencia en medios digitales y alternativos. Para esta vigencia se tiene programado la implementación de 4 campañas de promoción y pauta. | O57: 4 | P57: Trimestral | Q57: 4 | R57: 4 | S57: =IFERROR(IF(L57="Programación anual", IF(COUNTIF(O57,"<=1")=1,(Q57/R57)*(100%/O57),Q57/R57), IF(COUNTIF(O57,"<=1")=1,(Q57/R57)*(100%/O57)*(T57/100%),(Q57/R57)*(T57/100%)))," ") -> 1 | T57: 1 | U57: =IFERROR(IF(S57=" "," ",IF(S57>=T57,1,S57/T57))," ") -> 1 | V57: Primer trimestre: 1. Se realizo pauta digital en redes sociales informando a la ciudadania sobre el proceso de gerentes y depositarios provisionales Segundo trimestre: Se realizó pauta en Cartagena sobre la Invasión del Mamonal. Tercer Semestre: Se realizó pauta para evento de cienaga de Oro y adjudicantes Cuarto Trimestre: Mercado campesino en Sampués | AF57: =IF(B57=Datos!$C$11, "Iniciativas_Objetivo1", IF(B57=Datos!$C$12, "Iniciativas_Objetivo2", IF(B57=Datos!$C$13, "Iniciativas_Objetivo3", IF(B57=Datos!$C$14, "Iniciativas_Objetivo4", IF(B57=Datos!$C$15, "Iniciativas_Objetivo5", IF(B57=Datos!$C$16, "Iniciativas_Objetivo6", IF(B57=Datos!$C$17, "Iniciativas_Objetivo7", IF(B57=Datos!$C$18, "Iniciativas_Objetivo8", IF(B57=Datos!$C$19, "Iniciativas_Objetivo9", IF(B57=Datos!$C$20, "Iniciativas_Objetivo10", IF(B57=Datos!$C$21, "Iniciativas_Objetivo11", IF(B57=Datos!$C$22, "Iniciativas_Objetivo12",IF(B57=Datos!$C$23, "Iniciativas_Objetivo13", " "))))))))))))) -> Iniciativas_Objetivo8
A58: Grupos de Interés | B58: 08. Posicionar a la SAE como una entidad líder en la administración transparente de activos a nivel local, nacional e internacional con enfoque social, ambiental y productivo | C58: Implementar estrategias de comunicación y posicionamiento de SAE desde un enfoque productivo, social y ambiental | D58: Realizar el cambio de imagen institucional de SAE | E58: Comunicación y Atención de Requerimientos | F58: Comunicación Organizacional | G58: Oficina de Comunicaciones y Atención al Ciudadano | H58: SÍ | I58: Cambio de Imagen Institucional | J58: Gestión | K58: Eficacia | L58: Programación anual | M58: (Actividades ejecutadas/ Actividades programadas para el cambio de imagen institucional)*100% | N58: Objetivo del indicador: medir el grado de avance de las actividades relacionadas con el cambio de imagen institucional de SAE. Numerador: corresponde a las actividades del plan de trabajo ejecutadas al 100%. Denominador: corresponde a las actividades programadas para el cambio de imagen institucional, como por ejemplo, cambios de logos, actualizaciones en página web institucional, entre otras. | O58: 1 | P58: Trimestral | Q58: 1 | R58: 1 | S58: =IFERROR(IF(L58="Programación anual", IF(COUNTIF(O58,"<=1")=1,(Q58/R58)*(100%/O58),Q58/R58), IF(COUNTIF(O58,"<=1")=1,(Q58/R58)*(100%/O58)*(T58/100%),(Q58/R58)*(T58/100%)))," ") -> 1 | T58: 1 | U58: =IFERROR(IF(S58=" "," ",IF(S58>=T58,1,S58/T58))," ") -> 1 | V58: Se realizo el nuevo diseño de logo de la Entidad y su socialización mediante el brandeo en la Entidad y los productos institucionales para reforzar la imagen. | AF58: =IF(B58=Datos!$C$11, "Iniciativas_Objetivo1", IF(B58=Datos!$C$12, "Iniciativas_Objetivo2", IF(B58=Datos!$C$13, "Iniciativas_Objetivo3", IF(B58=Datos!$C$14, "Iniciativas_Objetivo4", IF(B58=Datos!$C$15, "Iniciativas_Objetivo5", IF(B58=Datos!$C$16, "Iniciativas_Objetivo6", IF(B58=Datos!$C$17, "Iniciativas_Objetivo7", IF(B58=Datos!$C$18, "Iniciativas_Objetivo8", IF(B58=Datos!$C$19, "Iniciativas_Objetivo9", IF(B58=Datos!$C$20, "Iniciativas_Objetivo10", IF(B58=Datos!$C$21, "Iniciativas_Objetivo11", IF(B58=Datos!$C$22, "Iniciativas_Objetivo12",IF(B58=Datos!$C$23, "Iniciativas_Objetivo13", " "))))))))))))) -> Iniciativas_Objetivo8
